Workbook

Sheet Справка (2)
P1: Приложение
A3: Отчет о размещении информации о государственных (муниципальных) учреждениях на сайте bus.gov.ru
B6: (наименование исполнительного органа государственной власти Мурманской области/муниципального района Мурманской области/городского округа Мурманской области)
A7: за "___" квартал _____ года
B9: Количество учреждений: | D9: форма № 0503161
D10: сайт bus.gov.ru
B12: Итоговый показатель рейтинга ИОГВ/муниципального района/городского округа: | I12: =IFERROR(R76/I10*100,0) -> 0
A14: № п/п | B14: Наименование ИОГВ, муниципального образования | C14: Полное наименование учреждения | G14: Наличие изменений информации об учреждении в отчетном периоде (1-да/0-нет) | H14: Соответствие показателей структурированной информации об учреждении на сайте bus.gov.ru требованиям приказа Минфина России от 21.07.2011 N 86н (1-да/0-нет/2- учреждению государственное (муниципальное) задание не доводится и (или) учреждением услуги не оказываются) | R14: Рейтинг (bus.gov.ru) Ri
H15: Ro | I15: Общая информация об учреждении | J15: Rg | K15: Информация о гоcударственном (муниципальном) задании | L15: Rku | M15: Показатели качества услуг | N15: Rvu | O15: Показатели объема услуг | P15: Rhd | Q15: Информация о ПФХД или показателях бюджетной сметы
A16: 1 | B16: 2 | C16: 3 | G16: 4 | H16: 5 | I16: 5.1. | J16: 6 | K16: 6.1. | L16: 7 | M16: 7.1. | N16: 8 | O16: 8.1. | P16: 9 | Q16: 9.1. | R16: 10
A17: 1 | H17: 0.1 | I17: 1 | J17: 0.1 | K17: 1 | L17: 0.2 | M17: 1 | N17: 0.2 | O17: 1 | P17: 0.4 | Q17: 1 | R17: =IF(K17=2,H17*I17+J17+L17+N17+P17*Q17,H17*I17+J17*K17+IF(M17=2,L17,L17*M17)+IF(O17=2,N17,N17*O17)+P17*Q17) -> 1
A18: =A17+1 -> 2 | H18: 0.1 | I18: 0 | J18: 0.1 | K18: 1 | L18: 0.2 | M18: 1 | N18: 0.2 | O18: 1 | P18: 0.4 | Q18: 1 | R18: =IF(K18=2,H18*I18+J18+L18+N18+P18*Q18,H18*I18+J18*K18+IF(M18=2,L18,L18*M18)+IF(O18=2,N18,N18*O18)+P18*Q18) -> 0.9
A19: =A18+1 -> 3 | H19: 0.1 | I19: 0 | J19: 0.1 | K19: 0 | L19: 0.2 | M19: 1 | N19: 0.2 | O19: 1 | P19: 0.4 | Q19: 1 | R19: =IF(K19=2,H19*I19+J19+L19+N19+P19*Q19,H19*I19+J19*K19+IF(M19=2,L19,L19*M19)+IF(O19=2,N19,N19*O19)+P19*Q19) -> 0.8
A20: =A19+1 -> 4 | H20: 0.1 | I20: 0 | J20: 0.1 | K20: 0 | L20: 0.2 | M20: 0 | N20: 0.2 | O20: 1 | P20: 0.4 | Q20: 1 | R20: =IF(K20=2,H20*I20+J20+L20+N20+P20*Q20,H20*I20+J20*K20+IF(M20=2,L20,L20*M20)+IF(O20=2,N20,N20*O20)+P20*Q20) -> 0.6
A21: =A20+1 -> 5 | H21: 0.1 | I21: 0 | J21: 0.1 | K21: 0 | L21: 0.2 | M21: 0 | N21: 0.2 | O21: 0 | P21: 0.4 | Q21: 1 | R21: =IF(K21=2,H21*I21+J21+L21+N21+P21*Q21,H21*I21+J21*K21+IF(M21=2,L21,L21*M21)+IF(O21=2,N21,N21*O21)+P21*Q21) -> 0.4
A22: =A21+1 -> 6 | H22: 0.1 | I22: 0 | J22: 0.1 | K22: 0 | L22: 0.2 | M22: 0 | N22: 0.2 | O22: 0 | P22: 0.4 | Q22: 0 | R22: =IF(K22=2,H22*I22+J22+L22+N22+P22*Q22,H22*I22+J22*K22+IF(M22=2,L22,L22*M22)+IF(O22=2,N22,N22*O22)+P22*Q22) -> 0
A23: =A22+1 -> 7 | H23: 0.1 | I23: 1 | J23: 0.1 | K23: 0 | L23: 0.2 | M23: 0 | N23: 0.2 | O23: 0 | P23: 0.4 | Q23: 0 | R23: =IF(K23=2,H23*I23+J23+L23+N23+P23*Q23,H23*I23+J23*K23+IF(M23=2,L23,L23*M23)+IF(O23=2,N23,N23*O23)+P23*Q23) -> 0.1
A24: =A23+1 -> 8 | H24: 0.1 | I24: 1 | J24: 0.1 | K24: 0 | L24: 0.2 | M24: 0 | N24: 0.2 | O24: 0 | P24: 0.4 | Q24: 1 | R24: =IF(K24=2,H24*I24+J24+L24+N24+P24*Q24,H24*I24+J24*K24+IF(M24=2,L24,L24*M24)+IF(O24=2,N24,N24*O24)+P24*Q24) -> 0.5
A25: =A24+1 -> 9 | H25: 0.1 | I25: 1 | J25: 0.1 | K25: 0 | L25: 0.2 | M25: 0 | N25: 0.2 | O25: 1 | P25: 0.4 | Q25: 1 | R25: =IF(K25=2,H25*I25+J25+L25+N25+P25*Q25,H25*I25+J25*K25+IF(M25=2,L25,L25*M25)+IF(O25=2,N25,N25*O25)+P25*Q25) -> 0.7
A26: =A25+1 -> 10 | H26: 0.1 | I26: 1 | J26: 0.1 | K26: 0 | L26: 0.2 | M26: 1 | N26: 0.2 | O26: 1 | P26: 0.4 | Q26: 1 | R26: =IF(K26=2,H26*I26+J26+L26+N26+P26*Q26,H26*I26+J26*K26+IF(M26=2,L26,L26*M26)+IF(O26=2,N26,N26*O26)+P26*Q26) -> 0.9
A27: =A26+1 -> 11 | H27: 0.1 | I27: 1 | J27: 0.1 | K27: 2 | L27: 0.2 | M27: 2 | N27: 0.2 | O27: 2 | P27: 0.4 | Q27: 1 | R27: =IF(K27=2,H27*I27+J27+L27+N27+P27*Q27,H27*I27+J27*K27+IF(M27=2,L27,L27*M27)+IF(O27=2,N27,N27*O27)+P27*Q27) -> 1
A28: =A27+1 -> 12 | H28: 0.1 | I28: 1 | J28: 0.1 | K28: 2 | L28: 0.2 | M28: 2 | N28: 0.2 | O28: 2 | P28: 0.4 | Q28: 0 | R28: =IF(K28=2,H28*I28+J28+L28+N28+P28*Q28,H28*I28+J28*K28+IF(M28=2,L28,L28*M28)+IF(O28=2,N28,N28*O28)+P28*Q28) -> 0.6
A29: =A28+1 -> 13 | H29: 0.1 | I29: 1 | J29: 0.1 | K29: 1 | L29: 0.2 | M29: 2 | N29: 0.2 | O29: 2 | P29: 0.4 | Q29: 1 | R29: =IF(K29=2,H29*I29+J29+L29+N29+P29*Q29,H29*I29+J29*K29+IF(M29=2,L29,L29*M29)+IF(O29=2,N29,N29*O29)+P29*Q29) -> 1
A30: =A29+1 -> 14 | H30: 0.1 | I30: 1 | J30: 0.1 | K30: 1 | L30: 0.2 | M30: 2 | N30: 0.2 | O30: 2 | P30: 0.4 | Q30: 0 | R30: =IF(K30=2,H30*I30+J30+L30+N30+P30*Q30,H30*I30+J30*K30+IF(M30=2,L30,L30*M30)+IF(O30=2,N30,N30*O30)+P30*Q30) -> 0.6
A31: =A30+1 -> 15 | H31: 0.1 | J31: 0.1 | L31: 0.2 | N31: 0.2 | P31: 0.4 | R31: =IF(K31=2,H31*I31+J31+L31+N31+P31*Q31,H31*I31+J31*K31+IF(M31=2,L31,L31*M31)+IF(O31=2,N31,N31*O31)+P31*Q31) -> 0
A32: =A31+1 -> 16 | H32: 0.1 | J32: 0.1 | L32: 0.2 | N32: 0.2 | P32: 0.4 | R32: =IF(K32=2,H32*I32+J32+L32+N32+P32*Q32,H32*I32+J32*K32+IF(M32=2,L32,L32*M32)+IF(O32=2,N32,N32*O32)+P32*Q32) -> 0
A33: =A32+1 -> 17 | H33: 0.1 | J33: 0.1 | L33: 0.2 | N33: 0.2 | P33: 0.4 | R33: =IF(K33=2,H33*I33+J33+L33+N33+P33*Q33,H33*I33+J33*K33+IF(M33=2,L33,L33*M33)+IF(O33=2,N33,N33*O33)+P33*Q33) -> 0
A34: =A33+1 -> 18 | H34: 0.1 | J34: 0.1 | L34: 0.2 | N34: 0.2 | P34: 0.4 | R34: =IF(K34=2,H34*I34+J34+L34+N34+P34*Q34,H34*I34+J34*K34+IF(M34=2,L34,L34*M34)+IF(O34=2,N34,N34*O34)+P34*Q34) -> 0
A35: =A34+1 -> 19 | H35: 0.1 | J35: 0.1 | L35: 0.2 | N35: 0.2 | P35: 0.4 | R35: =IF(K35=2,H35*I35+J35+L35+N35+P35*Q35,H35*I35+J35*K35+IF(M35=2,L35,L35*M35)+IF(O35=2,N35,N35*O35)+P35*Q35) -> 0
A36: =A35+1 -> 20 | H36: 0.1 | J36: 0.1 | L36: 0.2 | N36: 0.2 | P36: 0.4 | R36: =IF(K36=2,H36*I36+J36+L36+N36+P36*Q36,H36*I36+J36*K36+IF(M36=2,L36,L36*M36)+IF(O36=2,N36,N36*O36)+P36*Q36) -> 0
A37: =A36+1 -> 21 | H37: 0.1 | J37: 0.1 | L37: 0.2 | N37: 0.2 | P37: 0.4 | R37: =IF(K37=2,H37*I37+J37+L37+N37+P37*Q37,H37*I37+J37*K37+IF(M37=2,L37,L37*M37)+IF(O37=2,N37,N37*O37)+P37*Q37) -> 0
A38: =A37+1 -> 22 | H38: 0.1 | J38: 0.1 | L38: 0.2 | N38: 0.2 | P38: 0.4 | R38: =IF(K38=2,H38*I38+J38+L38+N38+P38*Q38,H38*I38+J38*K38+IF(M38=2,L38,L38*M38)+IF(O38=2,N38,N38*O38)+P38*Q38) -> 0
A39: =A38+1 -> 23 | H39: 0.1 | J39: 0.1 | L39: 0.2 | N39: 0.2 | P39: 0.4 | R39: =IF(K39=2,H39*I39+J39+L39+N39+P39*Q39,H39*I39+J39*K39+IF(M39=2,L39,L39*M39)+IF(O39=2,N39,N39*O39)+P39*Q39) -> 0
A40: =A39+1 -> 24 | H40: 0.1 | J40: 0.1 | L40: 0.2 | N40: 0.2 | P40: 0.4 | R40: =IF(K40=2,H40*I40+J40+L40+N40+P40*Q40,H40*I40+J40*K40+IF(M40=2,L40,L40*M40)+IF(O40=2,N40,N40*O40)+P40*Q40) -> 0
A41: =A40+1 -> 25 | H41: 0.1 | J41: 0.1 | L41: 0.2 | N41: 0.2 | P41: 0.4 | R41: =IF(K41=2,H41*I41+J41+L41+N41+P41*Q41,H41*I41+J41*K41+IF(M41=2,L41,L41*M41)+IF(O41=2,N41,N41*O41)+P41*Q41) -> 0
A42: =A41+1 -> 26 | H42: 0.1 | J42: 0.1 | L42: 0.2 | N42: 0.2 | P42: 0.4 | R42: =IF(K42=2,H42*I42+J42+L42+N42+P42*Q42,H42*I42+J42*K42+IF(M42=2,L42,L42*M42)+IF(O42=2,N42,N42*O42)+P42*Q42) -> 0
... A75: =A74+1 -> 59 | H75: 0.1 | J75: 0.1 | L75: 0.2 | N75: 0.2 | P75: 0.4 | R75: =IF(K75=2,H75*I75+J75+L75+N75+P75*Q75,H75*I75+J75*K75+IF(M75=2,L75,L75*M75)+IF(O75=2,N75,N75*O75)+P75*Q75) -> 0
A76: х | B76: Сумма значений итоговых показателей рейтинга по учреждению | G76: х | H76: х | I76: х | J76: х | K76: х | L76: х | M76: х | N76: х | O76: х | P76: х | Q76: х | R76: =SUM(R17:R75) -> 9.1
B78: Руководитель ___________ / ФИО/

Sheet По учреждениям
G1: Приложение 1
E5: (наименование исполнительного органа государственной власти Мурманской области/муниципального района Мурманской области/городского округа Мурманской области)
B8: Количество учреждений: | D8: форма № 0503161
D10: сайт bus.gov.ru
A13: № | B13: Полное наименование учреждения | C13: Общая информация (сайт bus.gov.ru) | D13: Информация о госзадании (сайт bus.gov.ru) | E13: Показатели качества услуг (сайт bus.gov.ru) | F13: Показатели объема услуг (сайт bus.gov.ru) | G13: Информация о ПФХД или показателях бюджетной сметы (сайт bus.gov.ru) | H13: Рейтинг (сайт bus.gov.ru) | I13: Примечание
A15: 1 | B15: 2 | C15: 3 | D15: 4 | E15: 5 | F15: 6 | G15: 7 | H15: 8 | I15: 9
A25: Руководитель ___________ / ФИО/

Sheet Справка
O1: Приложение
F4: О размещении подведомственными учреждениями и (или) учреждениями, в отношении которых
C7: (наименование исполнительного органа государственной власти Мурманской области/муниципального района Мурманской области/городского округа Мурманской области)
A8: является учредителем, информации на сайте bus.gov.ru в соответствии с приказом Минфина РФ от 21.07.2011 N 86н «Об утверждении порядка предоставления информации государственным (муниципальным) учреждением, ее размещения на официальном сайте в сети Интернет и ведения указанного сайта»
J9: за "___" квартал _____ года
A11: Количество учреждений: | D11: форма № 0503161
D12: сайт bus.gov.ru
A14: Итоговый показатель рейтинга ИОГВ/муниципального района/городского округа: _____________
A16: Таблица заполняется в случае, если рейтинг ИОГВ/муниципального района/городского округа меньше 100% в разрезе учреждений, имеющих рейтинг (bus.gov.ru) меньше 1.
A18: Полное наименование учреждения | E18: Наличие актуальной информации об учреждении на сайте bus.gov.ru (если да - 1; если нет - 0); | I18: Соответствие показателей структурированной информации об учреждении на сайте bus.gov.ru требованиям приказа Минфина РФ от 21.07.2011 N 86н (если да - 1; если нет - 0) | M18: Рейтинг (bus.gov.ru) | N18: Пояснения причин отсутствия (несоответствия) информации об учреждении
I19: Информация о гозадании | J19: Показатели качества услуг | K19: Показатели объема услуг | L19: Информация о ПФХД или показателях бюджетной сметы
A20: 1 | E20: 2 | I20: 3 | M20: 4 | N20: 5
A27: Руководитель ___________ / ФИО/
A29: * | B29: итоговый показатель рейтинга ИОГВ/муниципального района/городского округа;
B30: итоговый показатель рейтинга | E30: го учреждения (сайт bus.gov.ru);
B31: общее количество государственных (муниципальных) учреждений ИОГВ/муниципального района/городского округа.

Sheet Лист3
A1: Наименование показателя | B1: Источник информации
A2: 1 | B2: 2
A3: I. Общая информация об учреждении
A4: 1. Полное наименование учреждения, обособленного структурного подразделения учреждения (далее - учреждение) | B4: Учредительные документы учреждения (Положение о филиале (представительстве) учреждения) (далее - учредительные документы)
A5: 2. Сокращенное наименование учреждения | B5: Учредительные документы
A6: 3. Основной государственный регистрационный номер (ОГРН) | B6: Свидетельство о государственной регистрации юридического лица
A7: 4. Наименование публично-правового образования, создавшего учреждение, и его коды по Общероссийскому классификатору объектов административно-территориального деления (ОКАТО) и (или) Общероссийскому классификатору территорий муниципальных образований (ОКТМО) | B7: Учредительные документы (информационное письмо органа государственной статистики)
A8: 5. Наименование органа государственной власти, государственного органа (органа местного самоуправления), осуществляющего функции и полномочия учредителя учреждения (далее - орган, осуществляющий функции и полномочия учредителя)* | B8: Учредительные документы
A9: 5.1. Полномочия органов, осуществляющих функции и полномочия учредителя**
A10: 6. Наименование главного распорядителя бюджетных средств | B10: Учредительные документы (правовой акт главного распорядителя бюджетных средств о формировании перечня подведомственных ему распорядителей и получателей бюджетных средств)
A11: 7. Код главы главного распорядителя бюджетных средств по бюджетной классификации | B11: Закон (решение) о бюджете
A12: 8. Наименование распорядителя бюджетных средств (при наличии) | B12: Учредительные документы (правовой акт главного распорядителя бюджетных средств о формировании перечня подведомственных ему распорядителей и получателей бюджетных средств)
A13: 9. Реквизиты правового акта органа, осуществляющего функции и полномочия учредителя, о назначении членов наблюдательного совета
A14: 9.1. Вид правового акта | B14: Документ, содержащий сведения о составе наблюдательного совета автономного учреждения (правовой акт органа, осуществляющего функции и полномочия учредителя, о назначении членов наблюдательного совета)
A15: 9.2. Наименование органа, осуществляющего функции и полномочия учредителя, принявшего решение о назначении членов наблюдательного совета | B15: Документ, содержащий сведения о составе наблюдательного совета автономного учреждения (правовой акт органа, осуществляющего функции и полномочия учредителя, о назначении членов наблюдательного совета)
A16: 9.3. Дата правового акта | B16: Документ, содержащий сведения о составе наблюдательного совета автономного учреждения (правовой акт органа, осуществляющего функции и полномочия учредителя, о назначении членов наблюдательного совета)
A17: 9.4. Номер правового акта | B17: Документ, содержащий сведения о составе наблюдательного совета автономного учреждения (правовой акт органа, осуществляющего функции и полномочия учредителя, о назначении членов наблюдательного совета)
A18: 9.5. Наименование правового акта | B18: Документ, содержащий сведения о составе наблюдательного совета автономного учреждения (правовой акт органа, осуществляющего функции и полномочия учредителя, о назначении членов наблюдательного совета)
A19: 10. Сведения о руководителе учреждения
A20: 10.1. Фамилия | B20: Решение учредителя о назначении руководителя учреждения
A21: 10.2. Имя | B21: Решение учредителя о назначении руководителя учреждения
A22: 10.3. Отчество | B22: Решение учредителя о назначении руководителя учреждения
A23: 10.4. Наименование должности | B23: Решение учредителя о назначении руководителя учреждения
A24: 11. Сокращенные наименования обособленных структурных подразделений (показатель формируется учреждением, создавшим обособленные структурные подразделения) | B24: Учредительные документы
A25: 12. Наименование учреждения, создавшего обособленное структурное подразделение (показатель формируется обособленным структурным подразделением) | B25: Положение о филиале (представительстве) учреждения
A26: 13. Тип учреждения | B26: Учредительные документы
A27: 14. Вид учреждения (при наличии) | B27: Учредительные документы
A28: 15. Коды и наименования основных видов деятельности учреждения по Общероссийскому классификатору видов экономической деятельности (ОКВЭД) в соответствии с учредительными документами учреждения | B28: Учредительные документы (информационное письмо органа государственной статистики)
A29: 16. Коды и наименования иных видов деятельности учреждения, не являющихся основными, по ОКВЭД в соответствии с учредительными документами учреждения | B29: Учредительные документы (информационное письмо органа государственной статистики)
A30: 17. Код и наименование административно-территориального образования по месту регистрации учреждения по ОКАТО | B30: Учредительные документы (информационное письмо органа государственной статистики)
A31: 18. Код и наименование муниципального образования по месту регистрации учреждения поОКТМО | B31: Учредительные документы (информационное письмо органа государственной статистики)
... A34: 21. Код учреждения по Общероссийскому классификатору предприятий и организаций (ОКПО) | B34: Учредительные документы (информационное письмо органа государственной статистики)
A35: 22. Сведения о фактическом адресе учреждения и кодах по Классификатору адресов Российской Федерации (КЛАДР) в соответствии с учредительными документами
A36: 22.1. Наименование и код субъекта Российской Федерации | B36: Учредительные документы
A37: 22.2. Наименование и код района | B37: Учредительные документы
A38: 22.3. Наименование и код города | B38: Учредительные документы
A39: 22.4. Наименование и код населенного пункта | B39: Учредительные документы
A40: 22.5. Наименование и код улицы | B40: Учредительные документы
A41: 22.6. Номер дома | B41: Учредительные документы
A42: 22.7. Номер офиса (квартиры) | B42: Учредительные документы
A43: 22.8. Почтовый индекс | B43: Учредительные документы
A44: 23. Сайт учреждения (при наличии)
A45: 24. Контактный телефон
A46: 25. Адрес электронной почты (при наличии)
A47: II. Информация о государственном (муниципальном) задании на оказание услуг (выполнение работ) и его исполнении
A48: 26. Сведения о финансовом периоде, на который установлено государственное (муниципальное) задание
A49: 26.1. Текущий финансовый год | B49: Государственное (муниципальное) задание на оказание услуг (выполнение работ)
A50: 26.2. Очередной финансовый год | B50: Государственное (муниципальное) задание на оказание услуг (выполнение работ)
A51: 26.3. Первый год планового периода | B51: Государственное (муниципальное) задание на оказание услуг (выполнение работ)
A52: 26.4. Второй год планового периода | B52: Государственное (муниципальное) задание на оказание услуг (выполнение работ)
A53: 27. Сведения о государственных (муниципальных) услугах (далее - услуги)
A54: 27.1. Порядковый номер раздела, соответствующий услуге | B54: Государственное (муниципальное) задание на оказание услуг (выполнение работ)
A55: 27.2. Наименование услуги, указанной в данном разделе | B55: Государственное (муниципальное) задание на оказание услуг (выполнение работ)
A56: 27.3. Категории потребителей услуги | B56: Государственное (муниципальное) задание на оказание услуг (выполнение работ)
A57: 28. Показатели, характеризующие качество услуги (при наличии)
A58: 28.1. Наименование показателя качества услуги (при наличии) | B58: Государственное (муниципальное) задание на оказание услуг (выполнение работ)
A59: 28.2. Наименование единицы измерения показателя качества услуги (при наличии) | B59: Государственное (муниципальное) задание на оказание услуг (выполнение работ)
A60: 28.3. Значение показателя качества услуги за отчетный финансовый год (предшествующий году, на который установлено государственное (муниципальное) задание) (при наличии) | B60: Государственное (муниципальное) задание на оказание услуг (выполнение работ)
A61: 28.4. Значение показателя качества услуги на текущий финансовый год (при наличии) | B61: Государственное (муниципальное) задание на оказание услуг (выполнение работ)
A62: 28.5. Значение показателя качества услуги на очередной финансовый год (при наличии) | B62: Государственное (муниципальное) задание на оказание услуг (выполнение работ)
A63: 28.6. Значение показателя качества услуги на первый год планового периода (при наличии) | B63: Государственное (муниципальное) задание на оказание услуг (выполнение работ)
A64: 28.7. Значение показателя качества услуги на второй год планового периода (при наличии) | B64: Государственное (муниципальное) задание на оказание услуг (выполнение работ)
A65: 28.8. Фактическое значение показателя качества услуги за финансовый год, на который установлено государственное (муниципальное) задание (при наличии) | B65: Государственное (муниципальное) задание на оказание услуг (выполнение работ) (Отчет об исполнении государственного (муниципального) задания)
A66: 28.9. Причины отклонения от запланированного значения показателя качества услуги (при наличии) | B66: Государственное (муниципальное) задание на оказание услуг (выполнение работ) (Отчет об исполнении государственного (муниципального) задания)
A67: 29. Показатели объема услуги
A68: 29.1. Наименование показателя объема услуги | B68: Государственное (муниципальное) задание на оказание услуг (выполнение работ)
A69: 29.2. Наименование единицы измерения показателя объема услуги | B69: Государственное (муниципальное) задание на оказание услуг (выполнение работ)
A70: 29.3. Значение показателя объема услуги за отчетный финансовый год (предшествующий году, на который установлено государственное (муниципальное) задание) | B70: Государственное (муниципальное) задание на оказание услуг (выполнение работ)
A71: 29.4. Значение показателя объема услуги на текущий финансовый год | B71: Государственное (муниципальное) задание на оказание услуг (выполнение работ)
A72: 29.5. Значение показателя объема услуги на очередной финансовый год | B72: Государственное (муниципальное) задание на оказание услуг (выполнение работ)
A73: 29.6. Значение показателя объема услуги на первый год планового периода | B73: Государственное (муниципальное) задание на оказание услуг (выполнение работ)
A74: 29.7. Значение показателя объема услуги на второй год планового периода | B74: Государственное (муниципальное) задание на оказание услуг (выполнение работ)
A75: 29.8. Фактическое значение показателя объема услуги за финансовый год, на который установлено государственное задание | B75: Государственное (муниципальное) задание на оказание услуг (выполнение работ) (Отчет об исполнении государственного (муниципального) задания)
A76: 29.9. Причины отклонения от запланированного значения показателя объема услуги | B76: Государственное (муниципальное) задание на оказание услуг (выполнение работ) (Отчет об исполнении государственного (муниципального) задания)
A77: 30. Возможность взимания платы за услугу в рамках государственного (муниципального) задания (при наличии) | B77: Государственное (муниципальное) задание на оказание услуг (выполнение работ)
A78: 30.1. Средневзвешенная цена за единицу услуги (руб) (при наличии) | B78: Государственное (муниципальное) задание на оказание услуг (выполнение работ) (Расчетный показатель (отношение общей суммы средств, планируемых к получению от потребителя за услуги, оказанные на платной основе в рамках государственного (муниципального) задания, к годовому значению показателя объема услуги)
A79: 30.2. Сведения о нормативных правовых актах, устанавливающих цены (тарифы) на услугу либо порядок их установления | B79: Государственное (муниципальное) задание на оказание услуг (выполнение работ)
... A84: 30.2.5. Наименование нормативного правового акта | B84: Государственное (муниципальное) задание на оказание услуг (выполнение работ)
A85: 31. Сведения о работах
A86: 31.1. Порядковый номер раздела, соответствующий работе | B86: Государственное (муниципальное) задание на оказание услуг (выполнение работ)
A87: 31.2. Наименование работы, указанной в данном разделе | B87: Государственное (муниципальное) задание на оказание услуг (выполнение работ)
A88: III. Информация о плане финансово-хозяйственной деятельности
A89: 32. Сведения о финансовом периоде, на который формируется план финансово-хозяйственной деятельности учреждения
A90: 32.1. Финансовый год, на который утверждается план финансово-хозяйственной деятельности учреждения | B90: План финансово-хозяйственной деятельности учреждения
A91: 32.2. Первый год планового периода | B91: План финансово-хозяйственной деятельности учреждения
A92: 32.3. Второй год планового периода | B92: План финансово-хозяйственной деятельности учреждения
A93: 33. Сведения о нефинансовых активах (руб)
A94: 33.1. Сумма балансовой стоимости нефинансовых активов, всего, | B94: План финансово-хозяйственной деятельности учреждения
A95: из них:
A96: 33.2. недвижимого имущества | B96: План финансово-хозяйственной деятельности учреждения
A97: 33.3. особо ценного движимого имущества | B97: План финансово-хозяйственной деятельности учреждения
A98: 34. Сведения о финансовых активах (руб)
A99: 34.1. Общая сумма финансовых активов, из них: | B99: План финансово-хозяйственной деятельности учреждения
A100: 34.2. Сумма дебиторской задолженности по доходам | B100: План финансово-хозяйственной деятельности учреждения
A101: 34.3. Сумма дебиторской задолженности по расходам | B101: План финансово-хозяйственной деятельности учреждения
A102: 35. Сведения об обязательствах (руб)
A103: 35.1. Общая сумма обязательств, из них: | B103: План финансово-хозяйственной деятельности учреждения
A104: 35.2. Сумма просроченной кредиторской задолженности | B104: План финансово-хозяйственной деятельности учреждения
A105: 36. Сведения о планируемых суммах поступлений (руб)
A106: 36.1. Планируемая сумма поступлений, всего, из них: | B106: План финансово-хозяйственной деятельности учреждения
...

Sheet Лист1
P1: Приложение
A3: Отчет о размещении информации о государственных (муниципальных) учреждениях на сайте bus.gov.ru
B6: (наименование исполнительного органа государственной власти Мурманской области/муниципального района Мурманской области/городского округа Мурманской области)
A7: за "___" квартал _____ года
B9: Количество учреждений: | D9: форма № 0503161
D10: сайт bus.gov.ru
B12: Итоговый показатель рейтинга ИОГВ/муниципального района/городского округа: | I12: =IFERROR(R76/I10*100,0) -> 0
A14: № п/п | B14: Наименование ИОГВ, муниципального образования | C14: Полное наименование учреждения | G14: Наличие изменений информации об учреждении в отчетном периоде (1-да/0-нет) | H14: Соответствие показателей структурированной информации об учреждении на сайте bus.gov.ru требованиям приказа Минфина России от 21.07.2011 N 86н (1-да/0-нет/2- учреждению государственное (муниципальное) задание не доводится и (или) учреждением услуги не оказываются) | R14: Рейтинг (bus.gov.ru) Ri
H15: Ro | I15: Общая информация об учреждении | J15: Rg | K15: Информация о гоcударственном (муниципальном) задании | L15: Rku | M15: Показатели качества услуг | N15: Rvu | O15: Показатели объема услуг | P15: Rhd | Q15: Информация о ПФХД или показателях бюджетной сметы
A16: 1 | B16: 2 | C16: 3 | G16: 4 | H16: 5 | I16: 5.1. | J16: 6 | K16: 6.1. | L16: 7 | M16: 7.1. | N16: 8 | O16: 8.1. | P16: 9 | Q16: 9.1. | R16: 10
A17: 1 | H17: 0.1 | I17: 1 | J17: 0.1 | K17: 1 | L17: 0.2 | M17: 1 | N17: 0.2 | O17: 1 | P17: 0.4 | Q17: 1 | R17: =IF(K17=2,H17*I17+J17+L17+N17+P17*Q17,H17*I17+J17*K17+IF(M17=2,L17,L17*M17)+IF(O17=2,N17,N17*O17)+P17*Q17) -> 1
A18: =A17+1 -> 2 | H18: 0.1 | I18: 0 | J18: 0.1 | K18: 1 | L18: 0.2 | M18: 1 | N18: 0.2 | O18: 1 | P18: 0.4 | Q18: 1 | R18: =IF(K18=2,H18*I18+J18+L18+N18+P18*Q18,H18*I18+J18*K18+IF(M18=2,L18,L18*M18)+IF(O18=2,N18,N18*O18)+P18*Q18) -> 0.9
A19: =A18+1 -> 3 | H19: 0.1 | I19: 0 | J19: 0.1 | K19: 0 | L19: 0.2 | M19: 1 | N19: 0.2 | O19: 1 | P19: 0.4 | Q19: 1 | R19: =IF(K19=2,H19*I19+J19+L19+N19+P19*Q19,H19*I19+J19*K19+IF(M19=2,L19,L19*M19)+IF(O19=2,N19,N19*O19)+P19*Q19) -> 0.8
A20: =A19+1 -> 4 | H20: 0.1 | I20: 0 | J20: 0.1 | K20: 0 | L20: 0.2 | M20: 0 | N20: 0.2 | O20: 1 | P20: 0.4 | Q20: 1 | R20: =IF(K20=2,H20*I20+J20+L20+N20+P20*Q20,H20*I20+J20*K20+IF(M20=2,L20,L20*M20)+IF(O20=2,N20,N20*O20)+P20*Q20) -> 0.6
A21: =A20+1 -> 5 | H21: 0.1 | I21: 0 | J21: 0.1 | K21: 0 | L21: 0.2 | M21: 0 | N21: 0.2 | O21: 0 | P21: 0.4 | Q21: 1 | R21: =IF(K21=2,H21*I21+J21+L21+N21+P21*Q21,H21*I21+J21*K21+IF(M21=2,L21,L21*M21)+IF(O21=2,N21,N21*O21)+P21*Q21) -> 0.4
A22: =A21+1 -> 6 | H22: 0.1 | I22: 0 | J22: 0.1 | K22: 0 | L22: 0.2 | M22: 0 | N22: 0.2 | O22: 0 | P22: 0.4 | Q22: 0 | R22: =IF(K22=2,H22*I22+J22+L22+N22+P22*Q22,H22*I22+J22*K22+IF(M22=2,L22,L22*M22)+IF(O22=2,N22,N22*O22)+P22*Q22) -> 0
A23: =A22+1 -> 7 | H23: 0.1 | I23: 1 | J23: 0.1 | K23: 0 | L23: 0.2 | M23: 0 | N23: 0.2 | O23: 0 | P23: 0.4 | Q23: 0 | R23: =IF(K23=2,H23*I23+J23+L23+N23+P23*Q23,H23*I23+J23*K23+IF(M23=2,L23,L23*M23)+IF(O23=2,N23,N23*O23)+P23*Q23) -> 0.1
A24: =A23+1 -> 8 | H24: 0.1 | I24: 1 | J24: 0.1 | K24: 0 | L24: 0.2 | M24: 0 | N24: 0.2 | O24: 0 | P24: 0.4 | Q24: 1 | R24: =IF(K24=2,H24*I24+J24+L24+N24+P24*Q24,H24*I24+J24*K24+IF(M24=2,L24,L24*M24)+IF(O24=2,N24,N24*O24)+P24*Q24) -> 0.5
A25: =A24+1 -> 9 | H25: 0.1 | I25: 1 | J25: 0.1 | K25: 0 | L25: 0.2 | M25: 0 | N25: 0.2 | O25: 1 | P25: 0.4 | Q25: 1 | R25: =IF(K25=2,H25*I25+J25+L25+N25+P25*Q25,H25*I25+J25*K25+IF(M25=2,L25,L25*M25)+IF(O25=2,N25,N25*O25)+P25*Q25) -> 0.7
A26: =A25+1 -> 10 | H26: 0.1 | I26: 1 | J26: 0.1 | K26: 0 | L26: 0.2 | M26: 1 | N26: 0.2 | O26: 1 | P26: 0.4 | Q26: 1 | R26: =IF(K26=2,H26*I26+J26+L26+N26+P26*Q26,H26*I26+J26*K26+IF(M26=2,L26,L26*M26)+IF(O26=2,N26,N26*O26)+P26*Q26) -> 0.9
A27: =A26+1 -> 11 | H27: 0.1 | I27: 1 | J27: 0.1 | K27: 2 | L27: 0.2 | M27: 2 | N27: 0.2 | O27: 2 | P27: 0.4 | Q27: 1 | R27: =IF(K27=2,H27*I27+J27+L27+N27+P27*Q27,H27*I27+J27*K27+IF(M27=2,L27,L27*M27)+IF(O27=2,N27,N27*O27)+P27*Q27) -> 1
A28: =A27+1 -> 12 | H28: 0.1 | I28: 1 | J28: 0.1 | K28: 2 | L28: 0.2 | M28: 2 | N28: 0.2 | O28: 2 | P28: 0.4 | Q28: 0 | R28: =IF(K28=2,H28*I28+J28+L28+N28+P28*Q28,H28*I28+J28*K28+IF(M28=2,L28,L28*M28)+IF(O28=2,N28,N28*O28)+P28*Q28) -> 0.6
A29: =A28+1 -> 13 | H29: 0.1 | I29: 1 | J29: 0.1 | K29: 1 | L29: 0.2 | M29: 2 | N29: 0.2 | O29: 2 | P29: 0.4 | Q29: 1 | R29: =IF(K29=2,H29*I29+J29+L29+N29+P29*Q29,H29*I29+J29*K29+IF(M29=2,L29,L29*M29)+IF(O29=2,N29,N29*O29)+P29*Q29) -> 1
A30: =A29+1 -> 14 | H30: 0.1 | I30: 1 | J30: 0.1 | K30: 1 | L30: 0.2 | M30: 2 | N30: 0.2 | O30: 2 | P30: 0.4 | Q30: 0 | R30: =IF(K30=2,H30*I30+J30+L30+N30+P30*Q30,H30*I30+J30*K30+IF(M30=2,L30,L30*M30)+IF(O30=2,N30,N30*O30)+P30*Q30) -> 0.6
A31: =A30+1 -> 15 | H31: 0.1 | J31: 0.1 | L31: 0.2 | N31: 0.2 | P31: 0.4 | R31: =IF(K31=2,H31*I31+J31+L31+N31+P31*Q31,H31*I31+J31*K31+IF(M31=2,L31,L31*M31)+IF(O31=2,N31,N31*O31)+P31*Q31) -> 0
A32: =A31+1 -> 16 | H32: 0.1 | J32: 0.1 | L32: 0.2 | N32: 0.2 | P32: 0.4 | R32: =IF(K32=2,H32*I32+J32+L32+N32+P32*Q32,H32*I32+J32*K32+IF(M32=2,L32,L32*M32)+IF(O32=2,N32,N32*O32)+P32*Q32) -> 0
A33: =A32+1 -> 17 | H33: 0.1 | J33: 0.1 | L33: 0.2 | N33: 0.2 | P33: 0.4 | R33: =IF(K33=2,H33*I33+J33+L33+N33+P33*Q33,H33*I33+J33*K33+IF(M33=2,L33,L33*M33)+IF(O33=2,N33,N33*O33)+P33*Q33) -> 0
A34: =A33+1 -> 18 | H34: 0.1 | J34: 0.1 | L34: 0.2 | N34: 0.2 | P34: 0.4 | R34: =IF(K34=2,H34*I34+J34+L34+N34+P34*Q34,H34*I34+J34*K34+IF(M34=2,L34,L34*M34)+IF(O34=2,N34,N34*O34)+P34*Q34) -> 0
A35: =A34+1 -> 19 | H35: 0.1 | J35: 0.1 | L35: 0.2 | N35: 0.2 | P35: 0.4 | R35: =IF(K35=2,H35*I35+J35+L35+N35+P35*Q35,H35*I35+J35*K35+IF(M35=2,L35,L35*M35)+IF(O35=2,N35,N35*O35)+P35*Q35) -> 0
A36: =A35+1 -> 20 | H36: 0.1 | J36: 0.1 | L36: 0.2 | N36: 0.2 | P36: 0.4 | R36: =IF(K36=2,H36*I36+J36+L36+N36+P36*Q36,H36*I36+J36*K36+IF(M36=2,L36,L36*M36)+IF(O36=2,N36,N36*O36)+P36*Q36) -> 0
A37: =A36+1 -> 21 | H37: 0.1 | J37: 0.1 | L37: 0.2 | N37: 0.2 | P37: 0.4 | R37: =IF(K37=2,H37*I37+J37+L37+N37+P37*Q37,H37*I37+J37*K37+IF(M37=2,L37,L37*M37)+IF(O37=2,N37,N37*O37)+P37*Q37) -> 0
A38: =A37+1 -> 22 | H38: 0.1 | J38: 0.1 | L38: 0.2 | N38: 0.2 | P38: 0.4 | R38: =IF(K38=2,H38*I38+J38+L38+N38+P38*Q38,H38*I38+J38*K38+IF(M38=2,L38,L38*M38)+IF(O38=2,N38,N38*O38)+P38*Q38) -> 0
A39: =A38+1 -> 23 | H39: 0.1 | J39: 0.1 | L39: 0.2 | N39: 0.2 | P39: 0.4 | R39: =IF(K39=2,H39*I39+J39+L39+N39+P39*Q39,H39*I39+J39*K39+IF(M39=2,L39,L39*M39)+IF(O39=2,N39,N39*O39)+P39*Q39) -> 0
A40: =A39+1 -> 24 | H40: 0.1 | J40: 0.1 | L40: 0.2 | N40: 0.2 | P40: 0.4 | R40: =IF(K40=2,H40*I40+J40+L40+N40+P40*Q40,H40*I40+J40*K40+IF(M40=2,L40,L40*M40)+IF(O40=2,N40,N40*O40)+P40*Q40) -> 0
A41: =A40+1 -> 25 | H41: 0.1 | J41: 0.1 | L41: 0.2 | N41: 0.2 | P41: 0.4 | R41: =IF(K41=2,H41*I41+J41+L41+N41+P41*Q41,H41*I41+J41*K41+IF(M41=2,L41,L41*M41)+IF(O41=2,N41,N41*O41)+P41*Q41) -> 0
A42: =A41+1 -> 26 | H42: 0.1 | J42: 0.1 | L42: 0.2 | N42: 0.2 | P42: 0.4 | R42: =IF(K42=2,H42*I42+J42+L42+N42+P42*Q42,H42*I42+J42*K42+IF(M42=2,L42,L42*M42)+IF(O42=2,N42,N42*O42)+P42*Q42) -> 0
... A75: =A74+1 -> 59 | H75: 0.1 | J75: 0.1 | L75: 0.2 | N75: 0.2 | P75: 0.4 | R75: =IF(K75=2,H75*I75+J75+L75+N75+P75*Q75,H75*I75+J75*K75+IF(M75=2,L75,L75*M75)+IF(O75=2,N75,N75*O75)+P75*Q75) -> 0
A76: х | B76: Сумма значений итоговых показателей рейтинга по учреждению | G76: х | H76: х | I76: х | J76: х | K76: х | L76: х | M76: х | N76: х | O76: х | P76: х | Q76: х | R76: =SUM(R17:R75) -> 9.1
B78: Руководитель ___________ / ФИО/

Sheet Свод
O1: Приложение
A3: Отчет о размещении информации о государственных (муниципальных) учреждениях на сайте www.bus.gov.ru
A5: Администрация ЗАТО город Заозерск Мурманской области
B6: (наименование исполнительного органа государственной власти Мурманской области/муниципального района Мурманской области/городского округа Мурманской области)
A7: за "3" квартал 2020 года
B9: Количество учреждений: | D9: форма № 0503161 | H9: 16
D10: сайт bus.gov.ru | H10: 16
B12: Итоговый показатель рейтинга ИОГВ, ОМСУ: | H12: =IFERROR(U318/H10,0) -> 1
A14: № п/п | B14: Наименование ИОГВ, муниципального образования | C14: Полное наименование учреждения | G14: Соответствие показателей структурированной информации об учреждении на сайте bus.gov.ru требованиям приказа Минфина России от 21.07.2011 N 86н | U14: Рейтинг по учреждению Ri
G15: R max = 0,15 | I15: R max = 0,2 | K15: R max = 0,3 | M15: R max = 0,15 | O15: R max = 0,05 | Q15: R max = 0,1 | S15: R max = 0,05
G16: RI fact | H16: Общая информация об учреждении | I16: RII fact | J16: Информация о гоcударственном (муниципальном) задании | K16: RIII fact | L16: Информация о ПФХД или показателях бюджетной сметы | M16: RIV fact | N16: Информация о результатах деятельности и об использовании имущества | O16: RV fact | P16: Сведения о проведенных в отношении государственного (муниципального) учреждения контрольных мероприятиях и их результатах | Q16: RVI fact | R16: Информация о годовой бухгалтерской отчетности учреждения, сформированной в соответствии с требованиями к форматам предоставления годовой бухгалтерской отчетности в структурированном виде, установленными Федеральным казначейством | S16: RVII fact | T16: Иная информация об учреждении
A17: 1 | B17: 2 | C17: 3 | G17: 4 | I17: 5 | K17: 6 | M17: 7 | O17: 8 | Q17: 9 | S17: 10 | U17: 11
A18: 1 | B18: ='Таблица 1'!B8 -> Администрация ЗАТО город Заозерск | C18: ='Таблица 1'!C8 -> Муниципальное казенное учреждение "Многофункциональный центр предоставления государственных и муниципальных услуг ЗАТО город Заозерск" | G18: ='Таблица 1'!AE8 -> 0.15 | I18: ='Таблица 2'!L8 -> 0.2 | K18: ='Таблица 3.2'!J8 -> 0.3 | M18: ='Таблица 4'!X8 -> 0.15 | O18: ='Таблица 5'!K8 -> 0.05 | Q18: ='Таблица 6'!H8 -> 0.1 | S18: ='Таблица 7'!J8 -> 0.05 | U18: =SUM(G18:T18) -> 1
A19: =A18+1 -> 2 | B19: ='Таблица 1'!B9 -> Администрация ЗАТО город Заозерск | C19: ='Таблица 1'!C9 -> Муниципальное казенное учреждение "Центр по ГО и ЧС ЗАТО город Зоазерск" | G19: ='Таблица 1'!AE9 -> 0.15 | I19: ='Таблица 2'!L9 -> 0.2 | K19: ='Таблица 3.2'!J9 -> 0.3 | M19: ='Таблица 4'!X9 -> 0.15 | O19: ='Таблица 5'!K9 -> 0.05 | Q19: ='Таблица 6'!H9 -> 0.1 | S19: ='Таблица 7'!J9 -> 0.05 | U19: =SUM(G19:T19) -> 1
A20: =A19+1 -> 3 | B20: ='Таблица 1'!B10 -> Администрация ЗАТО город Заозерск | C20: ='Таблица 1'!C10 -> Муниципальное общеобразовательное учреждение "Средняя общеобразовательная школа № 289 с углубленным изучением отдельных предметов" | G20: ='Таблица 1'!AE10 -> 0.15 | I20: ='Таблица 2'!L10 -> 0.2 | K20: ='Таблица 3.2'!J10 -> 0.3 | M20: ='Таблица 4'!X10 -> 0.15 | O20: ='Таблица 5'!K10 -> 0.05 | Q20: ='Таблица 6'!H10 -> 0.1 | S20: ='Таблица 7'!J10 -> 0.05 | U20: =SUM(G20:T20) -> 1
A21: =A20+1 -> 4 | B21: ='Таблица 1'!B11 -> Администрация ЗАТО город Заозерск | C21: ='Таблица 1'!C11 -> Муниципальное учреждение "Заозерский комитет по телерадиовещанию и печати" | G21: ='Таблица 1'!AE11 -> 0.15 | I21: ='Таблица 2'!L11 -> 0.2 | K21: ='Таблица 3.2'!J11 -> 0.3 | M21: ='Таблица 4'!X11 -> 0.15 | O21: ='Таблица 5'!K11 -> 0.05 | Q21: ='Таблица 6'!H11 -> 0.1 | S21: ='Таблица 7'!J11 -> 0.05 | U21: =SUM(G21:T21) -> 1
A22: =A21+1 -> 5 | B22: ='Таблица 1'!B12 -> Администрация ЗАТО город Заозерск | C22: ='Таблица 1'!C12 -> Муниципальное учреждения дополнительного образования детей Детская музыкальная школа г. Заозерск | G22: ='Таблица 1'!AE12 -> 0.15 | I22: ='Таблица 2'!L12 -> 0.2 | K22: ='Таблица 3.2'!J12 -> 0.3 | M22: ='Таблица 4'!X12 -> 0.15 | O22: ='Таблица 5'!K12 -> 0.05 | Q22: ='Таблица 6'!H12 -> 0.1 | S22: ='Таблица 7'!J12 -> 0.05 | U22: =SUM(G22:T22) -> 1
A23: =A22+1 -> 6 | B23: ='Таблица 1'!B13 -> Администрация ЗАТО город Заозерск | C23: ='Таблица 1'!C13 -> Муниципальное общеобразовательное учреждение "Основная общеобразовательная школа №288 с углубленным изучением отдельных предметов имени Героя Советского Союза Л.Г. Осипенко" | G23: ='Таблица 1'!AE13 -> 0.15 | I23: ='Таблица 2'!L13 -> 0.2 | K23: ='Таблица 3.2'!J13 -> 0.3 | M23: ='Таблица 4'!X13 -> 0.15 | O23: ='Таблица 5'!K13 -> 0.05 | Q23: ='Таблица 6'!H13 -> 0.1 | S23: ='Таблица 7'!J13 -> 0.05 | U23: =SUM(G23:T23) -> 1
A24: =A23+1 -> 7 | B24: ='Таблица 1'!B14 -> Администрация ЗАТО город Заозерск | C24: ='Таблица 1'!C14 -> Муниципальное учреждение культуры ЗАТО город Заозерск "Центр культуры и библиотечного обслуживания" | G24: ='Таблица 1'!AE14 -> 0.15 | I24: ='Таблица 2'!L14 -> 0.2 | K24: ='Таблица 3.2'!J14 -> 0.3 | M24: ='Таблица 4'!X14 -> 0.15 | O24: ='Таблица 5'!K14 -> 0.05 | Q24: ='Таблица 6'!H14 -> 0.1 | S24: ='Таблица 7'!J14 -> 0.05 | U24: =SUM(G24:T24) -> 1
A25: =A24+1 -> 8 | B25: ='Таблица 1'!B15 -> Администрация ЗАТО город Заозерск | C25: ='Таблица 1'!C15 -> Муниципальное бюджетное образовательное учреждение дополнительного образования детей "Детско-юношеская спортивная школа" | G25: ='Таблица 1'!AE15 -> 0.15 | I25: ='Таблица 2'!L15 -> 0.2 | K25: ='Таблица 3.2'!J15 -> 0.3 | M25: ='Таблица 4'!X15 -> 0.15 | O25: ='Таблица 5'!K15 -> 0.05 | Q25: ='Таблица 6'!H15 -> 0.1 | S25: ='Таблица 7'!J15 -> 0.05 | U25: =SUM(G25:T25) -> 1
A26: =A25+1 -> 9 | B26: ='Таблица 1'!B16 -> Администрация ЗАТО город Заозерск | C26: ='Таблица 1'!C16 -> Муниципальное дошкольное образовательное учреждение детский сад комбинированного вида № 2 "Радуга" | G26: ='Таблица 1'!AE16 -> 0.15 | I26: ='Таблица 2'!L16 -> 0.2 | K26: ='Таблица 3.2'!J16 -> 0.3 | M26: ='Таблица 4'!X16 -> 0.15 | O26: ='Таблица 5'!K16 -> 0.05 | Q26: ='Таблица 6'!H16 -> 0.1 | S26: ='Таблица 7'!J16 -> 0.05 | U26: =SUM(G26:T26) -> 1
A27: =A26+1 -> 10 | B27: ='Таблица 1'!B17 -> Администрация ЗАТО город Заозерск | C27: ='Таблица 1'!C17 -> Муниципальное казенное учреждение "Центр ресурсного и бухгалтерского обслуживания" | G27: ='Таблица 1'!AE17 -> 0.15 | I27: ='Таблица 2'!L17 -> 0.2 | K27: ='Таблица 3.2'!J17 -> 0.3 | M27: ='Таблица 4'!X17 -> 0.15 | O27: ='Таблица 5'!K17 -> 0.05 | Q27: ='Таблица 6'!H17 -> 0.1 | S27: ='Таблица 7'!J17 -> 0.05 | U27: =SUM(G27:T27) -> 1
A28: =A27+1 -> 11 | B28: ='Таблица 1'!B18 -> Администрация ЗАТО город Заозерск | C28: ='Таблица 1'!C18 -> Муниципальное дошкольное образовательное учреждение детский сад комбинированного вида № 4 "Сказка" | G28: ='Таблица 1'!AE18 -> 0.15 | I28: ='Таблица 2'!L18 -> 0.2 | K28: ='Таблица 3.2'!J18 -> 0.3 | M28: ='Таблица 4'!X18 -> 0.15 | O28: ='Таблица 5'!K18 -> 0.05 | Q28: ='Таблица 6'!H18 -> 0.1 | S28: ='Таблица 7'!J18 -> 0.05 | U28: =SUM(G28:T28) -> 1
A29: =A28+1 -> 12 | B29: ='Таблица 1'!B19 -> Администрация ЗАТО город Заозерск | C29: ='Таблица 1'!C19 -> Муниципальное казенное учреждение "Управление городским хозяйством" | G29: ='Таблица 1'!AE19 -> 0.15 | I29: ='Таблица 2'!L19 -> 0.2 | K29: ='Таблица 3.2'!J19 -> 0.3 | M29: ='Таблица 4'!X19 -> 0.15 | O29: ='Таблица 5'!K19 -> 0.05 | Q29: ='Таблица 6'!H19 -> 0.1 | S29: ='Таблица 7'!J19 -> 0.05 | U29: =SUM(G29:T29) -> 1
A30: =A29+1 -> 13 | B30: ='Таблица 1'!B20 -> Администрация ЗАТО город Заозерск | C30: ='Таблица 1'!C20 -> Муниципальное образовательное учреждение дополнительного образования "Центр дополнительного образования детей" | G30: ='Таблица 1'!AE20 -> 0.15 | I30: ='Таблица 2'!L20 -> 0.2 | K30: ='Таблица 3.2'!J20 -> 0.3 | M30: ='Таблица 4'!X20 -> 0.15 | O30: ='Таблица 5'!K20 -> 0.05 | Q30: ='Таблица 6'!H20 -> 0.1 | S30: ='Таблица 7'!J20 -> 0.05 | U30: =SUM(G30:T30) -> 1
... A68: =A67+1 -> 51 | B68: ='Таблица 1'!B58 -> 0 | C68: ='Таблица 1'!C58 -> 0 | G68: ='Таблица 1'!AE58 -> 0 | I68: ='Таблица 2'!L58 -> 0 | K68: ='Таблица 3.2'!J58 -> 0 | M68: ='Таблица 4'!X58 -> 0 | O68: ='Таблица 5'!K58 -> 0 | Q68: ='Таблица 6'!H58 -> 0 | S68: ='Таблица 7'!J58 -> 0 | U68: =SUM(G68:T68) -> 0
A69: =A68+1 -> 52 | B69: ='Таблица 1'!B309 -> 0 | C69: ='Таблица 1'!C59 -> 0 | G69: ='Таблица 1'!AE59 -> 0 | I69: ='Таблица 2'!L59 -> 0 | K69: ='Таблица 3.2'!J59 -> 0 | M69: ='Таблица 4'!X59 -> 0 | O69: ='Таблица 5'!K59 -> 0 | Q69: ='Таблица 6'!H59 -> 0 | S69: ='Таблица 7'!J59 -> 0 | U69: =SUM(G69:T69) -> 0
A70: =A69+1 -> 53 | B70: ='Таблица 1'!B60 -> 0 | C70: ='Таблица 1'!C60 -> 0 | G70: ='Таблица 1'!AE60 -> 0 | I70: ='Таблица 2'!L60 -> 0 | K70: ='Таблица 3.2'!J60 -> 0 | M70: ='Таблица 4'!X60 -> 0 | O70: ='Таблица 5'!K60 -> 0 | Q70: ='Таблица 6'!H60 -> 0 | S70: ='Таблица 7'!J60 -> 0 | U70: =SUM(G70:T70) -> 0
A71: =A70+1 -> 54 | B71: ='Таблица 1'!B61 -> 0 | C71: ='Таблица 1'!C61 -> 0 | G71: ='Таблица 1'!AE61 -> 0 | I71: ='Таблица 2'!L61 -> 0 | K71: ='Таблица 3.2'!J61 -> 0 | M71: ='Таблица 4'!X61 -> 0 | O71: ='Таблица 5'!K61 -> 0 | Q71: ='Таблица 6'!H61 -> 0 | S71: ='Таблица 7'!J61 -> 0 | U71: =SUM(G71:T71) -> 0
A72: =A71+1 -> 55 | B72: ='Таблица 1'!B62 -> 0 | C72: ='Таблица 1'!C62 -> 0 | G72: ='Таблица 1'!AE62 -> 0 | I72: ='Таблица 2'!L62 -> 0 | K72: ='Таблица 3.2'!J62 -> 0 | M72: ='Таблица 4'!X62 -> 0 | O72: ='Таблица 5'!K62 -> 0 | Q72: ='Таблица 6'!H62 -> 0 | S72: ='Таблица 7'!J62 -> 0 | U72: =SUM(G72:T72) -> 0
A73: =A72+1 -> 56 | B73: ='Таблица 1'!B63 -> 0 | C73: ='Таблица 1'!C63 -> 0 | G73: ='Таблица 1'!AE63 -> 0 | I73: ='Таблица 2'!L63 -> 0 | K73: ='Таблица 3.2'!J63 -> 0 | M73: ='Таблица 4'!X63 -> 0 | O73: ='Таблица 5'!K63 -> 0 | Q73: ='Таблица 6'!H63 -> 0 | S73: ='Таблица 7'!J63 -> 0 | U73: =SUM(G73:T73) -> 0
A74: =A73+1 -> 57 | B74: ='Таблица 1'!B64 -> 0 | C74: ='Таблица 1'!C64 -> 0 | G74: ='Таблица 1'!AE64 -> 0 | I74: ='Таблица 2'!L64 -> 0 | K74: ='Таблица 3.2'!J64 -> 0 | M74: ='Таблица 4'!X64 -> 0 | O74: ='Таблица 5'!K64 -> 0 | Q74: ='Таблица 6'!H64 -> 0 | S74: ='Таблица 7'!J64 -> 0 | U74: =SUM(G74:T74) -> 0
A75: =A74+1 -> 58 | B75: ='Таблица 1'!B65 -> 0 | C75: ='Таблица 1'!C65 -> 0 | G75: ='Таблица 1'!AE65 -> 0 | I75: ='Таблица 2'!L65 -> 0 | K75: ='Таблица 3.2'!J65 -> 0 | M75: ='Таблица 4'!X65 -> 0 | O75: ='Таблица 5'!K65 -> 0 | Q75: ='Таблица 6'!H65 -> 0 | S75: ='Таблица 7'!J65 -> 0 | U75: =SUM(G75:T75) -> 0
A76: =A75+1 -> 59 | B76: ='Таблица 1'!B66 -> 0 | C76: ='Таблица 1'!C66 -> 0 | G76: ='Таблица 1'!AE66 -> 0 | I76: ='Таблица 2'!L66 -> 0 | K76: ='Таблица 3.2'!J66 -> 0 | M76: ='Таблица 4'!X66 -> 0 | O76: ='Таблица 5'!K66 -> 0 | Q76: ='Таблица 6'!H66 -> 0 | S76: ='Таблица 7'!J66 -> 0 | U76: =SUM(G76:T76) -> 0
A77: =A76+1 -> 60 | B77: ='Таблица 1'!B67 -> 0 | C77: ='Таблица 1'!C67 -> 0 | G77: ='Таблица 1'!AE67 -> 0 | I77: ='Таблица 2'!L67 -> 0 | K77: ='Таблица 3.2'!J67 -> 0 | M77: ='Таблица 4'!X67 -> 0 | O77: ='Таблица 5'!K67 -> 0 | Q77: ='Таблица 6'!H67 -> 0 | S77: ='Таблица 7'!J67 -> 0 | U77: =SUM(G77:T77) -> 0
A78: =A77+1 -> 61 | B78: ='Таблица 1'!B68 -> 0 | C78: ='Таблица 1'!C68 -> 0 | G78: ='Таблица 1'!AE68 -> 0 | I78: ='Таблица 2'!L68 -> 0 | K78: ='Таблица 3.2'!J68 -> 0 | M78: ='Таблица 4'!X68 -> 0 | O78: ='Таблица 5'!K68 -> 0 | Q78: ='Таблица 6'!H68 -> 0 | S78: ='Таблица 7'!J68 -> 0 | U78: =SUM(G78:T78) -> 0
A79: =A78+1 -> 62 | B79: ='Таблица 1'!B69 -> 0 | C79: ='Таблица 1'!C69 -> 0 | G79: ='Таблица 1'!AE69 -> 0 | I79: ='Таблица 2'!L69 -> 0 | K79: ='Таблица 3.2'!J69 -> 0 | M79: ='Таблица 4'!X69 -> 0 | O79: ='Таблица 5'!K69 -> 0 | Q79: ='Таблица 6'!H69 -> 0 | S79: ='Таблица 7'!J69 -> 0 | U79: =SUM(G79:T79) -> 0
A80: =A79+1 -> 63 | B80: ='Таблица 1'!B70 -> 0 | C80: ='Таблица 1'!C70 -> 0 | G80: ='Таблица 1'!AE70 -> 0 | I80: ='Таблица 2'!L70 -> 0 | K80: ='Таблица 3.2'!J70 -> 0 | M80: ='Таблица 4'!X70 -> 0 | O80: ='Таблица 5'!K70 -> 0 | Q80: ='Таблица 6'!H70 -> 0 | S80: ='Таблица 7'!J70 -> 0 | U80: =SUM(G80:T80) -> 0
A81: =A80+1 -> 64 | B81: ='Таблица 1'!B71 -> 0 | C81: ='Таблица 1'!C71 -> 0 | G81: ='Таблица 1'!AE71 -> 0 | I81: ='Таблица 2'!L71 -> 0 | K81: ='Таблица 3.2'!J71 -> 0 | M81: ='Таблица 4'!X71 -> 0 | O81: ='Таблица 5'!K71 -> 0 | Q81: ='Таблица 6'!H71 -> 0 | S81: ='Таблица 7'!J71 -> 0 | U81: =SUM(G81:T81) -> 0
... A317: =A316+1 -> 300 | B317: ='Таблица 1'!B307 -> 0 | C317: ='Таблица 1'!C307 -> 0 | G317: ='Таблица 1'!AE307 -> 0 | I317: ='Таблица 2'!L307 -> 0 | K317: ='Таблица 3.2'!J307 -> 0 | M317: ='Таблица 4'!X307 -> 0 | O317: ='Таблица 5'!K307 -> 0 | Q317: ='Таблица 6'!H307 -> 0 | S317: ='Таблица 7'!J307 -> 0 | U317: =SUM(G317:T317) -> 0
A318: х | B318: Сумма значений итоговых показателей рейтинга по учреждению | G318: х | I318: х | K318: х | M318: х | O318: х | Q318: х | S318: х | U318: =SUM(U18:U317) -> 16
B320: Руководитель ___________ / ФИО/

Sheet Таблица 1
AF1: Таблица 1
A2: Оценка полноты размещения общей информации об учреждении
A4: № п/п | B4: Наименование ИОГВ, муниципального образования | C4: Полное наименование учреждения, обособленного структурного подразделения учреждения (далее - учреждение) | D4: Дата последних изменений, внесенных учреждениями на сайт bus.gov.ru | E4: Показатели раздела I структурированной информации "Общая информация об учреждении" | AD4: Максимальная величина показателя раздела I - R max | AE4: Фактическая величина показателя раздела I - RI fact | AF4: Комментарий (если значение показателя принимает условные значения: 0 или 2)
E5: 1. Полное наименование учреждения, обособленного структурного подразделения учреждения (далее - учреждение) | F5: 2. Сокращенное наименование учреждения | G5: 3. Основной государственный регистрационный номер (ОГРН) | H5: 4. Наименование публично-правового образования, создавшего учреждение,и его коды по Общероссийскому классификатору объектов административно-территориального деления (ОКАТО) и (или)Общероссийскому классификатору территорий муниципальных образований (ОКТМО) | I5: 5. Наименование органа государственной власти, государственного органа (органаместного самоуправления), осуществляющего функции и полномочия учредителя учреждения (далее - орган, осуществляющий функции и полномочия учредителя) * | J5: 6. Наименование главного распорядителя бюджетных средств | K5: 7. Код главы главного распорядителя бюджетных средств по бюджетной классификации | L5: 8. Наименование распорядителя бюджетных средств (при наличии) | M5: 9. Реквизиты правового акта органа, осуществляющего функции и полномочия учредителя, о назначении членов наблюдательного совета | N5: 10. Сведения о руководителе учреждения | O5: 11. Сокращенные наименования обособленных структурных подразделений (показатель формируется учреждением, создавшим обособленные структурные подразделения) | P5: 12. Наименование учреждения, создавшего обособленное структурное подразделение (показатель формируется обособленным структурным подразделением) | Q5: 13. Тип учреждения | R5: 14. Вид учреждения (при наличии) | S5: 15. Коды и наименования основных видов деятельности учреждения по Общероссийскому классификатору видов экономической деятельности (ОКВЭД) в соответствии с учредительными документами учреждения | T5: 16. Коды и наименования иных видов деятельности учреждения, не являющихся основными, по ОКВЭД в соответствии с учредительными документами учреждения | U5: 17. Код и наименование административно-территориального образования по месту регистрации учреждения по ОКАТО | V5: 18. Код и наименование муниципального образования по месту регистрации учреждения по ОКТМО | W5: 19. Код и наименование формы собственности по Общероссийскому классификатору форм собственности (ОКФС) | X5: 20. Код и наименование организационно-правовой формы по Общероссийскому классификатору организационно-правовых форм (ОКОПФ) | Y5: 21. Код учреждения по Общероссийскому классификатору предприятий и организаций (ОКПО) | Z5: 22. Сведения о фактическом адресе учреждения и кодах по Классификатору адресов Российской Федерации (КЛАДР) в соответствии с учредительными документами | AA5: 23. Сайт учреждения (при наличии) | AB5: 24. Контактный телефон | AC5: 25. Адрес электронной почты (при наличии)
E6: вес - 0,04 | F6: вес - 0,04 | G6: вес - 0,04 | H6: вес - 0,04 | I6: вес - 0,04 | J6: вес - 0,04 | K6: вес - 0,04 | L6: вес - 0,04 | M6: вес - 0,04 | N6: вес - 0,04 | O6: вес - 0,04 | P6: вес - 0,04 | Q6: вес - 0,04 | R6: вес - 0,04 | S6: вес - 0,04 | T6: вес - 0,04 | U6: вес - 0,04 | V6: вес - 0,04 | W6: вес - 0,04 | X6: вес - 0,04 | Y6: вес - 0,04 | Z6: вес - 0,04 | AA6: вес - 0,04 | AB6: вес - 0,04 | AC6: вес - 0,04
A7: 1 | B7: 2 | C7: 3 | D7: 4 | E7: 5 | F7: 6 | G7: 7 | H7: 8 | I7: 9 | J7: 10 | K7: 11 | L7: 12 | M7: 13 | N7: 14 | O7: 15 | P7: 16 | Q7: 17 | R7: 18 | S7: 19 | T7: 20 | U7: 21 | V7: 22 | W7: 23 | X7: 24 | Y7: 25 | Z7: 26 | AA7: 27 | AB7: 28 | AC7: 29 | AD7: 30 | AE7: 31 | AF7: 32
A8: 1 | B8: Администрация ЗАТО город Заозерск | C8: Муниципальное казенное учреждение "Многофункциональный центр предоставления государственных и муниципальных услуг ЗАТО город Заозерск" | D8: 44215 | E8: 1 | F8: 1 | G8: 1 | H8: 1 | I8: 1 | J8: 1 | K8: 1 | L8: 1 | M8: 2 | N8: 1 | O8: 2 | P8: 2 | Q8: 1 | R8: 1 | S8: 1 | T8: 1 | U8: 1 | V8: 1 | W8: 1 | X8: 1 | Y8: 1 | Z8: 1 | AA8: 1 | AB8: 1 | AC8: 1 | AD8: 0.15 | AE8: =((IF(E8=2,1*0.04,E8*0.04))+(IF(F8=2,1*0.04,F8*0.04))+(IF(G8=2,1*0.04,G8*0.04))+(IF(H8=2,1*0.04,H8*0.04))+(IF(I8=2,1*0.04,I8*0.04))+(IF(J8=2,1*0.04,J8*0.04))+(IF(K8=2,1*0.04,K8*0.04))+(IF(L8=2,1*0.04,L8*0.04))+(IF(M8=2,1*0.04,M8*0.04))+(IF(N8=2,1*0.04,N8*0.04))+(IF(O8=2,1*0.04,O8*0.04))+(IF(P8=2,1*0.04,P8*0.04))+(IF(Q8=2,1*0.04,Q8*0.04))+(IF(R8=2,1*0.04,R8*0.04))+(IF(S8=2,1*0.04,S8*0.04))+(IF(T8=2,1*0.04,T8*0.04))+(IF(U8=2,1*0.04,U8*0.04))+(IF(V8=2,1*0.04,V8*0.04))+(IF(W8=2,1*0.04,W8*0.04))+(IF(X8=2,1*0.04,X8*0.04))+(IF(Y8=2,1*0.04,Y8*0.04))+(IF(Z8=2,1*0.04,Z8*0.04))+(IF(AA8=2,1*0.04,AA8*0.04))+(IF(AB8=2,1*0.04,AB8*0.04))+(IF(AC8=2,1*0.04,AC8*0.04)))*AD8 -> 0.15 | AF8: Обособленное структурное подразделение поставлено на учет 15.06.2016, уведомление получено 22.06.2016, 30.06.2016 подана заявка в УФК для внесения информации об учреждении на сайте
A9: 2 | B9: Администрация ЗАТО город Заозерск | C9: Муниципальное казенное учреждение "Центр по ГО и ЧС ЗАТО город Зоазерск" | D9: 44215 | E9: 1 | F9: 1 | G9: 1 | H9: 1 | I9: 1 | J9: 1 | K9: 1 | L9: 1 | M9: 2 | N9: 1 | O9: 2 | P9: 2 | Q9: 1 | R9: 1 | S9: 1 | T9: 2 | U9: 1 | V9: 1 | W9: 1 | X9: 1 | Y9: 1 | Z9: 1 | AA9: 2 | AB9: 1 | AC9: 1 | AD9: 0.15 | AE9: =((IF(E9=2,1*0.04,E9*0.04))+(IF(F9=2,1*0.04,F9*0.04))+(IF(G9=2,1*0.04,G9*0.04))+(IF(H9=2,1*0.04,H9*0.04))+(IF(I9=2,1*0.04,I9*0.04))+(IF(J9=2,1*0.04,J9*0.04))+(IF(K9=2,1*0.04,K9*0.04))+(IF(L9=2,1*0.04,L9*0.04))+(IF(M9=2,1*0.04,M9*0.04))+(IF(N9=2,1*0.04,N9*0.04))+(IF(O9=2,1*0.04,O9*0.04))+(IF(P9=2,1*0.04,P9*0.04))+(IF(Q9=2,1*0.04,Q9*0.04))+(IF(R9=2,1*0.04,R9*0.04))+(IF(S9=2,1*0.04,S9*0.04))+(IF(T9=2,1*0.04,T9*0.04))+(IF(U9=2,1*0.04,U9*0.04))+(IF(V9=2,1*0.04,V9*0.04))+(IF(W9=2,1*0.04,W9*0.04))+(IF(X9=2,1*0.04,X9*0.04))+(IF(Y9=2,1*0.04,Y9*0.04))+(IF(Z9=2,1*0.04,Z9*0.04))+(IF(AA9=2,1*0.04,AA9*0.04))+(IF(AB9=2,1*0.04,AB9*0.04))+(IF(AC9=2,1*0.04,AC9*0.04)))*AD9 -> 0.15 | AF9: п.9 наблюдательный совет не создан, п.11-12 нет обособленных подразделений, п. 16 нет сведений, п. 23 сайт не создан
A10: 3 | B10: Администрация ЗАТО город Заозерск | C10: Муниципальное общеобразовательное учреждение "Средняя общеобразовательная школа № 289 с углубленным изучением отдельных предметов" | D10: 43934 | E10: 1 | F10: 1 | G10: 1 | H10: 1 | I10: 1 | J10: 2 | K10: 2 | L10: 2 | M10: 2 | N10: 1 | O10: 2 | P10: 2 | Q10: 1 | R10: 1 | S10: 1 | T10: 2 | U10: 1 | V10: 1 | W10: 1 | X10: 1 | Y10: 1 | Z10: 1 | AA10: 1 | AB10: 1 | AC10: 1 | AD10: 0.15 | AE10: =((IF(E10=2,1*0.04,E10*0.04))+(IF(F10=2,1*0.04,F10*0.04))+(IF(G10=2,1*0.04,G10*0.04))+(IF(H10=2,1*0.04,H10*0.04))+(IF(I10=2,1*0.04,I10*0.04))+(IF(J10=2,1*0.04,J10*0.04))+(IF(K10=2,1*0.04,K10*0.04))+(IF(L10=2,1*0.04,L10*0.04))+(IF(M10=2,1*0.04,M10*0.04))+(IF(N10=2,1*0.04,N10*0.04))+(IF(O10=2,1*0.04,O10*0.04))+(IF(P10=2,1*0.04,P10*0.04))+(IF(Q10=2,1*0.04,Q10*0.04))+(IF(R10=2,1*0.04,R10*0.04))+(IF(S10=2,1*0.04,S10*0.04))+(IF(T10=2,1*0.04,T10*0.04))+(IF(U10=2,1*0.04,U10*0.04))+(IF(V10=2,1*0.04,V10*0.04))+(IF(W10=2,1*0.04,W10*0.04))+(IF(X10=2,1*0.04,X10*0.04))+(IF(Y10=2,1*0.04,Y10*0.04))+(IF(Z10=2,1*0.04,Z10*0.04))+(IF(AA10=2,1*0.04,AA10*0.04))+(IF(AB10=2,1*0.04,AB10*0.04))+(IF(AC10=2,1*0.04,AC10*0.04)))*AD10 -> 0.15 | AF10: п. 6-8 нет сведений о ГРБС, п.9 наблюдательный совет не создан, п.11-12 нет обособленных подразделений, п. 16 нет сведений
A11: 4 | B11: Администрация ЗАТО город Заозерск | C11: Муниципальное учреждение "Заозерский комитет по телерадиовещанию и печати" | D11: 44215 | E11: 1 | F11: 1 | G11: 1 | H11: 1 | I11: 1 | J11: 2 | K11: 2 | L11: 2 | M11: 2 | N11: 1 | O11: 2 | P11: 2 | Q11: 1 | R11: 1 | S11: 1 | T11: 2 | U11: 1 | V11: 1 | W11: 1 | X11: 1 | Y11: 1 | Z11: 1 | AA11: 2 | AB11: 1 | AC11: 1 | AD11: 0.15 | AE11: =((IF(E11=2,1*0.04,E11*0.04))+(IF(F11=2,1*0.04,F11*0.04))+(IF(G11=2,1*0.04,G11*0.04))+(IF(H11=2,1*0.04,H11*0.04))+(IF(I11=2,1*0.04,I11*0.04))+(IF(J11=2,1*0.04,J11*0.04))+(IF(K11=2,1*0.04,K11*0.04))+(IF(L11=2,1*0.04,L11*0.04))+(IF(M11=2,1*0.04,M11*0.04))+(IF(N11=2,1*0.04,N11*0.04))+(IF(O11=2,1*0.04,O11*0.04))+(IF(P11=2,1*0.04,P11*0.04))+(IF(Q11=2,1*0.04,Q11*0.04))+(IF(R11=2,1*0.04,R11*0.04))+(IF(S11=2,1*0.04,S11*0.04))+(IF(T11=2,1*0.04,T11*0.04))+(IF(U11=2,1*0.04,U11*0.04))+(IF(V11=2,1*0.04,V11*0.04))+(IF(W11=2,1*0.04,W11*0.04))+(IF(X11=2,1*0.04,X11*0.04))+(IF(Y11=2,1*0.04,Y11*0.04))+(IF(Z11=2,1*0.04,Z11*0.04))+(IF(AA11=2,1*0.04,AA11*0.04))+(IF(AB11=2,1*0.04,AB11*0.04))+(IF(AC11=2,1*0.04,AC11*0.04)))*AD11 -> 0.15 | AF11: п. 6-8 нет сведений о ГРБС, п.9 наблюдательный совет не создан, п.11-12 нет обособленных подразделений, п. 16 нет сведений, п. 23 сайт не создан
A12: 5 | B12: Администрация ЗАТО город Заозерск | C12: Муниципальное учреждения дополнительного образования детей Детская музыкальная школа г. Заозерск | D12: 44209 | E12: 1 | F12: 1 | G12: 1 | H12: 1 | I12: 1 | J12: 2 | K12: 2 | L12: 2 | M12: 2 | N12: 1 | O12: 2 | P12: 2 | Q12: 1 | R12: 1 | S12: 1 | T12: 2 | U12: 1 | V12: 1 | W12: 1 | X12: 1 | Y12: 1 | Z12: 1 | AA12: 1 | AB12: 1 | AC12: 1 | AD12: 0.15 | AE12: =((IF(E12=2,1*0.04,E12*0.04))+(IF(F12=2,1*0.04,F12*0.04))+(IF(G12=2,1*0.04,G12*0.04))+(IF(H12=2,1*0.04,H12*0.04))+(IF(I12=2,1*0.04,I12*0.04))+(IF(J12=2,1*0.04,J12*0.04))+(IF(K12=2,1*0.04,K12*0.04))+(IF(L12=2,1*0.04,L12*0.04))+(IF(M12=2,1*0.04,M12*0.04))+(IF(N12=2,1*0.04,N12*0.04))+(IF(O12=2,1*0.04,O12*0.04))+(IF(P12=2,1*0.04,P12*0.04))+(IF(Q12=2,1*0.04,Q12*0.04))+(IF(R12=2,1*0.04,R12*0.04))+(IF(S12=2,1*0.04,S12*0.04))+(IF(T12=2,1*0.04,T12*0.04))+(IF(U12=2,1*0.04,U12*0.04))+(IF(V12=2,1*0.04,V12*0.04))+(IF(W12=2,1*0.04,W12*0.04))+(IF(X12=2,1*0.04,X12*0.04))+(IF(Y12=2,1*0.04,Y12*0.04))+(IF(Z12=2,1*0.04,Z12*0.04))+(IF(AA12=2,1*0.04,AA12*0.04))+(IF(AB12=2,1*0.04,AB12*0.04))+(IF(AC12=2,1*0.04,AC12*0.04)))*AD12 -> 0.15 | AF12: п. 6-8 нет сведений о ГРБС, п.9 наблюдательный совет не создан, п.11-12 нет обособленных подразделений, п. 16 нет сведений
A13: 6 | B13: Администрация ЗАТО город Заозерск | C13: Муниципальное общеобразовательное учреждение "Основная общеобразовательная школа №288 с углубленным изучением отдельных предметов имени Героя Советского Союза Л.Г. Осипенко" | D13: 44148 | E13: 1 | F13: 1 | G13: 1 | H13: 1 | I13: 1 | J13: 2 | K13: 2 | L13: 2 | M13: 2 | N13: 1 | O13: 2 | P13: 2 | Q13: 1 | R13: 1 | S13: 1 | T13: 1 | U13: 1 | V13: 1 | W13: 1 | X13: 1 | Y13: 1 | Z13: 1 | AA13: 1 | AB13: 1 | AC13: 1 | AD13: 0.15 | AE13: =((IF(E13=2,1*0.04,E13*0.04))+(IF(F13=2,1*0.04,F13*0.04))+(IF(G13=2,1*0.04,G13*0.04))+(IF(H13=2,1*0.04,H13*0.04))+(IF(I13=2,1*0.04,I13*0.04))+(IF(J13=2,1*0.04,J13*0.04))+(IF(K13=2,1*0.04,K13*0.04))+(IF(L13=2,1*0.04,L13*0.04))+(IF(M13=2,1*0.04,M13*0.04))+(IF(N13=2,1*0.04,N13*0.04))+(IF(O13=2,1*0.04,O13*0.04))+(IF(P13=2,1*0.04,P13*0.04))+(IF(Q13=2,1*0.04,Q13*0.04))+(IF(R13=2,1*0.04,R13*0.04))+(IF(S13=2,1*0.04,S13*0.04))+(IF(T13=2,1*0.04,T13*0.04))+(IF(U13=2,1*0.04,U13*0.04))+(IF(V13=2,1*0.04,V13*0.04))+(IF(W13=2,1*0.04,W13*0.04))+(IF(X13=2,1*0.04,X13*0.04))+(IF(Y13=2,1*0.04,Y13*0.04))+(IF(Z13=2,1*0.04,Z13*0.04))+(IF(AA13=2,1*0.04,AA13*0.04))+(IF(AB13=2,1*0.04,AB13*0.04))+(IF(AC13=2,1*0.04,AC13*0.04)))*AD13 -> 0.15 | AF13: п. 6-8 нет сведений о ГРБС, п.9 наблюдательный совет не создан, п.11-12 нет обособленных подразделений
A14: 7 | B14: Администрация ЗАТО город Заозерск | C14: Муниципальное учреждение культуры ЗАТО город Заозерск "Центр культуры и библиотечного обслуживания" | D14: 44167 | E14: 1 | F14: 1 | G14: 1 | H14: 1 | I14: 1 | J14: 2 | K14: 2 | L14: 2 | M14: 2 | N14: 1 | O14: 2 | P14: 2 | Q14: 1 | R14: 1 | S14: 1 | T14: 1 | U14: 1 | V14: 1 | W14: 1 | X14: 1 | Y14: 1 | Z14: 1 | AA14: 1 | AB14: 1 | AC14: 1 | AD14: 0.15 | AE14: =((IF(E14=2,1*0.04,E14*0.04))+(IF(F14=2,1*0.04,F14*0.04))+(IF(G14=2,1*0.04,G14*0.04))+(IF(H14=2,1*0.04,H14*0.04))+(IF(I14=2,1*0.04,I14*0.04))+(IF(J14=2,1*0.04,J14*0.04))+(IF(K14=2,1*0.04,K14*0.04))+(IF(L14=2,1*0.04,L14*0.04))+(IF(M14=2,1*0.04,M14*0.04))+(IF(N14=2,1*0.04,N14*0.04))+(IF(O14=2,1*0.04,O14*0.04))+(IF(P14=2,1*0.04,P14*0.04))+(IF(Q14=2,1*0.04,Q14*0.04))+(IF(R14=2,1*0.04,R14*0.04))+(IF(S14=2,1*0.04,S14*0.04))+(IF(T14=2,1*0.04,T14*0.04))+(IF(U14=2,1*0.04,U14*0.04))+(IF(V14=2,1*0.04,V14*0.04))+(IF(W14=2,1*0.04,W14*0.04))+(IF(X14=2,1*0.04,X14*0.04))+(IF(Y14=2,1*0.04,Y14*0.04))+(IF(Z14=2,1*0.04,Z14*0.04))+(IF(AA14=2,1*0.04,AA14*0.04))+(IF(AB14=2,1*0.04,AB14*0.04))+(IF(AC14=2,1*0.04,AC14*0.04)))*AD14 -> 0.15 | AF14: п. 6-8 нет сведений о ГРБС, п.9 наблюдательный совет не создан, п.11-12 нет обособленных подразделений
A15: 8 | B15: Администрация ЗАТО город Заозерск | C15: Муниципальное бюджетное образовательное учреждение дополнительного образования детей "Детско-юношеская спортивная школа" | D15: 44215 | E15: 1 | F15: 1 | G15: 1 | H15: 1 | I15: 1 | J15: 2 | K15: 2 | L15: 2 | M15: 2 | N15: 1 | O15: 2 | P15: 2 | Q15: 1 | R15: 1 | S15: 1 | T15: 1 | U15: 1 | V15: 1 | W15: 1 | X15: 1 | Y15: 1 | Z15: 1 | AA15: 1 | AB15: 1 | AC15: 1 | AD15: 0.15 | AE15: =((IF(E15=2,1*0.04,E15*0.04))+(IF(F15=2,1*0.04,F15*0.04))+(IF(G15=2,1*0.04,G15*0.04))+(IF(H15=2,1*0.04,H15*0.04))+(IF(I15=2,1*0.04,I15*0.04))+(IF(J15=2,1*0.04,J15*0.04))+(IF(K15=2,1*0.04,K15*0.04))+(IF(L15=2,1*0.04,L15*0.04))+(IF(M15=2,1*0.04,M15*0.04))+(IF(N15=2,1*0.04,N15*0.04))+(IF(O15=2,1*0.04,O15*0.04))+(IF(P15=2,1*0.04,P15*0.04))+(IF(Q15=2,1*0.04,Q15*0.04))+(IF(R15=2,1*0.04,R15*0.04))+(IF(S15=2,1*0.04,S15*0.04))+(IF(T15=2,1*0.04,T15*0.04))+(IF(U15=2,1*0.04,U15*0.04))+(IF(V15=2,1*0.04,V15*0.04))+(IF(W15=2,1*0.04,W15*0.04))+(IF(X15=2,1*0.04,X15*0.04))+(IF(Y15=2,1*0.04,Y15*0.04))+(IF(Z15=2,1*0.04,Z15*0.04))+(IF(AA15=2,1*0.04,AA15*0.04))+(IF(AB15=2,1*0.04,AB15*0.04))+(IF(AC15=2,1*0.04,AC15*0.04)))*AD15 -> 0.15 | AF15: п. 6-8 нет сведений о ГРБС, п.9 наблюдательный совет не создан, п.11-12 нет обособленных подразделений
A16: 9 | B16: Администрация ЗАТО город Заозерск | C16: Муниципальное дошкольное образовательное учреждение детский сад комбинированного вида № 2 "Радуга" | D16: 44214 | E16: 1 | F16: 1 | G16: 1 | H16: 1 | I16: 1 | J16: 2 | K16: 2 | L16: 2 | M16: 2 | N16: 1 | O16: 2 | P16: 2 | Q16: 1 | R16: 1 | S16: 1 | T16: 2 | U16: 1 | V16: 1 | W16: 1 | X16: 1 | Y16: 1 | Z16: 1 | AA16: 1 | AB16: 1 | AC16: 1 | AD16: 0.15 | AE16: =((IF(E16=2,1*0.04,E16*0.04))+(IF(F16=2,1*0.04,F16*0.04))+(IF(G16=2,1*0.04,G16*0.04))+(IF(H16=2,1*0.04,H16*0.04))+(IF(I16=2,1*0.04,I16*0.04))+(IF(J16=2,1*0.04,J16*0.04))+(IF(K16=2,1*0.04,K16*0.04))+(IF(L16=2,1*0.04,L16*0.04))+(IF(M16=2,1*0.04,M16*0.04))+(IF(N16=2,1*0.04,N16*0.04))+(IF(O16=2,1*0.04,O16*0.04))+(IF(P16=2,1*0.04,P16*0.04))+(IF(Q16=2,1*0.04,Q16*0.04))+(IF(R16=2,1*0.04,R16*0.04))+(IF(S16=2,1*0.04,S16*0.04))+(IF(T16=2,1*0.04,T16*0.04))+(IF(U16=2,1*0.04,U16*0.04))+(IF(V16=2,1*0.04,V16*0.04))+(IF(W16=2,1*0.04,W16*0.04))+(IF(X16=2,1*0.04,X16*0.04))+(IF(Y16=2,1*0.04,Y16*0.04))+(IF(Z16=2,1*0.04,Z16*0.04))+(IF(AA16=2,1*0.04,AA16*0.04))+(IF(AB16=2,1*0.04,AB16*0.04))+(IF(AC16=2,1*0.04,AC16*0.04)))*AD16 -> 0.15 | AF16: п. 6-8 нет сведений о ГРБС, п.9 наблюдательный совет не создан, п.11-12 нет обособленных подразделений, п. 16 нет сведений
A17: 10 | B17: Администрация ЗАТО город Заозерск | C17: Муниципальное казенное учреждение "Центр ресурсного и бухгалтерского обслуживания" | D17: 43935 | E17: 1 | F17: 1 | G17: 1 | H17: 1 | I17: 1 | J17: 1 | K17: 1 | L17: 1 | M17: 1 | N17: 1 | O17: 2 | P17: 2 | Q17: 1 | R17: 1 | S17: 1 | T17: 1 | U17: 1 | V17: 1 | W17: 1 | X17: 1 | Y17: 1 | Z17: 1 | AA17: 2 | AB17: 1 | AC17: 1 | AD17: 0.15 | AE17: =((IF(E17=2,1*0.04,E17*0.04))+(IF(F17=2,1*0.04,F17*0.04))+(IF(G17=2,1*0.04,G17*0.04))+(IF(H17=2,1*0.04,H17*0.04))+(IF(I17=2,1*0.04,I17*0.04))+(IF(J17=2,1*0.04,J17*0.04))+(IF(K17=2,1*0.04,K17*0.04))+(IF(L17=2,1*0.04,L17*0.04))+(IF(M17=2,1*0.04,M17*0.04))+(IF(N17=2,1*0.04,N17*0.04))+(IF(O17=2,1*0.04,O17*0.04))+(IF(P17=2,1*0.04,P17*0.04))+(IF(Q17=2,1*0.04,Q17*0.04))+(IF(R17=2,1*0.04,R17*0.04))+(IF(S17=2,1*0.04,S17*0.04))+(IF(T17=2,1*0.04,T17*0.04))+(IF(U17=2,1*0.04,U17*0.04))+(IF(V17=2,1*0.04,V17*0.04))+(IF(W17=2,1*0.04,W17*0.04))+(IF(X17=2,1*0.04,X17*0.04))+(IF(Y17=2,1*0.04,Y17*0.04))+(IF(Z17=2,1*0.04,Z17*0.04))+(IF(AA17=2,1*0.04,AA17*0.04))+(IF(AB17=2,1*0.04,AB17*0.04))+(IF(AC17=2,1*0.04,AC17*0.04)))*AD17 -> 0.15 | AF17: п.11,12-нет структурных подразделений, п. 23 - сайт не создан
A18: 11 | B18: Администрация ЗАТО город Заозерск | C18: Муниципальное дошкольное образовательное учреждение детский сад комбинированного вида № 4 "Сказка" | D18: 44209 | E18: 1 | F18: 1 | G18: 1 | H18: 1 | I18: 1 | J18: 2 | K18: 2 | L18: 2 | M18: 2 | N18: 1 | O18: 2 | P18: 2 | Q18: 1 | R18: 1 | S18: 1 | T18: 2 | U18: 1 | V18: 1 | W18: 1 | X18: 1 | Y18: 1 | Z18: 1 | AA18: 1 | AB18: 1 | AC18: 1 | AD18: 0.15 | AE18: =((IF(E18=2,1*0.04,E18*0.04))+(IF(F18=2,1*0.04,F18*0.04))+(IF(G18=2,1*0.04,G18*0.04))+(IF(H18=2,1*0.04,H18*0.04))+(IF(I18=2,1*0.04,I18*0.04))+(IF(J18=2,1*0.04,J18*0.04))+(IF(K18=2,1*0.04,K18*0.04))+(IF(L18=2,1*0.04,L18*0.04))+(IF(M18=2,1*0.04,M18*0.04))+(IF(N18=2,1*0.04,N18*0.04))+(IF(O18=2,1*0.04,O18*0.04))+(IF(P18=2,1*0.04,P18*0.04))+(IF(Q18=2,1*0.04,Q18*0.04))+(IF(R18=2,1*0.04,R18*0.04))+(IF(S18=2,1*0.04,S18*0.04))+(IF(T18=2,1*0.04,T18*0.04))+(IF(U18=2,1*0.04,U18*0.04))+(IF(V18=2,1*0.04,V18*0.04))+(IF(W18=2,1*0.04,W18*0.04))+(IF(X18=2,1*0.04,X18*0.04))+(IF(Y18=2,1*0.04,Y18*0.04))+(IF(Z18=2,1*0.04,Z18*0.04))+(IF(AA18=2,1*0.04,AA18*0.04))+(IF(AB18=2,1*0.04,AB18*0.04))+(IF(AC18=2,1*0.04,AC18*0.04)))*AD18 -> 0.15 | AF18: п. 6-8 нет сведений о ГРБС, п.9 наблюдательный совет не создан, п.11-12 нет обособленных подразделений, п. 16 нет сведений
A19: 12 | B19: Администрация ЗАТО город Заозерск | C19: Муниципальное казенное учреждение "Управление городским хозяйством" | D19: 44113 | E19: 1 | F19: 1 | G19: 1 | H19: 1 | I19: 1 | J19: 1 | K19: 1 | L19: 1 | M19: 2 | N19: 1 | O19: 2 | P19: 2 | Q19: 1 | R19: 1 | S19: 1 | T19: 1 | U19: 1 | V19: 1 | W19: 1 | X19: 1 | Y19: 1 | Z19: 1 | AA19: 2 | AB19: 1 | AC19: 1 | AD19: 0.15 | AE19: =((IF(E19=2,1*0.04,E19*0.04))+(IF(F19=2,1*0.04,F19*0.04))+(IF(G19=2,1*0.04,G19*0.04))+(IF(H19=2,1*0.04,H19*0.04))+(IF(I19=2,1*0.04,I19*0.04))+(IF(J19=2,1*0.04,J19*0.04))+(IF(K19=2,1*0.04,K19*0.04))+(IF(L19=2,1*0.04,L19*0.04))+(IF(M19=2,1*0.04,M19*0.04))+(IF(N19=2,1*0.04,N19*0.04))+(IF(O19=2,1*0.04,O19*0.04))+(IF(P19=2,1*0.04,P19*0.04))+(IF(Q19=2,1*0.04,Q19*0.04))+(IF(R19=2,1*0.04,R19*0.04))+(IF(S19=2,1*0.04,S19*0.04))+(IF(T19=2,1*0.04,T19*0.04))+(IF(U19=2,1*0.04,U19*0.04))+(IF(V19=2,1*0.04,V19*0.04))+(IF(W19=2,1*0.04,W19*0.04))+(IF(X19=2,1*0.04,X19*0.04))+(IF(Y19=2,1*0.04,Y19*0.04))+(IF(Z19=2,1*0.04,Z19*0.04))+(IF(AA19=2,1*0.04,AA19*0.04))+(IF(AB19=2,1*0.04,AB19*0.04))+(IF(AC19=2,1*0.04,AC19*0.04)))*AD19 -> 0.15 | AF19: п.9 наблюдательный совет не создан, п.11-12 нет обособленных подразделений, п. 15, 16, 18, 21 - сведения не указаны, п. 23 сайт не создан
... A23: 16 | B23: Администрация ЗАТО город Заозерск | C23: Муниципальное казенное учреждение "Управление образования ЗАТО город Заозерск" | D23: 44215 | E23: 1 | F23: 1 | G23: 1 | H23: 1 | I23: 1 | J23: 1 | K23: 1 | L23: 2 | M23: 2 | N23: 1 | O23: 2 | P23: 2 | Q23: 1 | R23: 1 | S23: 1 | T23: 2 | U23: 1 | V23: 1 | W23: 1 | X23: 1 | Y23: 1 | Z23: 1 | AA23: 2 | AB23: 1 | AC23: 1 | AD23: 0.15 | AE23: =((IF(E23=2,1*0.04,E23*0.04))+(IF(F23=2,1*0.04,F23*0.04))+(IF(G23=2,1*0.04,G23*0.04))+(IF(H23=2,1*0.04,H23*0.04))+(IF(I23=2,1*0.04,I23*0.04))+(IF(J23=2,1*0.04,J23*0.04))+(IF(K23=2,1*0.04,K23*0.04))+(IF(L23=2,1*0.04,L23*0.04))+(IF(M23=2,1*0.04,M23*0.04))+(IF(N23=2,1*0.04,N23*0.04))+(IF(O23=2,1*0.04,O23*0.04))+(IF(P23=2,1*0.04,P23*0.04))+(IF(Q23=2,1*0.04,Q23*0.04))+(IF(R23=2,1*0.04,R23*0.04))+(IF(S23=2,1*0.04,S23*0.04))+(IF(T23=2,1*0.04,T23*0.04))+(IF(U23=2,1*0.04,U23*0.04))+(IF(V23=2,1*0.04,V23*0.04))+(IF(W23=2,1*0.04,W23*0.04))+(IF(X23=2,1*0.04,X23*0.04))+(IF(Y23=2,1*0.04,Y23*0.04))+(IF(Z23=2,1*0.04,Z23*0.04))+(IF(AA23=2,1*0.04,AA23*0.04))+(IF(AB23=2,1*0.04,AB23*0.04))+(IF(AC23=2,1*0.04,AC23*0.04)))*AD23 -> 0.15 | AF23: п.9 наблюдательный совет не создан, п.11-12 нет обособленных подразделений, п. 16 нет сведений, п. 23 сайт не создан
A24: 17 | AD24: 0.15 | AE24: =((IF(E24=2,1*0.04,E24*0.04))+(IF(F24=2,1*0.04,F24*0.04))+(IF(G24=2,1*0.04,G24*0.04))+(IF(H24=2,1*0.04,H24*0.04))+(IF(I24=2,1*0.04,I24*0.04))+(IF(J24=2,1*0.04,J24*0.04))+(IF(K24=2,1*0.04,K24*0.04))+(IF(L24=2,1*0.04,L24*0.04))+(IF(M24=2,1*0.04,M24*0.04))+(IF(N24=2,1*0.04,N24*0.04))+(IF(O24=2,1*0.04,O24*0.04))+(IF(P24=2,1*0.04,P24*0.04))+(IF(Q24=2,1*0.04,Q24*0.04))+(IF(R24=2,1*0.04,R24*0.04))+(IF(S24=2,1*0.04,S24*0.04))+(IF(T24=2,1*0.04,T24*0.04))+(IF(U24=2,1*0.04,U24*0.04))+(IF(V24=2,1*0.04,V24*0.04))+(IF(W24=2,1*0.04,W24*0.04))+(IF(X24=2,1*0.04,X24*0.04))+(IF(Y24=2,1*0.04,Y24*0.04))+(IF(Z24=2,1*0.04,Z24*0.04))+(IF(AA24=2,1*0.04,AA24*0.04))+(IF(AB24=2,1*0.04,AB24*0.04))+(IF(AC24=2,1*0.04,AC24*0.04)))*AD24 -> 0
A25: 18 | AD25: 0.15 | AE25: =((IF(E25=2,1*0.04,E25*0.04))+(IF(F25=2,1*0.04,F25*0.04))+(IF(G25=2,1*0.04,G25*0.04))+(IF(H25=2,1*0.04,H25*0.04))+(IF(I25=2,1*0.04,I25*0.04))+(IF(J25=2,1*0.04,J25*0.04))+(IF(K25=2,1*0.04,K25*0.04))+(IF(L25=2,1*0.04,L25*0.04))+(IF(M25=2,1*0.04,M25*0.04))+(IF(N25=2,1*0.04,N25*0.04))+(IF(O25=2,1*0.04,O25*0.04))+(IF(P25=2,1*0.04,P25*0.04))+(IF(Q25=2,1*0.04,Q25*0.04))+(IF(R25=2,1*0.04,R25*0.04))+(IF(S25=2,1*0.04,S25*0.04))+(IF(T25=2,1*0.04,T25*0.04))+(IF(U25=2,1*0.04,U25*0.04))+(IF(V25=2,1*0.04,V25*0.04))+(IF(W25=2,1*0.04,W25*0.04))+(IF(X25=2,1*0.04,X25*0.04))+(IF(Y25=2,1*0.04,Y25*0.04))+(IF(Z25=2,1*0.04,Z25*0.04))+(IF(AA25=2,1*0.04,AA25*0.04))+(IF(AB25=2,1*0.04,AB25*0.04))+(IF(AC25=2,1*0.04,AC25*0.04)))*AD25 -> 0
A26: 19 | AD26: 0.15 | AE26: =((IF(E26=2,1*0.04,E26*0.04))+(IF(F26=2,1*0.04,F26*0.04))+(IF(G26=2,1*0.04,G26*0.04))+(IF(H26=2,1*0.04,H26*0.04))+(IF(I26=2,1*0.04,I26*0.04))+(IF(J26=2,1*0.04,J26*0.04))+(IF(K26=2,1*0.04,K26*0.04))+(IF(L26=2,1*0.04,L26*0.04))+(IF(M26=2,1*0.04,M26*0.04))+(IF(N26=2,1*0.04,N26*0.04))+(IF(O26=2,1*0.04,O26*0.04))+(IF(P26=2,1*0.04,P26*0.04))+(IF(Q26=2,1*0.04,Q26*0.04))+(IF(R26=2,1*0.04,R26*0.04))+(IF(S26=2,1*0.04,S26*0.04))+(IF(T26=2,1*0.04,T26*0.04))+(IF(U26=2,1*0.04,U26*0.04))+(IF(V26=2,1*0.04,V26*0.04))+(IF(W26=2,1*0.04,W26*0.04))+(IF(X26=2,1*0.04,X26*0.04))+(IF(Y26=2,1*0.04,Y26*0.04))+(IF(Z26=2,1*0.04,Z26*0.04))+(IF(AA26=2,1*0.04,AA26*0.04))+(IF(AB26=2,1*0.04,AB26*0.04))+(IF(AC26=2,1*0.04,AC26*0.04)))*AD26 -> 0
A27: 20 | AD27: 0.15 | AE27: =((IF(E27=2,1*0.04,E27*0.04))+(IF(F27=2,1*0.04,F27*0.04))+(IF(G27=2,1*0.04,G27*0.04))+(IF(H27=2,1*0.04,H27*0.04))+(IF(I27=2,1*0.04,I27*0.04))+(IF(J27=2,1*0.04,J27*0.04))+(IF(K27=2,1*0.04,K27*0.04))+(IF(L27=2,1*0.04,L27*0.04))+(IF(M27=2,1*0.04,M27*0.04))+(IF(N27=2,1*0.04,N27*0.04))+(IF(O27=2,1*0.04,O27*0.04))+(IF(P27=2,1*0.04,P27*0.04))+(IF(Q27=2,1*0.04,Q27*0.04))+(IF(R27=2,1*0.04,R27*0.04))+(IF(S27=2,1*0.04,S27*0.04))+(IF(T27=2,1*0.04,T27*0.04))+(IF(U27=2,1*0.04,U27*0.04))+(IF(V27=2,1*0.04,V27*0.04))+(IF(W27=2,1*0.04,W27*0.04))+(IF(X27=2,1*0.04,X27*0.04))+(IF(Y27=2,1*0.04,Y27*0.04))+(IF(Z27=2,1*0.04,Z27*0.04))+(IF(AA27=2,1*0.04,AA27*0.04))+(IF(AB27=2,1*0.04,AB27*0.04))+(IF(AC27=2,1*0.04,AC27*0.04)))*AD27 -> 0
A28: 21 | AD28: 0.15 | AE28: =((IF(E28=2,1*0.04,E28*0.04))+(IF(F28=2,1*0.04,F28*0.04))+(IF(G28=2,1*0.04,G28*0.04))+(IF(H28=2,1*0.04,H28*0.04))+(IF(I28=2,1*0.04,I28*0.04))+(IF(J28=2,1*0.04,J28*0.04))+(IF(K28=2,1*0.04,K28*0.04))+(IF(L28=2,1*0.04,L28*0.04))+(IF(M28=2,1*0.04,M28*0.04))+(IF(N28=2,1*0.04,N28*0.04))+(IF(O28=2,1*0.04,O28*0.04))+(IF(P28=2,1*0.04,P28*0.04))+(IF(Q28=2,1*0.04,Q28*0.04))+(IF(R28=2,1*0.04,R28*0.04))+(IF(S28=2,1*0.04,S28*0.04))+(IF(T28=2,1*0.04,T28*0.04))+(IF(U28=2,1*0.04,U28*0.04))+(IF(V28=2,1*0.04,V28*0.04))+(IF(W28=2,1*0.04,W28*0.04))+(IF(X28=2,1*0.04,X28*0.04))+(IF(Y28=2,1*0.04,Y28*0.04))+(IF(Z28=2,1*0.04,Z28*0.04))+(IF(AA28=2,1*0.04,AA28*0.04))+(IF(AB28=2,1*0.04,AB28*0.04))+(IF(AC28=2,1*0.04,AC28*0.04)))*AD28 -> 0
A29: 22 | AD29: 0.15 | AE29: =((IF(E29=2,1*0.04,E29*0.04))+(IF(F29=2,1*0.04,F29*0.04))+(IF(G29=2,1*0.04,G29*0.04))+(IF(H29=2,1*0.04,H29*0.04))+(IF(I29=2,1*0.04,I29*0.04))+(IF(J29=2,1*0.04,J29*0.04))+(IF(K29=2,1*0.04,K29*0.04))+(IF(L29=2,1*0.04,L29*0.04))+(IF(M29=2,1*0.04,M29*0.04))+(IF(N29=2,1*0.04,N29*0.04))+(IF(O29=2,1*0.04,O29*0.04))+(IF(P29=2,1*0.04,P29*0.04))+(IF(Q29=2,1*0.04,Q29*0.04))+(IF(R29=2,1*0.04,R29*0.04))+(IF(S29=2,1*0.04,S29*0.04))+(IF(T29=2,1*0.04,T29*0.04))+(IF(U29=2,1*0.04,U29*0.04))+(IF(V29=2,1*0.04,V29*0.04))+(IF(W29=2,1*0.04,W29*0.04))+(IF(X29=2,1*0.04,X29*0.04))+(IF(Y29=2,1*0.04,Y29*0.04))+(IF(Z29=2,1*0.04,Z29*0.04))+(IF(AA29=2,1*0.04,AA29*0.04))+(IF(AB29=2,1*0.04,AB29*0.04))+(IF(AC29=2,1*0.04,AC29*0.04)))*AD29 -> 0
A30: 23 | AD30: 0.15 | AE30: =((IF(E30=2,1*0.04,E30*0.04))+(IF(F30=2,1*0.04,F30*0.04))+(IF(G30=2,1*0.04,G30*0.04))+(IF(H30=2,1*0.04,H30*0.04))+(IF(I30=2,1*0.04,I30*0.04))+(IF(J30=2,1*0.04,J30*0.04))+(IF(K30=2,1*0.04,K30*0.04))+(IF(L30=2,1*0.04,L30*0.04))+(IF(M30=2,1*0.04,M30*0.04))+(IF(N30=2,1*0.04,N30*0.04))+(IF(O30=2,1*0.04,O30*0.04))+(IF(P30=2,1*0.04,P30*0.04))+(IF(Q30=2,1*0.04,Q30*0.04))+(IF(R30=2,1*0.04,R30*0.04))+(IF(S30=2,1*0.04,S30*0.04))+(IF(T30=2,1*0.04,T30*0.04))+(IF(U30=2,1*0.04,U30*0.04))+(IF(V30=2,1*0.04,V30*0.04))+(IF(W30=2,1*0.04,W30*0.04))+(IF(X30=2,1*0.04,X30*0.04))+(IF(Y30=2,1*0.04,Y30*0.04))+(IF(Z30=2,1*0.04,Z30*0.04))+(IF(AA30=2,1*0.04,AA30*0.04))+(IF(AB30=2,1*0.04,AB30*0.04))+(IF(AC30=2,1*0.04,AC30*0.04)))*AD30 -> 0
A31: 24 | AD31: 0.15 | AE31: =((IF(E31=2,1*0.04,E31*0.04))+(IF(F31=2,1*0.04,F31*0.04))+(IF(G31=2,1*0.04,G31*0.04))+(IF(H31=2,1*0.04,H31*0.04))+(IF(I31=2,1*0.04,I31*0.04))+(IF(J31=2,1*0.04,J31*0.04))+(IF(K31=2,1*0.04,K31*0.04))+(IF(L31=2,1*0.04,L31*0.04))+(IF(M31=2,1*0.04,M31*0.04))+(IF(N31=2,1*0.04,N31*0.04))+(IF(O31=2,1*0.04,O31*0.04))+(IF(P31=2,1*0.04,P31*0.04))+(IF(Q31=2,1*0.04,Q31*0.04))+(IF(R31=2,1*0.04,R31*0.04))+(IF(S31=2,1*0.04,S31*0.04))+(IF(T31=2,1*0.04,T31*0.04))+(IF(U31=2,1*0.04,U31*0.04))+(IF(V31=2,1*0.04,V31*0.04))+(IF(W31=2,1*0.04,W31*0.04))+(IF(X31=2,1*0.04,X31*0.04))+(IF(Y31=2,1*0.04,Y31*0.04))+(IF(Z31=2,1*0.04,Z31*0.04))+(IF(AA31=2,1*0.04,AA31*0.04))+(IF(AB31=2,1*0.04,AB31*0.04))+(IF(AC31=2,1*0.04,AC31*0.04)))*AD31 -> 0
A32: 25 | AD32: 0.15 | AE32: =((IF(E32=2,1*0.04,E32*0.04))+(IF(F32=2,1*0.04,F32*0.04))+(IF(G32=2,1*0.04,G32*0.04))+(IF(H32=2,1*0.04,H32*0.04))+(IF(I32=2,1*0.04,I32*0.04))+(IF(J32=2,1*0.04,J32*0.04))+(IF(K32=2,1*0.04,K32*0.04))+(IF(L32=2,1*0.04,L32*0.04))+(IF(M32=2,1*0.04,M32*0.04))+(IF(N32=2,1*0.04,N32*0.04))+(IF(O32=2,1*0.04,O32*0.04))+(IF(P32=2,1*0.04,P32*0.04))+(IF(Q32=2,1*0.04,Q32*0.04))+(IF(R32=2,1*0.04,R32*0.04))+(IF(S32=2,1*0.04,S32*0.04))+(IF(T32=2,1*0.04,T32*0.04))+(IF(U32=2,1*0.04,U32*0.04))+(IF(V32=2,1*0.04,V32*0.04))+(IF(W32=2,1*0.04,W32*0.04))+(IF(X32=2,1*0.04,X32*0.04))+(IF(Y32=2,1*0.04,Y32*0.04))+(IF(Z32=2,1*0.04,Z32*0.04))+(IF(AA32=2,1*0.04,AA32*0.04))+(IF(AB32=2,1*0.04,AB32*0.04))+(IF(AC32=2,1*0.04,AC32*0.04)))*AD32 -> 0
A33: 26 | AD33: 0.15 | AE33: =((IF(E33=2,1*0.04,E33*0.04))+(IF(F33=2,1*0.04,F33*0.04))+(IF(G33=2,1*0.04,G33*0.04))+(IF(H33=2,1*0.04,H33*0.04))+(IF(I33=2,1*0.04,I33*0.04))+(IF(J33=2,1*0.04,J33*0.04))+(IF(K33=2,1*0.04,K33*0.04))+(IF(L33=2,1*0.04,L33*0.04))+(IF(M33=2,1*0.04,M33*0.04))+(IF(N33=2,1*0.04,N33*0.04))+(IF(O33=2,1*0.04,O33*0.04))+(IF(P33=2,1*0.04,P33*0.04))+(IF(Q33=2,1*0.04,Q33*0.04))+(IF(R33=2,1*0.04,R33*0.04))+(IF(S33=2,1*0.04,S33*0.04))+(IF(T33=2,1*0.04,T33*0.04))+(IF(U33=2,1*0.04,U33*0.04))+(IF(V33=2,1*0.04,V33*0.04))+(IF(W33=2,1*0.04,W33*0.04))+(IF(X33=2,1*0.04,X33*0.04))+(IF(Y33=2,1*0.04,Y33*0.04))+(IF(Z33=2,1*0.04,Z33*0.04))+(IF(AA33=2,1*0.04,AA33*0.04))+(IF(AB33=2,1*0.04,AB33*0.04))+(IF(AC33=2,1*0.04,AC33*0.04)))*AD33 -> 0
A34: 27 | AD34: 0.15 | AE34: =((IF(E34=2,1*0.04,E34*0.04))+(IF(F34=2,1*0.04,F34*0.04))+(IF(G34=2,1*0.04,G34*0.04))+(IF(H34=2,1*0.04,H34*0.04))+(IF(I34=2,1*0.04,I34*0.04))+(IF(J34=2,1*0.04,J34*0.04))+(IF(K34=2,1*0.04,K34*0.04))+(IF(L34=2,1*0.04,L34*0.04))+(IF(M34=2,1*0.04,M34*0.04))+(IF(N34=2,1*0.04,N34*0.04))+(IF(O34=2,1*0.04,O34*0.04))+(IF(P34=2,1*0.04,P34*0.04))+(IF(Q34=2,1*0.04,Q34*0.04))+(IF(R34=2,1*0.04,R34*0.04))+(IF(S34=2,1*0.04,S34*0.04))+(IF(T34=2,1*0.04,T34*0.04))+(IF(U34=2,1*0.04,U34*0.04))+(IF(V34=2,1*0.04,V34*0.04))+(IF(W34=2,1*0.04,W34*0.04))+(IF(X34=2,1*0.04,X34*0.04))+(IF(Y34=2,1*0.04,Y34*0.04))+(IF(Z34=2,1*0.04,Z34*0.04))+(IF(AA34=2,1*0.04,AA34*0.04))+(IF(AB34=2,1*0.04,AB34*0.04))+(IF(AC34=2,1*0.04,AC34*0.04)))*AD34 -> 0
A35: 28 | AD35: 0.15 | AE35: =((IF(E35=2,1*0.04,E35*0.04))+(IF(F35=2,1*0.04,F35*0.04))+(IF(G35=2,1*0.04,G35*0.04))+(IF(H35=2,1*0.04,H35*0.04))+(IF(I35=2,1*0.04,I35*0.04))+(IF(J35=2,1*0.04,J35*0.04))+(IF(K35=2,1*0.04,K35*0.04))+(IF(L35=2,1*0.04,L35*0.04))+(IF(M35=2,1*0.04,M35*0.04))+(IF(N35=2,1*0.04,N35*0.04))+(IF(O35=2,1*0.04,O35*0.04))+(IF(P35=2,1*0.04,P35*0.04))+(IF(Q35=2,1*0.04,Q35*0.04))+(IF(R35=2,1*0.04,R35*0.04))+(IF(S35=2,1*0.04,S35*0.04))+(IF(T35=2,1*0.04,T35*0.04))+(IF(U35=2,1*0.04,U35*0.04))+(IF(V35=2,1*0.04,V35*0.04))+(IF(W35=2,1*0.04,W35*0.04))+(IF(X35=2,1*0.04,X35*0.04))+(IF(Y35=2,1*0.04,Y35*0.04))+(IF(Z35=2,1*0.04,Z35*0.04))+(IF(AA35=2,1*0.04,AA35*0.04))+(IF(AB35=2,1*0.04,AB35*0.04))+(IF(AC35=2,1*0.04,AC35*0.04)))*AD35 -> 0
... A307: 300 | AD307: 0.15 | AE307: =((IF(E307=2,1*0.04,E307*0.04))+(IF(F307=2,1*0.04,F307*0.04))+(IF(G307=2,1*0.04,G307*0.04))+(IF(H307=2,1*0.04,H307*0.04))+(IF(I307=2,1*0.04,I307*0.04))+(IF(J307=2,1*0.04,J307*0.04))+(IF(K307=2,1*0.04,K307*0.04))+(IF(L307=2,1*0.04,L307*0.04))+(IF(M307=2,1*0.04,M307*0.04))+(IF(N307=2,1*0.04,N307*0.04))+(IF(O307=2,1*0.04,O307*0.04))+(IF(P307=2,1*0.04,P307*0.04))+(IF(Q307=2,1*0.04,Q307*0.04))+(IF(R307=2,1*0.04,R307*0.04))+(IF(S307=2,1*0.04,S307*0.04))+(IF(T307=2,1*0.04,T307*0.04))+(IF(U307=2,1*0.04,U307*0.04))+(IF(V307=2,1*0.04,V307*0.04))+(IF(W307=2,1*0.04,W307*0.04))+(IF(X307=2,1*0.04,X307*0.04))+(IF(Y307=2,1*0.04,Y307*0.04))+(IF(Z307=2,1*0.04,Z307*0.04))+(IF(AA307=2,1*0.04,AA307*0.04))+(IF(AB307=2,1*0.04,AB307*0.04))+(IF(AC307=2,1*0.04,AC307*0.04)))*AD307 -> 0
A309: * В случае, если в соответствии с законодательством Российской Федерации в отношении учреждения функции и полномочия учредителя осуществляют несколько органов государственной власти (местного самоуправления), указываются наименования всех органов, осуществляющих функции и полномочия учредителя.

Sheet Таблица 2
M1: Таблица 2
A2: Оценка полноты размещения информации о государственном (муниципальном) задании на оказание государственных (муниципальных) услуг (выполнение работ) и его исполнении
A4: № п/п | B4: Наименование ИОГВ, муниципального образования | C4: Полное наименование учреждения, обособленного структурного подразделения учреждения (далее - учреждение) | D4: Дата последних изменений, внесенных учреждениями на сайт bus.gov.ru | E4: Показатели раздела II структурированной информации "Информация о гоcударственном (муниципальном) задании на оказание услуг (выполнение работ) и его исполнении" | K4: Максимальная величина показателя раздела II -R max | L4: Фактическая величина показателя раздела II - RII fact | M4: Комментарий (если значение показателя принимает условные значения: 0 или 2)
E5: 26. Сведения о финансовом периоде, на который установлено государственное (муниципальное) задание | F5: 27. Сведения о государственных (муниципальных) услугах (далее - услуги) | G5: 28. Показатели, характеризующие качество услуги (при наличии) | H5: 29. Показатели объема услуги | I5: 30. Возможность взимания платы за услугу в рамках государственного (муниципального) задания (при наличии) | J5: 31. Сведения о работах
E6: вес - 0,17 | F6: вес - 0,17 | G6: вес - 0,17 | H6: вес - 0,17 | I6: вес - 0,15 | J6: вес - 0,17
A7: 1 | B7: 2 | C7: 3 | D7: 4 | E7: 5 | F7: 6 | G7: 7 | H7: 8 | I7: 9 | J7: 10 | K7: 11 | L7: 12 | M7: 13
A8: 1 | B8: ='Таблица 1'!B8 -> Администрация ЗАТО город Заозерск | C8: ='Таблица 1'!C8 -> Муниципальное казенное учреждение "Многофункциональный центр предоставления государственных и муниципальных услуг ЗАТО город Заозерск" | D8: ='Таблица 1'!D8 -> 44215 | E8: 2 | F8: 2 | G8: 2 | H8: 2 | I8: 2 | J8: 2 | K8: 0.2 | L8: =((IF(E8=2,1*0.17,E8*0.17))+(IF(F8=2,1*0.17,F8*0.17))+(IF(G8=2,1*0.17,G8*0.17))+(IF(H8=2,1*0.17,H8*0.17))+(IF(I8=2,1*0.15,I8*0.15))+(IF(J8=2,1*0.17,J8*0.17)))*K8 -> 0.2 | M8: Для казенных учреждений не предусмотрено
A9: 2 | B9: ='Таблица 1'!B9 -> Администрация ЗАТО город Заозерск | C9: ='Таблица 1'!C9 -> Муниципальное казенное учреждение "Центр по ГО и ЧС ЗАТО город Зоазерск" | D9: ='Таблица 1'!D9 -> 44215 | E9: 2 | F9: 2 | G9: 2 | H9: 2 | I9: 2 | J9: 2 | K9: 0.2 | L9: =((IF(E9=2,1*0.17,E9*0.17))+(IF(F9=2,1*0.17,F9*0.17))+(IF(G9=2,1*0.17,G9*0.17))+(IF(H9=2,1*0.17,H9*0.17))+(IF(I9=2,1*0.15,I9*0.15))+(IF(J9=2,1*0.17,J9*0.17)))*K9 -> 0.2 | M9: Для казенных учреждений не предусмотрено
A10: 3 | B10: ='Таблица 1'!B10 -> Администрация ЗАТО город Заозерск | C10: ='Таблица 1'!C10 -> Муниципальное общеобразовательное учреждение "Средняя общеобразовательная школа № 289 с углубленным изучением отдельных предметов" | D10: ='Таблица 1'!D10 -> 43934 | E10: 1 | F10: 1 | G10: 2 | H10: 1 | I10: 2 | J10: 2 | K10: 0.2 | L10: =((IF(E10=2,1*0.17,E10*0.17))+(IF(F10=2,1*0.17,F10*0.17))+(IF(G10=2,1*0.17,G10*0.17))+(IF(H10=2,1*0.17,H10*0.17))+(IF(I10=2,1*0.15,I10*0.15))+(IF(J10=2,1*0.17,J10*0.17)))*K10 -> 0.2 | M10: п.30 учреждение платные услуги не оказывает.
A11: 4 | B11: ='Таблица 1'!B11 -> Администрация ЗАТО город Заозерск | C11: ='Таблица 1'!C11 -> Муниципальное учреждение "Заозерский комитет по телерадиовещанию и печати" | D11: ='Таблица 1'!D11 -> 44215 | E11: 1 | F11: 1 | G11: 1 | H11: 1 | I11: 1 | J11: 2 | K11: 0.2 | L11: =((IF(E11=2,1*0.17,E11*0.17))+(IF(F11=2,1*0.17,F11*0.17))+(IF(G11=2,1*0.17,G11*0.17))+(IF(H11=2,1*0.17,H11*0.17))+(IF(I11=2,1*0.15,I11*0.15))+(IF(J11=2,1*0.17,J11*0.17)))*K11 -> 0.2 | M11: п.31-МЗ на оказание услуг
A12: 5 | B12: ='Таблица 1'!B12 -> Администрация ЗАТО город Заозерск | C12: ='Таблица 1'!C12 -> Муниципальное учреждения дополнительного образования детей Детская музыкальная школа г. Заозерск | D12: ='Таблица 1'!D12 -> 44209 | E12: 1 | F12: 1 | G12: 1 | H12: 1 | I12: 1 | J12: 2 | K12: 0.2 | L12: =((IF(E12=2,1*0.17,E12*0.17))+(IF(F12=2,1*0.17,F12*0.17))+(IF(G12=2,1*0.17,G12*0.17))+(IF(H12=2,1*0.17,H12*0.17))+(IF(I12=2,1*0.15,I12*0.15))+(IF(J12=2,1*0.17,J12*0.17)))*K12 -> 0.2 | M12: п.31-МЗ на оказание услуг
A13: 6 | B13: ='Таблица 1'!B13 -> Администрация ЗАТО город Заозерск | C13: ='Таблица 1'!C13 -> Муниципальное общеобразовательное учреждение "Основная общеобразовательная школа №288 с углубленным изучением отдельных предметов имени Героя Советского Союза Л.Г. Осипенко" | D13: ='Таблица 1'!D13 -> 44148 | E13: 1 | F13: 1 | G13: 1 | H13: 1 | I13: 2 | J13: 2 | K13: 0.2 | L13: =((IF(E13=2,1*0.17,E13*0.17))+(IF(F13=2,1*0.17,F13*0.17))+(IF(G13=2,1*0.17,G13*0.17))+(IF(H13=2,1*0.17,H13*0.17))+(IF(I13=2,1*0.15,I13*0.15))+(IF(J13=2,1*0.17,J13*0.17)))*K13 -> 0.2 | M13: п. 30- не предусмотрено, п.31-МЗ на оказание услуг
A14: 7 | B14: ='Таблица 1'!B14 -> Администрация ЗАТО город Заозерск | C14: ='Таблица 1'!C14 -> Муниципальное учреждение культуры ЗАТО город Заозерск "Центр культуры и библиотечного обслуживания" | D14: ='Таблица 1'!D14 -> 44167 | E14: 1 | F14: 1 | G14: 1 | H14: 1 | I14: 2 | J14: 2 | K14: 0.2 | L14: =((IF(E14=2,1*0.17,E14*0.17))+(IF(F14=2,1*0.17,F14*0.17))+(IF(G14=2,1*0.17,G14*0.17))+(IF(H14=2,1*0.17,H14*0.17))+(IF(I14=2,1*0.15,I14*0.15))+(IF(J14=2,1*0.17,J14*0.17)))*K14 -> 0.2 | M14: п. 30- не предусмотрено, п.31-МЗ на оказание услуг
A15: 8 | B15: ='Таблица 1'!B15 -> Администрация ЗАТО город Заозерск | C15: ='Таблица 1'!C15 -> Муниципальное бюджетное образовательное учреждение дополнительного образования детей "Детско-юношеская спортивная школа" | D15: ='Таблица 1'!D15 -> 44215 | E15: 1 | F15: 1 | G15: 1 | H15: 1 | I15: 2 | J15: 2 | K15: 0.2 | L15: =((IF(E15=2,1*0.17,E15*0.17))+(IF(F15=2,1*0.17,F15*0.17))+(IF(G15=2,1*0.17,G15*0.17))+(IF(H15=2,1*0.17,H15*0.17))+(IF(I15=2,1*0.15,I15*0.15))+(IF(J15=2,1*0.17,J15*0.17)))*K15 -> 0.2 | M15: п. 30- не предусмотрено, п.31-МЗ на оказание услуг
A16: 9 | B16: ='Таблица 1'!B16 -> Администрация ЗАТО город Заозерск | C16: ='Таблица 1'!C16 -> Муниципальное дошкольное образовательное учреждение детский сад комбинированного вида № 2 "Радуга" | D16: ='Таблица 1'!D16 -> 44214 | E16: 1 | F16: 1 | G16: 1 | H16: 1 | I16: 1 | J16: 2 | K16: 0.2 | L16: =((IF(E16=2,1*0.17,E16*0.17))+(IF(F16=2,1*0.17,F16*0.17))+(IF(G16=2,1*0.17,G16*0.17))+(IF(H16=2,1*0.17,H16*0.17))+(IF(I16=2,1*0.15,I16*0.15))+(IF(J16=2,1*0.17,J16*0.17)))*K16 -> 0.2 | M16: п.31-МЗ на оказание услуг
A17: 10 | B17: ='Таблица 1'!B17 -> Администрация ЗАТО город Заозерск | C17: ='Таблица 1'!C17 -> Муниципальное казенное учреждение "Центр ресурсного и бухгалтерского обслуживания" | D17: ='Таблица 1'!D17 -> 43935 | E17: 2 | F17: 2 | G17: 2 | H17: 2 | I17: 2 | J17: 2 | K17: 0.2 | L17: =((IF(E17=2,1*0.17,E17*0.17))+(IF(F17=2,1*0.17,F17*0.17))+(IF(G17=2,1*0.17,G17*0.17))+(IF(H17=2,1*0.17,H17*0.17))+(IF(I17=2,1*0.15,I17*0.15))+(IF(J17=2,1*0.17,J17*0.17)))*K17 -> 0.2 | M17: Для казенных учреждений не предусмотрено
A18: 11 | B18: ='Таблица 1'!B18 -> Администрация ЗАТО город Заозерск | C18: ='Таблица 1'!C18 -> Муниципальное дошкольное образовательное учреждение детский сад комбинированного вида № 4 "Сказка" | D18: ='Таблица 1'!D18 -> 44209 | E18: 1 | F18: 1 | G18: 1 | H18: 1 | I18: 1 | J18: 2 | K18: 0.2 | L18: =((IF(E18=2,1*0.17,E18*0.17))+(IF(F18=2,1*0.17,F18*0.17))+(IF(G18=2,1*0.17,G18*0.17))+(IF(H18=2,1*0.17,H18*0.17))+(IF(I18=2,1*0.15,I18*0.15))+(IF(J18=2,1*0.17,J18*0.17)))*K18 -> 0.2 | M18: п.31-МЗ на оказание услуг
A19: 12 | B19: ='Таблица 1'!B19 -> Администрация ЗАТО город Заозерск | C19: ='Таблица 1'!C19 -> Муниципальное казенное учреждение "Управление городским хозяйством" | D19: ='Таблица 1'!D19 -> 44113 | E19: 2 | F19: 2 | G19: 2 | H19: 2 | I19: 2 | J19: 2 | K19: 0.2 | L19: =((IF(E19=2,1*0.17,E19*0.17))+(IF(F19=2,1*0.17,F19*0.17))+(IF(G19=2,1*0.17,G19*0.17))+(IF(H19=2,1*0.17,H19*0.17))+(IF(I19=2,1*0.15,I19*0.15))+(IF(J19=2,1*0.17,J19*0.17)))*K19 -> 0.2 | M19: Для казенных учреждений не предусмотрено
... A23: 16 | B23: ='Таблица 1'!B23 -> Администрация ЗАТО город Заозерск | C23: ='Таблица 1'!C23 -> Муниципальное казенное учреждение "Управление образования ЗАТО город Заозерск" | D23: ='Таблица 1'!D23 -> 44215 | E23: 2 | F23: 2 | G23: 2 | H23: 2 | I23: 2 | J23: 2 | K23: 0.2 | L23: =((IF(E23=2,1*0.17,E23*0.17))+(IF(F23=2,1*0.17,F23*0.17))+(IF(G23=2,1*0.17,G23*0.17))+(IF(H23=2,1*0.17,H23*0.17))+(IF(I23=2,1*0.15,I23*0.15))+(IF(J23=2,1*0.17,J23*0.17)))*K23 -> 0.2 | M23: Для казенных учреждений не предусмотрено
A24: 17 | B24: ='Таблица 1'!B24 -> 0 | C24: ='Таблица 1'!C24 -> 0 | K24: 0.2 | L24: =((IF(E24=2,1*0.17,E24*0.17))+(IF(F24=2,1*0.17,F24*0.17))+(IF(G24=2,1*0.17,G24*0.17))+(IF(H24=2,1*0.17,H24*0.17))+(IF(I24=2,1*0.15,I24*0.15))+(IF(J24=2,1*0.17,J24*0.17)))*K24 -> 0
A25: 18 | B25: ='Таблица 1'!B25 -> 0 | C25: ='Таблица 1'!C25 -> 0 | K25: 0.2 | L25: =((IF(E25=2,1*0.17,E25*0.17))+(IF(F25=2,1*0.17,F25*0.17))+(IF(G25=2,1*0.17,G25*0.17))+(IF(H25=2,1*0.17,H25*0.17))+(IF(I25=2,1*0.15,I25*0.15))+(IF(J25=2,1*0.17,J25*0.17)))*K25 -> 0
A26: 19 | B26: ='Таблица 1'!B26 -> 0 | C26: ='Таблица 1'!C26 -> 0 | K26: 0.2 | L26: =((IF(E26=2,1*0.17,E26*0.17))+(IF(F26=2,1*0.17,F26*0.17))+(IF(G26=2,1*0.17,G26*0.17))+(IF(H26=2,1*0.17,H26*0.17))+(IF(I26=2,1*0.15,I26*0.15))+(IF(J26=2,1*0.17,J26*0.17)))*K26 -> 0
A27: 20 | B27: ='Таблица 1'!B27 -> 0 | C27: ='Таблица 1'!C27 -> 0 | K27: 0.2 | L27: =((IF(E27=2,1*0.17,E27*0.17))+(IF(F27=2,1*0.17,F27*0.17))+(IF(G27=2,1*0.17,G27*0.17))+(IF(H27=2,1*0.17,H27*0.17))+(IF(I27=2,1*0.15,I27*0.15))+(IF(J27=2,1*0.17,J27*0.17)))*K27 -> 0
A28: 21 | B28: ='Таблица 1'!B28 -> 0 | C28: ='Таблица 1'!C28 -> 0 | K28: 0.2 | L28: =((IF(E28=2,1*0.17,E28*0.17))+(IF(F28=2,1*0.17,F28*0.17))+(IF(G28=2,1*0.17,G28*0.17))+(IF(H28=2,1*0.17,H28*0.17))+(IF(I28=2,1*0.15,I28*0.15))+(IF(J28=2,1*0.17,J28*0.17)))*K28 -> 0
A29: 22 | B29: ='Таблица 1'!B29 -> 0 | C29: ='Таблица 1'!C29 -> 0 | K29: 0.2 | L29: =((IF(E29=2,1*0.17,E29*0.17))+(IF(F29=2,1*0.17,F29*0.17))+(IF(G29=2,1*0.17,G29*0.17))+(IF(H29=2,1*0.17,H29*0.17))+(IF(I29=2,1*0.15,I29*0.15))+(IF(J29=2,1*0.17,J29*0.17)))*K29 -> 0
A30: 23 | B30: ='Таблица 1'!B30 -> 0 | C30: ='Таблица 1'!C30 -> 0 | K30: 0.2 | L30: =((IF(E30=2,1*0.17,E30*0.17))+(IF(F30=2,1*0.17,F30*0.17))+(IF(G30=2,1*0.17,G30*0.17))+(IF(H30=2,1*0.17,H30*0.17))+(IF(I30=2,1*0.15,I30*0.15))+(IF(J30=2,1*0.17,J30*0.17)))*K30 -> 0
A31: 24 | B31: ='Таблица 1'!B31 -> 0 | C31: ='Таблица 1'!C31 -> 0 | K31: 0.2 | L31: =((IF(E31=2,1*0.17,E31*0.17))+(IF(F31=2,1*0.17,F31*0.17))+(IF(G31=2,1*0.17,G31*0.17))+(IF(H31=2,1*0.17,H31*0.17))+(IF(I31=2,1*0.15,I31*0.15))+(IF(J31=2,1*0.17,J31*0.17)))*K31 -> 0
A32: 25 | B32: ='Таблица 1'!B32 -> 0 | C32: ='Таблица 1'!C32 -> 0 | K32: 0.2 | L32: =((IF(E32=2,1*0.17,E32*0.17))+(IF(F32=2,1*0.17,F32*0.17))+(IF(G32=2,1*0.17,G32*0.17))+(IF(H32=2,1*0.17,H32*0.17))+(IF(I32=2,1*0.15,I32*0.15))+(IF(J32=2,1*0.17,J32*0.17)))*K32 -> 0
A33: 26 | B33: ='Таблица 1'!B33 -> 0 | C33: ='Таблица 1'!C33 -> 0 | K33: 0.2 | L33: =((IF(E33=2,1*0.17,E33*0.17))+(IF(F33=2,1*0.17,F33*0.17))+(IF(G33=2,1*0.17,G33*0.17))+(IF(H33=2,1*0.17,H33*0.17))+(IF(I33=2,1*0.15,I33*0.15))+(IF(J33=2,1*0.17,J33*0.17)))*K33 -> 0
A34: 27 | B34: ='Таблица 1'!B34 -> 0 | C34: ='Таблица 1'!C34 -> 0 | K34: 0.2 | L34: =((IF(E34=2,1*0.17,E34*0.17))+(IF(F34=2,1*0.17,F34*0.17))+(IF(G34=2,1*0.17,G34*0.17))+(IF(H34=2,1*0.17,H34*0.17))+(IF(I34=2,1*0.15,I34*0.15))+(IF(J34=2,1*0.17,J34*0.17)))*K34 -> 0
A35: 28 | B35: ='Таблица 1'!B35 -> 0 | C35: ='Таблица 1'!C35 -> 0 | K35: 0.2 | L35: =((IF(E35=2,1*0.17,E35*0.17))+(IF(F35=2,1*0.17,F35*0.17))+(IF(G35=2,1*0.17,G35*0.17))+(IF(H35=2,1*0.17,H35*0.17))+(IF(I35=2,1*0.15,I35*0.15))+(IF(J35=2,1*0.17,J35*0.17)))*K35 -> 0
... A307: 300 | B307: ='Таблица 1'!B307 -> 0 | C307: ='Таблица 1'!C307 -> 0 | K307: 0.2 | L307: =((IF(E307=2,1*0.17,E307*0.17))+(IF(F307=2,1*0.17,F307*0.17))+(IF(G307=2,1*0.17,G307*0.17))+(IF(H307=2,1*0.17,H307*0.17))+(IF(I307=2,1*0.15,I307*0.15))+(IF(J307=2,1*0.17,J307*0.17)))*K307 -> 0

Sheet Таблица 3
M1: Таблица 3
A2: Оценка полноты размещения информации о плане финансово-хозяйственной деятельности
A4: № п/п | B4: Наименование ИОГВ, муниципального образования | C4: Полное наименование учреждения, обособленного структурного подразделения учреждения (далее - учреждение) | D4: Дата последних изменений, внесенных учреждениями на сайт bus.gov.ru | E4: Показатели раздела III структурированной информации "Информация о ПФХД" | L4: Коэффициент условных значений по разделу III | M4: Комментарий (если значение показателя принимает условные значения: 0 или 2)
E5: 32. Сведения о финансовом периоде, на который формируется план финансово-хозяйственной деятельности учреждения | F5: 33. Сведения о нефинансовых активах | G5: 34. Сведения о финансовых активах | H5: 35. Сведения об обязательствах | I5: 36. Сведения о планируемых суммах поступлений | J5: 37. Сведения о планируемых суммах выплат | K5: 38. Планируемая сумма выплат по публичным обязательствам
E6: вес - 0,16 | F6: вес - 0,14 | G6: вес - 0,14 | H6: вес - 0,14 | I6: вес - 0,14 | J6: вес - 0,14 | K6: вес - 0,14
A7: 1 | B7: 2 | C7: 3 | D7: 4 | E7: 5 | F7: 6 | G7: 7 | H7: 8 | I7: 9 | J7: 10 | K7: 11 | L7: 12 | M7: 13
A8: 1 | B8: ='Таблица 1'!B8 -> Администрация ЗАТО город Заозерск | C8: ='Таблица 1'!C8 -> Муниципальное казенное учреждение "Многофункциональный центр предоставления государственных и муниципальных услуг ЗАТО город Заозерск" | D8: ='Таблица 1'!D8 -> 44215 | E8: 2 | F8: 2 | G8: 2 | H8: 2 | I8: 2 | J8: 2 | K8: 2 | L8: =IF(E8=2,2,IF(E8=2,1*0.16,E8*0.16)+IF(F8=2,1*0.14,F8*0.14)+IF(G8=2,1*0.14,G8*0.14)+IF(H8=2,1*0.14,H8*0.14)+IF(I8=2,1*0.14,I8*0.14)+IF(J8=2,1*0.14,J8*0.14)+IF(K8=2,1*0.14,K8*0.14)) -> 2 | M8: Для казенных учреждений не предусмотрено
A9: 2 | B9: ='Таблица 1'!B9 -> Администрация ЗАТО город Заозерск | C9: ='Таблица 1'!C9 -> Муниципальное казенное учреждение "Центр по ГО и ЧС ЗАТО город Зоазерск" | D9: ='Таблица 1'!D9 -> 44215 | E9: 2 | F9: 2 | G9: 2 | H9: 2 | I9: 2 | J9: 2 | K9: 2 | L9: =IF(E9=2,2,IF(E9=2,1*0.16,E9*0.16)+IF(F9=2,1*0.14,F9*0.14)+IF(G9=2,1*0.14,G9*0.14)+IF(H9=2,1*0.14,H9*0.14)+IF(I9=2,1*0.14,I9*0.14)+IF(J9=2,1*0.14,J9*0.14)+IF(K9=2,1*0.14,K9*0.14)) -> 2 | M9: Для казенных учреждений не предусмотрено
A10: 3 | B10: ='Таблица 1'!B10 -> Администрация ЗАТО город Заозерск | C10: ='Таблица 1'!C10 -> Муниципальное общеобразовательное учреждение "Средняя общеобразовательная школа № 289 с углубленным изучением отдельных предметов" | D10: ='Таблица 1'!D10 -> 43934 | E10: 1 | F10: 1 | G10: 1 | H10: 1 | I10: 1 | J10: 1 | K10: 1 | L10: =IF(E10=2,2,IF(E10=2,1*0.16,E10*0.16)+IF(F10=2,1*0.14,F10*0.14)+IF(G10=2,1*0.14,G10*0.14)+IF(H10=2,1*0.14,H10*0.14)+IF(I10=2,1*0.14,I10*0.14)+IF(J10=2,1*0.14,J10*0.14)+IF(K10=2,1*0.14,K10*0.14)) -> 1
A11: 4 | B11: ='Таблица 1'!B11 -> Администрация ЗАТО город Заозерск | C11: ='Таблица 1'!C11 -> Муниципальное учреждение "Заозерский комитет по телерадиовещанию и печати" | D11: ='Таблица 1'!D11 -> 44215 | E11: 1 | F11: 1 | G11: 1 | H11: 1 | I11: 1 | J11: 1 | K11: 1 | L11: =IF(E11=2,2,IF(E11=2,1*0.16,E11*0.16)+IF(F11=2,1*0.14,F11*0.14)+IF(G11=2,1*0.14,G11*0.14)+IF(H11=2,1*0.14,H11*0.14)+IF(I11=2,1*0.14,I11*0.14)+IF(J11=2,1*0.14,J11*0.14)+IF(K11=2,1*0.14,K11*0.14)) -> 1
A12: 5 | B12: ='Таблица 1'!B12 -> Администрация ЗАТО город Заозерск | C12: ='Таблица 1'!C12 -> Муниципальное учреждения дополнительного образования детей Детская музыкальная школа г. Заозерск | D12: ='Таблица 1'!D12 -> 44209 | E12: 1 | F12: 1 | G12: 1 | H12: 1 | I12: 1 | J12: 1 | K12: 1 | L12: =IF(E12=2,2,IF(E12=2,1*0.16,E12*0.16)+IF(F12=2,1*0.14,F12*0.14)+IF(G12=2,1*0.14,G12*0.14)+IF(H12=2,1*0.14,H12*0.14)+IF(I12=2,1*0.14,I12*0.14)+IF(J12=2,1*0.14,J12*0.14)+IF(K12=2,1*0.14,K12*0.14)) -> 1
A13: 6 | B13: ='Таблица 1'!B13 -> Администрация ЗАТО город Заозерск | C13: ='Таблица 1'!C13 -> Муниципальное общеобразовательное учреждение "Основная общеобразовательная школа №288 с углубленным изучением отдельных предметов имени Героя Советского Союза Л.Г. Осипенко" | D13: ='Таблица 1'!D13 -> 44148 | E13: 1 | F13: 1 | G13: 1 | H13: 1 | I13: 1 | J13: 1 | K13: 1 | L13: =IF(E13=2,2,IF(E13=2,1*0.16,E13*0.16)+IF(F13=2,1*0.14,F13*0.14)+IF(G13=2,1*0.14,G13*0.14)+IF(H13=2,1*0.14,H13*0.14)+IF(I13=2,1*0.14,I13*0.14)+IF(J13=2,1*0.14,J13*0.14)+IF(K13=2,1*0.14,K13*0.14)) -> 1
A14: 7 | B14: ='Таблица 1'!B14 -> Администрация ЗАТО город Заозерск | C14: ='Таблица 1'!C14 -> Муниципальное учреждение культуры ЗАТО город Заозерск "Центр культуры и библиотечного обслуживания" | D14: ='Таблица 1'!D14 -> 44167 | E14: 1 | F14: 1 | G14: 1 | H14: 1 | I14: 1 | J14: 1 | K14: 1 | L14: =IF(E14=2,2,IF(E14=2,1*0.16,E14*0.16)+IF(F14=2,1*0.14,F14*0.14)+IF(G14=2,1*0.14,G14*0.14)+IF(H14=2,1*0.14,H14*0.14)+IF(I14=2,1*0.14,I14*0.14)+IF(J14=2,1*0.14,J14*0.14)+IF(K14=2,1*0.14,K14*0.14)) -> 1
A15: 8 | B15: ='Таблица 1'!B15 -> Администрация ЗАТО город Заозерск | C15: ='Таблица 1'!C15 -> Муниципальное бюджетное образовательное учреждение дополнительного образования детей "Детско-юношеская спортивная школа" | D15: ='Таблица 1'!D15 -> 44215 | E15: 1 | F15: 1 | G15: 1 | H15: 1 | I15: 1 | J15: 1 | K15: 1 | L15: =IF(E15=2,2,IF(E15=2,1*0.16,E15*0.16)+IF(F15=2,1*0.14,F15*0.14)+IF(G15=2,1*0.14,G15*0.14)+IF(H15=2,1*0.14,H15*0.14)+IF(I15=2,1*0.14,I15*0.14)+IF(J15=2,1*0.14,J15*0.14)+IF(K15=2,1*0.14,K15*0.14)) -> 1
A16: 9 | B16: ='Таблица 1'!B16 -> Администрация ЗАТО город Заозерск | C16: ='Таблица 1'!C16 -> Муниципальное дошкольное образовательное учреждение детский сад комбинированного вида № 2 "Радуга" | D16: ='Таблица 1'!D16 -> 44214 | E16: 1 | F16: 1 | G16: 1 | H16: 1 | I16: 1 | J16: 1 | K16: 1 | L16: =IF(E16=2,2,IF(E16=2,1*0.16,E16*0.16)+IF(F16=2,1*0.14,F16*0.14)+IF(G16=2,1*0.14,G16*0.14)+IF(H16=2,1*0.14,H16*0.14)+IF(I16=2,1*0.14,I16*0.14)+IF(J16=2,1*0.14,J16*0.14)+IF(K16=2,1*0.14,K16*0.14)) -> 1
A17: 10 | B17: ='Таблица 1'!B17 -> Администрация ЗАТО город Заозерск | C17: ='Таблица 1'!C17 -> Муниципальное казенное учреждение "Центр ресурсного и бухгалтерского обслуживания" | D17: ='Таблица 1'!D17 -> 43935 | E17: 2 | F17: 2 | G17: 2 | H17: 2 | I17: 2 | J17: 2 | K17: 2 | L17: =IF(E17=2,2,IF(E17=2,1*0.16,E17*0.16)+IF(F17=2,1*0.14,F17*0.14)+IF(G17=2,1*0.14,G17*0.14)+IF(H17=2,1*0.14,H17*0.14)+IF(I17=2,1*0.14,I17*0.14)+IF(J17=2,1*0.14,J17*0.14)+IF(K17=2,1*0.14,K17*0.14)) -> 2 | M17: Для казенных учреждений не предусмотрено
A18: 11 | B18: ='Таблица 1'!B18 -> Администрация ЗАТО город Заозерск | C18: ='Таблица 1'!C18 -> Муниципальное дошкольное образовательное учреждение детский сад комбинированного вида № 4 "Сказка" | D18: ='Таблица 1'!D18 -> 44209 | E18: 1 | F18: 1 | G18: 1 | H18: 1 | I18: 1 | J18: 1 | K18: 1 | L18: =IF(E18=2,2,IF(E18=2,1*0.16,E18*0.16)+IF(F18=2,1*0.14,F18*0.14)+IF(G18=2,1*0.14,G18*0.14)+IF(H18=2,1*0.14,H18*0.14)+IF(I18=2,1*0.14,I18*0.14)+IF(J18=2,1*0.14,J18*0.14)+IF(K18=2,1*0.14,K18*0.14)) -> 1
A19: 12 | B19: ='Таблица 1'!B19 -> Администрация ЗАТО город Заозерск | C19: ='Таблица 1'!C19 -> Муниципальное казенное учреждение "Управление городским хозяйством" | D19: ='Таблица 1'!D19 -> 44113 | E19: 2 | F19: 2 | G19: 2 | H19: 2 | I19: 2 | J19: 2 | K19: 2 | L19: =IF(E19=2,2,IF(E19=2,1*0.16,E19*0.16)+IF(F19=2,1*0.14,F19*0.14)+IF(G19=2,1*0.14,G19*0.14)+IF(H19=2,1*0.14,H19*0.14)+IF(I19=2,1*0.14,I19*0.14)+IF(J19=2,1*0.14,J19*0.14)+IF(K19=2,1*0.14,K19*0.14)) -> 2 | M19: Для казенных учреждений не предусмотрено
A20: 13 | B20: ='Таблица 1'!B20 -> Администрация ЗАТО город Заозерск | C20: ='Таблица 1'!C20 -> Муниципальное образовательное учреждение дополнительного образования "Центр дополнительного образования детей" | D20: ='Таблица 1'!D20 -> 44211 | E20: 1 | F20: 1 | G20: 1 | H20: 1 | I20: 1 | J20: 1 | K20: 1 | L20: =IF(E20=2,2,IF(E20=2,1*0.16,E20*0.16)+IF(F20=2,1*0.14,F20*0.14)+IF(G20=2,1*0.14,G20*0.14)+IF(H20=2,1*0.14,H20*0.14)+IF(I20=2,1*0.14,I20*0.14)+IF(J20=2,1*0.14,J20*0.14)+IF(K20=2,1*0.14,K20*0.14)) -> 1
A21: 14 | B21: ='Таблица 1'!B21 -> Администрация ЗАТО город Заозерск | C21: ='Таблица 1'!C21 -> Муниципальное казенное учреждение "Служба заказчика" | D21: ='Таблица 1'!D21 -> 44113 | E21: 2 | F21: 2 | G21: 2 | H21: 2 | I21: 2 | J21: 2 | K21: 2 | L21: =IF(E21=2,2,IF(E21=2,1*0.16,E21*0.16)+IF(F21=2,1*0.14,F21*0.14)+IF(G21=2,1*0.14,G21*0.14)+IF(H21=2,1*0.14,H21*0.14)+IF(I21=2,1*0.14,I21*0.14)+IF(J21=2,1*0.14,J21*0.14)+IF(K21=2,1*0.14,K21*0.14)) -> 2 | M21: Для казенных учреждений не предусмотрено
A22: 15 | B22: ='Таблица 1'!B22 -> Администрация ЗАТО город Заозерск | C22: ='Таблица 1'!C22 -> Муниципальное казенное учреждение "Центр обеспечения функционирования органов местного самоуправления и муниципальных учреждений ЗАТО город Заозерск" | D22: ='Таблица 1'!D22 -> 44208 | E22: 2 | F22: 2 | G22: 2 | H22: 2 | I22: 2 | J22: 2 | K22: 2 | L22: =IF(E22=2,2,IF(E22=2,1*0.16,E22*0.16)+IF(F22=2,1*0.14,F22*0.14)+IF(G22=2,1*0.14,G22*0.14)+IF(H22=2,1*0.14,H22*0.14)+IF(I22=2,1*0.14,I22*0.14)+IF(J22=2,1*0.14,J22*0.14)+IF(K22=2,1*0.14,K22*0.14)) -> 2 | M22: Для казенных учреждений не предусмотрено
A23: 16 | B23: ='Таблица 1'!B23 -> Администрация ЗАТО город Заозерск | C23: ='Таблица 1'!C23 -> Муниципальное казенное учреждение "Управление образования ЗАТО город Заозерск" | D23: ='Таблица 1'!D23 -> 44215 | E23: 2 | F23: 2 | G23: 2 | H23: 2 | I23: 2 | J23: 2 | K23: 2 | L23: =IF(E23=2,2,IF(E23=2,1*0.16,E23*0.16)+IF(F23=2,1*0.14,F23*0.14)+IF(G23=2,1*0.14,G23*0.14)+IF(H23=2,1*0.14,H23*0.14)+IF(I23=2,1*0.14,I23*0.14)+IF(J23=2,1*0.14,J23*0.14)+IF(K23=2,1*0.14,K23*0.14)) -> 2 | M23: Для казенных учреждений не предусмотрено
A24: 17 | B24: ='Таблица 1'!B24 -> 0 | C24: ='Таблица 1'!C24 -> 0 | L24: =IF(E24=2,2,IF(E24=2,1*0.16,E24*0.16)+IF(F24=2,1*0.14,F24*0.14)+IF(G24=2,1*0.14,G24*0.14)+IF(H24=2,1*0.14,H24*0.14)+IF(I24=2,1*0.14,I24*0.14)+IF(J24=2,1*0.14,J24*0.14)+IF(K24=2,1*0.14,K24*0.14)) -> 0
A25: 18 | B25: ='Таблица 1'!B25 -> 0 | C25: ='Таблица 1'!C25 -> 0 | L25: =IF(E25=2,2,IF(E25=2,1*0.16,E25*0.16)+IF(F25=2,1*0.14,F25*0.14)+IF(G25=2,1*0.14,G25*0.14)+IF(H25=2,1*0.14,H25*0.14)+IF(I25=2,1*0.14,I25*0.14)+IF(J25=2,1*0.14,J25*0.14)+IF(K25=2,1*0.14,K25*0.14)) -> 0
A26: 19 | B26: ='Таблица 1'!B26 -> 0 | C26: ='Таблица 1'!C26 -> 0 | L26: =IF(E26=2,2,IF(E26=2,1*0.16,E26*0.16)+IF(F26=2,1*0.14,F26*0.14)+IF(G26=2,1*0.14,G26*0.14)+IF(H26=2,1*0.14,H26*0.14)+IF(I26=2,1*0.14,I26*0.14)+IF(J26=2,1*0.14,J26*0.14)+IF(K26=2,1*0.14,K26*0.14)) -> 0
A27: 20 | B27: ='Таблица 1'!B27 -> 0 | C27: ='Таблица 1'!C27 -> 0 | L27: =IF(E27=2,2,IF(E27=2,1*0.16,E27*0.16)+IF(F27=2,1*0.14,F27*0.14)+IF(G27=2,1*0.14,G27*0.14)+IF(H27=2,1*0.14,H27*0.14)+IF(I27=2,1*0.14,I27*0.14)+IF(J27=2,1*0.14,J27*0.14)+IF(K27=2,1*0.14,K27*0.14)) -> 0
A28: 21 | B28: ='Таблица 1'!B28 -> 0 | C28: ='Таблица 1'!C28 -> 0 | L28: =IF(E28=2,2,IF(E28=2,1*0.16,E28*0.16)+IF(F28=2,1*0.14,F28*0.14)+IF(G28=2,1*0.14,G28*0.14)+IF(H28=2,1*0.14,H28*0.14)+IF(I28=2,1*0.14,I28*0.14)+IF(J28=2,1*0.14,J28*0.14)+IF(K28=2,1*0.14,K28*0.14)) -> 0
A29: 22 | B29: ='Таблица 1'!B29 -> 0 | C29: ='Таблица 1'!C29 -> 0 | L29: =IF(E29=2,2,IF(E29=2,1*0.16,E29*0.16)+IF(F29=2,1*0.14,F29*0.14)+IF(G29=2,1*0.14,G29*0.14)+IF(H29=2,1*0.14,H29*0.14)+IF(I29=2,1*0.14,I29*0.14)+IF(J29=2,1*0.14,J29*0.14)+IF(K29=2,1*0.14,K29*0.14)) -> 0
A30: 23 | B30: ='Таблица 1'!B30 -> 0 | C30: ='Таблица 1'!C30 -> 0 | L30: =IF(E30=2,2,IF(E30=2,1*0.16,E30*0.16)+IF(F30=2,1*0.14,F30*0.14)+IF(G30=2,1*0.14,G30*0.14)+IF(H30=2,1*0.14,H30*0.14)+IF(I30=2,1*0.14,I30*0.14)+IF(J30=2,1*0.14,J30*0.14)+IF(K30=2,1*0.14,K30*0.14)) -> 0
A31: 24 | B31: ='Таблица 1'!B31 -> 0 | C31: ='Таблица 1'!C31 -> 0 | L31: =IF(E31=2,2,IF(E31=2,1*0.16,E31*0.16)+IF(F31=2,1*0.14,F31*0.14)+IF(G31=2,1*0.14,G31*0.14)+IF(H31=2,1*0.14,H31*0.14)+IF(I31=2,1*0.14,I31*0.14)+IF(J31=2,1*0.14,J31*0.14)+IF(K31=2,1*0.14,K31*0.14)) -> 0
A32: 25 | B32: ='Таблица 1'!B32 -> 0 | C32: ='Таблица 1'!C32 -> 0 | L32: =IF(E32=2,2,IF(E32=2,1*0.16,E32*0.16)+IF(F32=2,1*0.14,F32*0.14)+IF(G32=2,1*0.14,G32*0.14)+IF(H32=2,1*0.14,H32*0.14)+IF(I32=2,1*0.14,I32*0.14)+IF(J32=2,1*0.14,J32*0.14)+IF(K32=2,1*0.14,K32*0.14)) -> 0
A33: 26 | B33: ='Таблица 1'!B33 -> 0 | C33: ='Таблица 1'!C33 -> 0 | L33: =IF(E33=2,2,IF(E33=2,1*0.16,E33*0.16)+IF(F33=2,1*0.14,F33*0.14)+IF(G33=2,1*0.14,G33*0.14)+IF(H33=2,1*0.14,H33*0.14)+IF(I33=2,1*0.14,I33*0.14)+IF(J33=2,1*0.14,J33*0.14)+IF(K33=2,1*0.14,K33*0.14)) -> 0
A34: 27 | B34: ='Таблица 1'!B34 -> 0 | C34: ='Таблица 1'!C34 -> 0 | L34: =IF(E34=2,2,IF(E34=2,1*0.16,E34*0.16)+IF(F34=2,1*0.14,F34*0.14)+IF(G34=2,1*0.14,G34*0.14)+IF(H34=2,1*0.14,H34*0.14)+IF(I34=2,1*0.14,I34*0.14)+IF(J34=2,1*0.14,J34*0.14)+IF(K34=2,1*0.14,K34*0.14)) -> 0
A35: 28 | B35: ='Таблица 1'!B35 -> 0 | C35: ='Таблица 1'!C35 -> 0 | L35: =IF(E35=2,2,IF(E35=2,1*0.16,E35*0.16)+IF(F35=2,1*0.14,F35*0.14)+IF(G35=2,1*0.14,G35*0.14)+IF(H35=2,1*0.14,H35*0.14)+IF(I35=2,1*0.14,I35*0.14)+IF(J35=2,1*0.14,J35*0.14)+IF(K35=2,1*0.14,K35*0.14)) -> 0
... A307: 300 | B307: ='Таблица 1'!B307 -> 0 | C307: ='Таблица 1'!C307 -> 0 | L307: =IF(E307=2,2,IF(E307=2,1*0.16,E307*0.16)+IF(F307=2,1*0.14,F307*0.14)+IF(G307=2,1*0.14,G307*0.14)+IF(H307=2,1*0.14,H307*0.14)+IF(I307=2,1*0.14,I307*0.14)+IF(J307=2,1*0.14,J307*0.14)+IF(K307=2,1*0.14,K307*0.14)) -> 0

Sheet Таблица 3.1
I1: Таблица 3.1
A2: Оценка полноты размещения информации об операциях с целевыми средствами из бюджета
A4: № п/п | B4: Наименование ИОГВ, муниципального образования | C4: Полное наименование учреждения, обособленного структурного подразделения учреждения (далее - учреждение) | D4: Дата последних изменений, внесенных учреждениями на сайт bus.gov.ru | E4: Показатели раздела IV структурированной информации "Информация об операциях с целевыми средствами из бюджета" | H4: Коэффициент условных значений по разделу IV | I4: Комментарий (если значение показателя принимает условные значения: 0 или 2)
E5: 39. Финансовый год, на который формируются сведения об операциях с целевыми средствами | F5: 40. Информация об операциях с бюджетными инвестициями | G5: 41. Информация об операциях с субсидиями на иные цели
E6: вес - 0,34 | F6: вес - 0,33 | G6: вес - 0,33
A7: 1 | B7: 2 | C7: 3 | D7: 4 | E7: 5 | F7: 6 | G7: 7 | H7: 8 | I7: 9
A8: 1 | B8: ='Таблица 1'!B8 -> Администрация ЗАТО город Заозерск | C8: ='Таблица 1'!C8 -> Муниципальное казенное учреждение "Многофункциональный центр предоставления государственных и муниципальных услуг ЗАТО город Заозерск" | D8: ='Таблица 1'!D8 -> 44215 | E8: 2 | F8: 2 | G8: 2 | H8: =(IF(E8=2,1*0.34,E8*0.34))+(IF(F8=2,1*0.33,F8*0.33))+(IF(G8=2,1*0.33,G8*0.33)) -> 1 | I8: для казенных учреждений операции с целевыми средствами из бюджета не предусмотрены
A9: 2 | B9: ='Таблица 1'!B9 -> Администрация ЗАТО город Заозерск | C9: ='Таблица 1'!C9 -> Муниципальное казенное учреждение "Центр по ГО и ЧС ЗАТО город Зоазерск" | D9: ='Таблица 1'!D9 -> 44215 | E9: 2 | F9: 2 | G9: 2 | H9: =(IF(E9=2,1*0.34,E9*0.34))+(IF(F9=2,1*0.33,F9*0.33))+(IF(G9=2,1*0.33,G9*0.33)) -> 1 | I9: для казенных учреждений операции с целевыми средствами из бюджета не предусмотрены
A10: 3 | B10: ='Таблица 1'!B10 -> Администрация ЗАТО город Заозерск | C10: ='Таблица 1'!C10 -> Муниципальное общеобразовательное учреждение "Средняя общеобразовательная школа № 289 с углубленным изучением отдельных предметов" | D10: ='Таблица 1'!D10 -> 43934 | E10: 2 | F10: 2 | G10: 2 | H10: =(IF(E10=2,1*0.34,E10*0.34))+(IF(F10=2,1*0.33,F10*0.33))+(IF(G10=2,1*0.33,G10*0.33)) -> 1 | I10: п.39-41 - операции с целевыми средствами из бюджета не осуществляются
A11: 4 | B11: ='Таблица 1'!B11 -> Администрация ЗАТО город Заозерск | C11: ='Таблица 1'!C11 -> Муниципальное учреждение "Заозерский комитет по телерадиовещанию и печати" | D11: ='Таблица 1'!D11 -> 44215 | E11: 2 | F11: 2 | G11: 2 | H11: =(IF(E11=2,1*0.34,E11*0.34))+(IF(F11=2,1*0.33,F11*0.33))+(IF(G11=2,1*0.33,G11*0.33)) -> 1 | I11: п.39-41 - операции с целевыми средствами из бюджета не осуществляются
A12: 5 | B12: ='Таблица 1'!B12 -> Администрация ЗАТО город Заозерск | C12: ='Таблица 1'!C12 -> Муниципальное учреждения дополнительного образования детей Детская музыкальная школа г. Заозерск | D12: ='Таблица 1'!D12 -> 44209 | E12: 2 | F12: 2 | G12: 2 | H12: =(IF(E12=2,1*0.34,E12*0.34))+(IF(F12=2,1*0.33,F12*0.33))+(IF(G12=2,1*0.33,G12*0.33)) -> 1 | I12: п.39-41 - операции с целевыми средствами из бюджета не осуществляются
A13: 6 | B13: ='Таблица 1'!B13 -> Администрация ЗАТО город Заозерск | C13: ='Таблица 1'!C13 -> Муниципальное общеобразовательное учреждение "Основная общеобразовательная школа №288 с углубленным изучением отдельных предметов имени Героя Советского Союза Л.Г. Осипенко" | D13: ='Таблица 1'!D13 -> 44148 | E13: 2 | F13: 2 | G13: 2 | H13: =(IF(E13=2,1*0.34,E13*0.34))+(IF(F13=2,1*0.33,F13*0.33))+(IF(G13=2,1*0.33,G13*0.33)) -> 1 | I13: п.39-41 - операции с целевыми средствами из бюджета не осуществляются
A14: 7 | B14: ='Таблица 1'!B14 -> Администрация ЗАТО город Заозерск | C14: ='Таблица 1'!C14 -> Муниципальное учреждение культуры ЗАТО город Заозерск "Центр культуры и библиотечного обслуживания" | D14: ='Таблица 1'!D14 -> 44167 | E14: 2 | F14: 2 | G14: 2 | H14: =(IF(E14=2,1*0.34,E14*0.34))+(IF(F14=2,1*0.33,F14*0.33))+(IF(G14=2,1*0.33,G14*0.33)) -> 1 | I14: п.39-41 - операции с целевыми средствами из бюджета не осуществляются
A15: 8 | B15: ='Таблица 1'!B15 -> Администрация ЗАТО город Заозерск | C15: ='Таблица 1'!C15 -> Муниципальное бюджетное образовательное учреждение дополнительного образования детей "Детско-юношеская спортивная школа" | D15: ='Таблица 1'!D15 -> 44215 | E15: 2 | F15: 2 | G15: 2 | H15: =(IF(E15=2,1*0.34,E15*0.34))+(IF(F15=2,1*0.33,F15*0.33))+(IF(G15=2,1*0.33,G15*0.33)) -> 1 | I15: п.39-41 - операции с целевыми средствами из бюджета не осуществлялись
A16: 9 | B16: ='Таблица 1'!B16 -> Администрация ЗАТО город Заозерск | C16: ='Таблица 1'!C16 -> Муниципальное дошкольное образовательное учреждение детский сад комбинированного вида № 2 "Радуга" | D16: ='Таблица 1'!D16 -> 44214 | E16: 2 | F16: 2 | G16: 2 | H16: =(IF(E16=2,1*0.34,E16*0.34))+(IF(F16=2,1*0.33,F16*0.33))+(IF(G16=2,1*0.33,G16*0.33)) -> 1 | I16: п.39-41 - операции с целевыми средствами из бюджета не осуществлялись
A17: 10 | B17: ='Таблица 1'!B17 -> Администрация ЗАТО город Заозерск | C17: ='Таблица 1'!C17 -> Муниципальное казенное учреждение "Центр ресурсного и бухгалтерского обслуживания" | D17: ='Таблица 1'!D17 -> 43935 | E17: 2 | F17: 2 | G17: 2 | H17: =(IF(E17=2,1*0.34,E17*0.34))+(IF(F17=2,1*0.33,F17*0.33))+(IF(G17=2,1*0.33,G17*0.33)) -> 1 | I17: Для казенных учреждений не предусмотрено
A18: 11 | B18: ='Таблица 1'!B18 -> Администрация ЗАТО город Заозерск | C18: ='Таблица 1'!C18 -> Муниципальное дошкольное образовательное учреждение детский сад комбинированного вида № 4 "Сказка" | D18: ='Таблица 1'!D18 -> 44209 | E18: 2 | F18: 2 | G18: 2 | H18: =(IF(E18=2,1*0.34,E18*0.34))+(IF(F18=2,1*0.33,F18*0.33))+(IF(G18=2,1*0.33,G18*0.33)) -> 1 | I18: п.39-41 - операции с целевыми средствами из бюджета не осуществлялись
A19: 12 | B19: ='Таблица 1'!B19 -> Администрация ЗАТО город Заозерск | C19: ='Таблица 1'!C19 -> Муниципальное казенное учреждение "Управление городским хозяйством" | D19: ='Таблица 1'!D19 -> 44113 | E19: 2 | F19: 2 | G19: 2 | H19: =(IF(E19=2,1*0.34,E19*0.34))+(IF(F19=2,1*0.33,F19*0.33))+(IF(G19=2,1*0.33,G19*0.33)) -> 1 | I19: Для казенных учреждений не предусмотрено
... A23: 16 | B23: ='Таблица 1'!B23 -> Администрация ЗАТО город Заозерск | C23: ='Таблица 1'!C23 -> Муниципальное казенное учреждение "Управление образования ЗАТО город Заозерск" | D23: ='Таблица 1'!D23 -> 44215 | E23: 2 | F23: 2 | G23: 2 | H23: =(IF(E23=2,1*0.34,E23*0.34))+(IF(F23=2,1*0.33,F23*0.33))+(IF(G23=2,1*0.33,G23*0.33)) -> 1 | I23: Для казенных учреждений не предусмотрено
A24: 17 | B24: ='Таблица 1'!B24 -> 0 | C24: ='Таблица 1'!C24 -> 0 | H24: =(IF(E24=2,1*0.34,E24*0.34))+(IF(F24=2,1*0.33,F24*0.33))+(IF(G24=2,1*0.33,G24*0.33)) -> 0
A25: 18 | B25: ='Таблица 1'!B25 -> 0 | C25: ='Таблица 1'!C25 -> 0 | H25: =(IF(E25=2,1*0.34,E25*0.34))+(IF(F25=2,1*0.33,F25*0.33))+(IF(G25=2,1*0.33,G25*0.33)) -> 0
A26: 19 | B26: ='Таблица 1'!B26 -> 0 | C26: ='Таблица 1'!C26 -> 0 | H26: =(IF(E26=2,1*0.34,E26*0.34))+(IF(F26=2,1*0.33,F26*0.33))+(IF(G26=2,1*0.33,G26*0.33)) -> 0
A27: 20 | B27: ='Таблица 1'!B27 -> 0 | C27: ='Таблица 1'!C27 -> 0 | H27: =(IF(E27=2,1*0.34,E27*0.34))+(IF(F27=2,1*0.33,F27*0.33))+(IF(G27=2,1*0.33,G27*0.33)) -> 0
A28: 21 | B28: ='Таблица 1'!B28 -> 0 | C28: ='Таблица 1'!C28 -> 0 | H28: =(IF(E28=2,1*0.34,E28*0.34))+(IF(F28=2,1*0.33,F28*0.33))+(IF(G28=2,1*0.33,G28*0.33)) -> 0
A29: 22 | B29: ='Таблица 1'!B29 -> 0 | C29: ='Таблица 1'!C29 -> 0 | H29: =(IF(E29=2,1*0.34,E29*0.34))+(IF(F29=2,1*0.33,F29*0.33))+(IF(G29=2,1*0.33,G29*0.33)) -> 0
A30: 23 | B30: ='Таблица 1'!B30 -> 0 | C30: ='Таблица 1'!C30 -> 0 | H30: =(IF(E30=2,1*0.34,E30*0.34))+(IF(F30=2,1*0.33,F30*0.33))+(IF(G30=2,1*0.33,G30*0.33)) -> 0
A31: 24 | B31: ='Таблица 1'!B31 -> 0 | C31: ='Таблица 1'!C31 -> 0 | H31: =(IF(E31=2,1*0.34,E31*0.34))+(IF(F31=2,1*0.33,F31*0.33))+(IF(G31=2,1*0.33,G31*0.33)) -> 0
A32: 25 | B32: ='Таблица 1'!B32 -> 0 | C32: ='Таблица 1'!C32 -> 0 | H32: =(IF(E32=2,1*0.34,E32*0.34))+(IF(F32=2,1*0.33,F32*0.33))+(IF(G32=2,1*0.33,G32*0.33)) -> 0
A33: 26 | B33: ='Таблица 1'!B33 -> 0 | C33: ='Таблица 1'!C33 -> 0 | H33: =(IF(E33=2,1*0.34,E33*0.34))+(IF(F33=2,1*0.33,F33*0.33))+(IF(G33=2,1*0.33,G33*0.33)) -> 0
A34: 27 | B34: ='Таблица 1'!B34 -> 0 | C34: ='Таблица 1'!C34 -> 0 | H34: =(IF(E34=2,1*0.34,E34*0.34))+(IF(F34=2,1*0.33,F34*0.33))+(IF(G34=2,1*0.33,G34*0.33)) -> 0
A35: 28 | B35: ='Таблица 1'!B35 -> 0 | C35: ='Таблица 1'!C35 -> 0 | H35: =(IF(E35=2,1*0.34,E35*0.34))+(IF(F35=2,1*0.33,F35*0.33))+(IF(G35=2,1*0.33,G35*0.33)) -> 0
... A307: 300 | B307: ='Таблица 1'!B307 -> 0 | C307: ='Таблица 1'!C307 -> 0 | H307: =(IF(E307=2,1*0.34,E307*0.34))+(IF(F307=2,1*0.33,F307*0.33))+(IF(G307=2,1*0.33,G307*0.33)) -> 0

Sheet Таблица 3.2
K1: Таблица 3.2
A2: Оценка полноты размещения информации о показателях бюджетной сметы
A4: № п/п | B4: Наименование ИОГВ, муниципального образования | C4: Полное наименование учреждения, обособленного структурного подразделения учреждения (далее - учреждение) | D4: Дата последних изменений, внесенных учреждениями на сайт bus.gov.ru | E4: Показатель раздела IV структурированной информации "Информация о показателях бюджетной сметы" | F4: Коэффициент условных значений по разделу III | G4: Коэффициент условных значений по разделу IV | H4: Коэффициент условных значений по разделу V | I4: Максимальная величина показателя разделов III -V - R max | J4: Фактическая величина показателя разделов III - V - RIII fact | K4: Комментарий (если значение показателя принимает условные значения: 0 или 2)
E5: 42. Наименования показателей бюджетной сметы в разрезе кодов бюджетной классификации (раздел, подраздел, целевая статья, вид расходов, КОСГУ) и соответствующих им сумм
E6: вес - 1 | F6: вес - 0,12 | G6: вес - 0,06 | H6: вес - 0,12
A7: 1 | B7: 2 | C7: 3 | D7: 4 | E7: 5 | F7: 6 | G7: 7 | H7: 8 | I7: 9 | J7: 10 | K7: 11
A8: 1 | B8: ='Таблица 1'!B8 -> Администрация ЗАТО город Заозерск | C8: ='Таблица 1'!C8 -> Муниципальное казенное учреждение "Многофункциональный центр предоставления государственных и муниципальных услуг ЗАТО город Заозерск" | D8: ='Таблица 1'!D8 -> 44215 | E8: 1 | F8: ='Таблица 3'!L8 -> 2 | G8: ='Таблица 3.1'!H8 -> 1 | H8: =E8 -> 1 | I8: 0.3 | J8: =IF(F8=2,0.12,F8*0.12)+G8*0.06+IF(H8=2,0.12,H8*0.12) -> 0.3
A9: 2 | B9: ='Таблица 1'!B9 -> Администрация ЗАТО город Заозерск | C9: ='Таблица 1'!C9 -> Муниципальное казенное учреждение "Центр по ГО и ЧС ЗАТО город Зоазерск" | D9: ='Таблица 1'!D9 -> 44215 | E9: 1 | F9: ='Таблица 3'!L9 -> 2 | G9: ='Таблица 3.1'!H9 -> 1 | H9: =E9 -> 1 | I9: 0.3 | J9: =IF(F9=2,0.12,F9*0.12)+G9*0.06+IF(H9=2,0.12,H9*0.12) -> 0.3
A10: 3 | B10: ='Таблица 1'!B10 -> Администрация ЗАТО город Заозерск | C10: ='Таблица 1'!C10 -> Муниципальное общеобразовательное учреждение "Средняя общеобразовательная школа № 289 с углубленным изучением отдельных предметов" | D10: ='Таблица 1'!D10 -> 43934 | E10: 2 | F10: ='Таблица 3'!L10 -> 1 | G10: ='Таблица 3.1'!H10 -> 1 | H10: =E10 -> 2 | I10: 0.3 | J10: =IF(F10=2,0.12,F10*0.12)+G10*0.06+IF(H10=2,0.12,H10*0.12) -> 0.3 | K10: п. 42 учреждение работает по ПФХД
A11: 4 | B11: ='Таблица 1'!B11 -> Администрация ЗАТО город Заозерск | C11: ='Таблица 1'!C11 -> Муниципальное учреждение "Заозерский комитет по телерадиовещанию и печати" | D11: ='Таблица 1'!D11 -> 44215 | E11: 2 | F11: ='Таблица 3'!L11 -> 1 | G11: ='Таблица 3.1'!H11 -> 1 | H11: =E11 -> 2 | I11: 0.3 | J11: =IF(F11=2,0.12,F11*0.12)+G11*0.06+IF(H11=2,0.12,H11*0.12) -> 0.3 | K11: п. 42 учреждение работает по ПФХД
A12: 5 | B12: ='Таблица 1'!B12 -> Администрация ЗАТО город Заозерск | C12: ='Таблица 1'!C12 -> Муниципальное учреждения дополнительного образования детей Детская музыкальная школа г. Заозерск | D12: ='Таблица 1'!D12 -> 44209 | E12: 2 | F12: ='Таблица 3'!L12 -> 1 | G12: ='Таблица 3.1'!H12 -> 1 | H12: =E12 -> 2 | I12: 0.3 | J12: =IF(F12=2,0.12,F12*0.12)+G12*0.06+IF(H12=2,0.12,H12*0.12) -> 0.3 | K12: п. 42 учреждение работает по ПФХД
A13: 6 | B13: ='Таблица 1'!B13 -> Администрация ЗАТО город Заозерск | C13: ='Таблица 1'!C13 -> Муниципальное общеобразовательное учреждение "Основная общеобразовательная школа №288 с углубленным изучением отдельных предметов имени Героя Советского Союза Л.Г. Осипенко" | D13: ='Таблица 1'!D13 -> 44148 | E13: 2 | F13: ='Таблица 3'!L13 -> 1 | G13: ='Таблица 3.1'!H13 -> 1 | H13: =E13 -> 2 | I13: 0.3 | J13: =IF(F13=2,0.12,F13*0.12)+G13*0.06+IF(H13=2,0.12,H13*0.12) -> 0.3 | K13: п. 42 учреждение работает по ПФХД
A14: 7 | B14: ='Таблица 1'!B14 -> Администрация ЗАТО город Заозерск | C14: ='Таблица 1'!C14 -> Муниципальное учреждение культуры ЗАТО город Заозерск "Центр культуры и библиотечного обслуживания" | D14: ='Таблица 1'!D14 -> 44167 | E14: 2 | F14: ='Таблица 3'!L14 -> 1 | G14: ='Таблица 3.1'!H14 -> 1 | H14: =E14 -> 2 | I14: 0.3 | J14: =IF(F14=2,0.12,F14*0.12)+G14*0.06+IF(H14=2,0.12,H14*0.12) -> 0.3 | K14: п. 42 учреждение работает по ПФХД
A15: 8 | B15: ='Таблица 1'!B15 -> Администрация ЗАТО город Заозерск | C15: ='Таблица 1'!C15 -> Муниципальное бюджетное образовательное учреждение дополнительного образования детей "Детско-юношеская спортивная школа" | D15: ='Таблица 1'!D15 -> 44215 | E15: 2 | F15: ='Таблица 3'!L15 -> 1 | G15: ='Таблица 3.1'!H15 -> 1 | H15: =E15 -> 2 | I15: 0.3 | J15: =IF(F15=2,0.12,F15*0.12)+G15*0.06+IF(H15=2,0.12,H15*0.12) -> 0.3 | K15: п. 42 учреждение работает по ПФХД
A16: 9 | B16: ='Таблица 1'!B16 -> Администрация ЗАТО город Заозерск | C16: ='Таблица 1'!C16 -> Муниципальное дошкольное образовательное учреждение детский сад комбинированного вида № 2 "Радуга" | D16: ='Таблица 1'!D16 -> 44214 | E16: 2 | F16: ='Таблица 3'!L16 -> 1 | G16: ='Таблица 3.1'!H16 -> 1 | H16: =E16 -> 2 | I16: 0.3 | J16: =IF(F16=2,0.12,F16*0.12)+G16*0.06+IF(H16=2,0.12,H16*0.12) -> 0.3 | K16: п. 42 учреждение работает по ПФХД
A17: 10 | B17: ='Таблица 1'!B17 -> Администрация ЗАТО город Заозерск | C17: ='Таблица 1'!C17 -> Муниципальное казенное учреждение "Центр ресурсного и бухгалтерского обслуживания" | D17: ='Таблица 1'!D17 -> 43935 | E17: 1 | F17: ='Таблица 3'!L17 -> 2 | G17: ='Таблица 3.1'!H17 -> 1 | H17: =E17 -> 1 | I17: 0.3 | J17: =IF(F17=2,0.12,F17*0.12)+G17*0.06+IF(H17=2,0.12,H17*0.12) -> 0.3
A18: 11 | B18: ='Таблица 1'!B18 -> Администрация ЗАТО город Заозерск | C18: ='Таблица 1'!C18 -> Муниципальное дошкольное образовательное учреждение детский сад комбинированного вида № 4 "Сказка" | D18: ='Таблица 1'!D18 -> 44209 | E18: 2 | F18: ='Таблица 3'!L18 -> 1 | G18: ='Таблица 3.1'!H18 -> 1 | H18: =E18 -> 2 | I18: 0.3 | J18: =IF(F18=2,0.12,F18*0.12)+G18*0.06+IF(H18=2,0.12,H18*0.12) -> 0.3 | K18: п. 42 учреждение работает по ПФХД
A19: 12 | B19: ='Таблица 1'!B19 -> Администрация ЗАТО город Заозерск | C19: ='Таблица 1'!C19 -> Муниципальное казенное учреждение "Управление городским хозяйством" | D19: ='Таблица 1'!D19 -> 44113 | E19: 1 | F19: ='Таблица 3'!L19 -> 2 | G19: ='Таблица 3.1'!H19 -> 1 | H19: =E19 -> 1 | I19: 0.3 | J19: =IF(F19=2,0.12,F19*0.12)+G19*0.06+IF(H19=2,0.12,H19*0.12) -> 0.3
A20: 13 | B20: ='Таблица 1'!B20 -> Администрация ЗАТО город Заозерск | C20: ='Таблица 1'!C20 -> Муниципальное образовательное учреждение дополнительного образования "Центр дополнительного образования детей" | D20: ='Таблица 1'!D20 -> 44211 | E20: 2 | F20: ='Таблица 3'!L20 -> 1 | G20: ='Таблица 3.1'!H20 -> 1 | H20: =E20 -> 2 | I20: 0.3 | J20: =IF(F20=2,0.12,F20*0.12)+G20*0.06+IF(H20=2,0.12,H20*0.12) -> 0.3 | K20: п. 42 учреждение работает по ПФХД
A21: 14 | B21: ='Таблица 1'!B21 -> Администрация ЗАТО город Заозерск | C21: ='Таблица 1'!C21 -> Муниципальное казенное учреждение "Служба заказчика" | D21: ='Таблица 1'!D21 -> 44113 | E21: 1 | F21: ='Таблица 3'!L21 -> 2 | G21: ='Таблица 3.1'!H21 -> 1 | H21: =E21 -> 1 | I21: 0.3 | J21: =IF(F21=2,0.12,F21*0.12)+G21*0.06+IF(H21=2,0.12,H21*0.12) -> 0.3
A22: 15 | B22: ='Таблица 1'!B22 -> Администрация ЗАТО город Заозерск | C22: ='Таблица 1'!C22 -> Муниципальное казенное учреждение "Центр обеспечения функционирования органов местного самоуправления и муниципальных учреждений ЗАТО город Заозерск" | D22: ='Таблица 1'!D22 -> 44208 | E22: 1 | F22: ='Таблица 3'!L22 -> 2 | G22: ='Таблица 3.1'!H22 -> 1 | H22: =E22 -> 1 | I22: 0.3 | J22: =IF(F22=2,0.12,F22*0.12)+G22*0.06+IF(H22=2,0.12,H22*0.12) -> 0.3
A23: 16 | B23: ='Таблица 1'!B23 -> Администрация ЗАТО город Заозерск | C23: ='Таблица 1'!C23 -> Муниципальное казенное учреждение "Управление образования ЗАТО город Заозерск" | D23: ='Таблица 1'!D23 -> 44215 | E23: 1 | F23: ='Таблица 3'!L23 -> 2 | G23: ='Таблица 3.1'!H23 -> 1 | H23: =E23 -> 1 | I23: 0.3 | J23: =IF(F23=2,0.12,F23*0.12)+G23*0.06+IF(H23=2,0.12,H23*0.12) -> 0.3
A24: 17 | B24: ='Таблица 1'!B24 -> 0 | C24: ='Таблица 1'!C24 -> 0 | F24: ='Таблица 3'!L24 -> 0 | G24: ='Таблица 3.1'!H24 -> 0 | H24: =E24 -> 0 | I24: 0.3 | J24: =IF(F24=2,0.12,F24*0.12)+G24*0.06+IF(H24=2,0.12,H24*0.12) -> 0
A25: 18 | B25: ='Таблица 1'!B25 -> 0 | C25: ='Таблица 1'!C25 -> 0 | F25: ='Таблица 3'!L25 -> 0 | G25: ='Таблица 3.1'!H25 -> 0 | H25: =E25 -> 0 | I25: 0.3 | J25: =IF(F25=2,0.12,F25*0.12)+G25*0.06+IF(H25=2,0.12,H25*0.12) -> 0
A26: 19 | B26: ='Таблица 1'!B26 -> 0 | C26: ='Таблица 1'!C26 -> 0 | F26: ='Таблица 3'!L26 -> 0 | G26: ='Таблица 3.1'!H26 -> 0 | H26: =E26 -> 0 | I26: 0.3 | J26: =IF(F26=2,0.12,F26*0.12)+G26*0.06+IF(H26=2,0.12,H26*0.12) -> 0
A27: 20 | B27: ='Таблица 1'!B27 -> 0 | C27: ='Таблица 1'!C27 -> 0 | F27: ='Таблица 3'!L27 -> 0 | G27: ='Таблица 3.1'!H27 -> 0 | H27: =E27 -> 0 | I27: 0.3 | J27: =IF(F27=2,0.12,F27*0.12)+G27*0.06+IF(H27=2,0.12,H27*0.12) -> 0
A28: 21 | B28: ='Таблица 1'!B28 -> 0 | C28: ='Таблица 1'!C28 -> 0 | F28: ='Таблица 3'!L28 -> 0 | G28: ='Таблица 3.1'!H28 -> 0 | H28: =E28 -> 0 | I28: 0.3 | J28: =IF(F28=2,0.12,F28*0.12)+G28*0.06+IF(H28=2,0.12,H28*0.12) -> 0
A29: 22 | B29: ='Таблица 1'!B29 -> 0 | C29: ='Таблица 1'!C29 -> 0 | F29: ='Таблица 3'!L29 -> 0 | G29: ='Таблица 3.1'!H29 -> 0 | H29: =E29 -> 0 | I29: 0.3 | J29: =IF(F29=2,0.12,F29*0.12)+G29*0.06+IF(H29=2,0.12,H29*0.12) -> 0
A30: 23 | B30: ='Таблица 1'!B30 -> 0 | C30: ='Таблица 1'!C30 -> 0 | F30: ='Таблица 3'!L30 -> 0 | G30: ='Таблица 3.1'!H30 -> 0 | H30: =E30 -> 0 | I30: 0.3 | J30: =IF(F30=2,0.12,F30*0.12)+G30*0.06+IF(H30=2,0.12,H30*0.12) -> 0
A31: 24 | B31: ='Таблица 1'!B31 -> 0 | C31: ='Таблица 1'!C31 -> 0 | F31: ='Таблица 3'!L31 -> 0 | G31: ='Таблица 3.1'!H31 -> 0 | H31: =E31 -> 0 | I31: 0.3 | J31: =IF(F31=2,0.12,F31*0.12)+G31*0.06+IF(H31=2,0.12,H31*0.12) -> 0
A32: 25 | B32: ='Таблица 1'!B32 -> 0 | C32: ='Таблица 1'!C32 -> 0 | F32: ='Таблица 3'!L32 -> 0 | G32: ='Таблица 3.1'!H32 -> 0 | H32: =E32 -> 0 | I32: 0.3 | J32: =IF(F32=2,0.12,F32*0.12)+G32*0.06+IF(H32=2,0.12,H32*0.12) -> 0
A33: 26 | B33: ='Таблица 1'!B33 -> 0 | C33: ='Таблица 1'!C33 -> 0 | F33: ='Таблица 3'!L33 -> 0 | G33: ='Таблица 3.1'!H33 -> 0 | H33: =E33 -> 0 | I33: 0.3 | J33: =IF(F33=2,0.12,F33*0.12)+G33*0.06+IF(H33=2,0.12,H33*0.12) -> 0
A34: 27 | B34: ='Таблица 1'!B34 -> 0 | C34: ='Таблица 1'!C34 -> 0 | F34: ='Таблица 3'!L34 -> 0 | G34: ='Таблица 3.1'!H34 -> 0 | H34: =E34 -> 0 | I34: 0.3 | J34: =IF(F34=2,0.12,F34*0.12)+G34*0.06+IF(H34=2,0.12,H34*0.12) -> 0
A35: 28 | B35: ='Таблица 1'!B35 -> 0 | C35: ='Таблица 1'!C35 -> 0 | F35: ='Таблица 3'!L35 -> 0 | G35: ='Таблица 3.1'!H35 -> 0 | H35: =E35 -> 0 | I35: 0.3 | J35: =IF(F35=2,0.12,F35*0.12)+G35*0.06+IF(H35=2,0.12,H35*0.12) -> 0
... A307: 300 | B307: ='Таблица 1'!B307 -> 0 | C307: ='Таблица 1'!C307 -> 0 | F307: ='Таблица 3'!L307 -> 0 | G307: ='Таблица 3.1'!H307 -> 0 | H307: =E307 -> 0 | I307: 0.3 | J307: =IF(F307=2,0.12,F307*0.12)+G307*0.06+IF(H307=2,0.12,H307*0.12) -> 0

Sheet Таблица 4
Y1: Таблица 4
A2: Оценка полноты размещения информации о результатах деятельности и об использовании имущества
A4: № п/п | B4: Наименование ИОГВ, муниципального образования | C4: Полное наименование учреждения, обособленного структурного подразделения учреждения (далее - учреждение) | D4: Дата последних изменений, внесенных учреждениями на сайт bus.gov.ru | E4: Показатели раздела VI структурированной информации "Информация о результатах деятельности и об использовании имущества" | W4: Максимальная величина показателя раздела VI - R max | X4: Фактическая величина показателя раздела VI - RIV fact | Y4: Комментарий (если значение показателя принимает условные значения: 0 или 2)
E5: 43. Отчетный год, за который составляется отчет о результатах деятельности и об использовании имущества | F5: 44. Количество штатных единиц на начало и конец отчетного года | G5: 45. Средняя заработная плата сотрудников | H5: 46. Сведения об изменении балансовой стоимости нефинансовых активов за отчетный год | I5: 47. Общая сумма требований в возмещение ущерба по недостачам и хищениям материальных ценностей, денежных средств, а также от порчи материальных ценностей | J5: 48. Изменения дебиторской задолженности за отчетный год | K5: 49. Изменения кредиторской задолженности за отчетный год | L5: 50. Количество потребителей, воспользовавшихся услугами (работами) учреждения (в том числе платными сверх государственного (муниципального) задания), в разрезе услуг (работ) | M5: 51. Количество жалоб потребителей на оказание услуг (выполнение работ) в разрезе услуг (работ) | N5: 52. Принятые меры по результатам рассмотрения жалоб на оказание услуг (выполнение работ) в разрезе услуг (работ) | O5: 53. Общая сумма кассовых поступлений | P5: 54. Суммы кассовых выплат в разрезе направлений расходов (для автономных учреждений) | Q5: 55. Суммы кассовых выплат в разрезе направлений расходов и соответствующих им кодов КОСГУ (для бюджетного учреждения) | R5: 56. Суммы кассовых выплат в разрезе направлений расходов и соответствующих им кодов расходов бюджетной классификации (раздела, подраздела, целевой статьи, вида расходов, КОСГУ) (для казенных учреждений) | S5: 57. Сведения о балансовой стоимости недвижимого имущества на начало и на конец отчетного года | T5: 58. Сведения о балансовой стоимости движимого имущества на начало и на конец отчетного года | U5: 59. Сведения о площадях недвижимого имущества на начало и на конец отчетного года | V5: 60. Объем средств, полученных в отчетном году от распоряжения в установленном порядке имуществом, на начало и на конец отчетного года
E6: вес - 0,15 | F6: вес - 0,05 | G6: вес - 0,05 | H6: вес - 0,05 | I6: вес - 0,05 | J6: вес - 0,05 | K6: вес - 0,05 | L6: вес - 0,05 | M6: вес - 0,05 | N6: вес - 0,05 | O6: вес - 0,05 | P6: вес - 0,05 | Q6: вес - 0,05 | R6: вес - 0,05 | S6: вес - 0,05 | T6: вес - 0,05 | U6: вес - 0,05 | V6: вес - 0,05
A7: 1 | B7: 2 | C7: 3 | D7: 4 | E7: 5 | F7: 6 | G7: 7 | H7: 8 | I7: 9 | J7: 10 | K7: 11 | L7: 12 | M7: 13 | N7: 14 | O7: 15 | P7: 16 | Q7: 17 | R7: 18 | S7: 19 | T7: 20 | U7: 21 | V7: 22 | W7: 23 | X7: 24 | Y7: 25
A8: 1 | B8: ='Таблица 1'!B8 -> Администрация ЗАТО город Заозерск | C8: ='Таблица 1'!C8 -> Муниципальное казенное учреждение "Многофункциональный центр предоставления государственных и муниципальных услуг ЗАТО город Заозерск" | D8: ='Таблица 1'!D8 -> 44215 | E8: 1 | F8: 1 | G8: 1 | H8: 1 | I8: 1 | J8: 1 | K8: 1 | L8: 2 | M8: 2 | N8: 2 | O8: 2 | P8: 2 | Q8: 2 | R8: 1 | S8: 1 | T8: 1 | U8: 1 | V8: 1 | W8: 0.15 | X8: =((IF(E8=2,1*0.15,E8*0.15))+(IF(F8=2,1*0.05,F8*0.05))+(IF(G8=2,1*0.05,G8*0.05))+(IF(H8=2,1*0.05,H8*0.05))+(IF(I8=2,1*0.05,I8*0.05))+(IF(J8=2,1*0.05,J8*0.05))+(IF(K8=2,1*0.05,K8*0.05))+(IF(L8=2,1*0.05,L8*0.05))+(IF(M8=2,1*0.05,M8*0.05))+(IF(N8=2,1*0.05,N8*0.05))+(IF(O8=2,1*0.05,O8*0.05))+(IF(P8=2,1*0.05,P8*0.05))+(IF(Q8=2,1*0.05,Q8*0.05))+(IF(R8=2,1*0.05,R8*0.05))+(IF(S8=2,1*0.05,S8*0.05))+(IF(T8=2,1*0.05,T8*0.05))+(IF(U8=2,1*0.05,U8*0.05))+(IF(V8=2,1*0.05,V8*0.05)))*W8 -> 0.15 | Y8: п.50-54, 55 - является казенным учреждением, сведения отсутствуют
A9: 2 | B9: ='Таблица 1'!B9 -> Администрация ЗАТО город Заозерск | C9: ='Таблица 1'!C9 -> Муниципальное казенное учреждение "Центр по ГО и ЧС ЗАТО город Зоазерск" | D9: ='Таблица 1'!D9 -> 44215 | E9: 1 | F9: 1 | G9: 1 | H9: 1 | I9: 1 | J9: 1 | K9: 1 | L9: 1 | M9: 1 | N9: 1 | O9: 1 | P9: 2 | Q9: 2 | R9: 1 | S9: 1 | T9: 1 | U9: 1 | V9: 1 | W9: 0.15 | X9: =((IF(E9=2,1*0.15,E9*0.15))+(IF(F9=2,1*0.05,F9*0.05))+(IF(G9=2,1*0.05,G9*0.05))+(IF(H9=2,1*0.05,H9*0.05))+(IF(I9=2,1*0.05,I9*0.05))+(IF(J9=2,1*0.05,J9*0.05))+(IF(K9=2,1*0.05,K9*0.05))+(IF(L9=2,1*0.05,L9*0.05))+(IF(M9=2,1*0.05,M9*0.05))+(IF(N9=2,1*0.05,N9*0.05))+(IF(O9=2,1*0.05,O9*0.05))+(IF(P9=2,1*0.05,P9*0.05))+(IF(Q9=2,1*0.05,Q9*0.05))+(IF(R9=2,1*0.05,R9*0.05))+(IF(S9=2,1*0.05,S9*0.05))+(IF(T9=2,1*0.05,T9*0.05))+(IF(U9=2,1*0.05,U9*0.05))+(IF(V9=2,1*0.05,V9*0.05)))*W9 -> 0.15 | Y9: п. 54, 55 - является казенным учреждением
A10: 3 | B10: ='Таблица 1'!B10 -> Администрация ЗАТО город Заозерск | C10: ='Таблица 1'!C10 -> Муниципальное общеобразовательное учреждение "Средняя общеобразовательная школа № 289 с углубленным изучением отдельных предметов" | D10: ='Таблица 1'!D10 -> 43934 | E10: 1 | F10: 1 | G10: 1 | H10: 1 | I10: 1 | J10: 1 | K10: 1 | L10: 1 | M10: 1 | N10: 1 | O10: 1 | P10: 2 | Q10: 1 | R10: 2 | S10: 1 | T10: 1 | U10: 1 | V10: 1 | W10: 0.15 | X10: =((IF(E10=2,1*0.15,E10*0.15))+(IF(F10=2,1*0.05,F10*0.05))+(IF(G10=2,1*0.05,G10*0.05))+(IF(H10=2,1*0.05,H10*0.05))+(IF(I10=2,1*0.05,I10*0.05))+(IF(J10=2,1*0.05,J10*0.05))+(IF(K10=2,1*0.05,K10*0.05))+(IF(L10=2,1*0.05,L10*0.05))+(IF(M10=2,1*0.05,M10*0.05))+(IF(N10=2,1*0.05,N10*0.05))+(IF(O10=2,1*0.05,O10*0.05))+(IF(P10=2,1*0.05,P10*0.05))+(IF(Q10=2,1*0.05,Q10*0.05))+(IF(R10=2,1*0.05,R10*0.05))+(IF(S10=2,1*0.05,S10*0.05))+(IF(T10=2,1*0.05,T10*0.05))+(IF(U10=2,1*0.05,U10*0.05))+(IF(V10=2,1*0.05,V10*0.05)))*W10 -> 0.15 | Y10: п. 54,56 - является бюджетным учреждением
A11: 4 | B11: ='Таблица 1'!B11 -> Администрация ЗАТО город Заозерск | C11: ='Таблица 1'!C11 -> Муниципальное учреждение "Заозерский комитет по телерадиовещанию и печати" | D11: ='Таблица 1'!D11 -> 44215 | E11: 1 | F11: 1 | G11: 1 | H11: 1 | I11: 1 | J11: 1 | K11: 1 | L11: 1 | M11: 1 | N11: 1 | O11: 1 | P11: 2 | Q11: 1 | R11: 2 | S11: 1 | T11: 1 | U11: 1 | V11: 2 | W11: 0.15 | X11: =((IF(E11=2,1*0.15,E11*0.15))+(IF(F11=2,1*0.05,F11*0.05))+(IF(G11=2,1*0.05,G11*0.05))+(IF(H11=2,1*0.05,H11*0.05))+(IF(I11=2,1*0.05,I11*0.05))+(IF(J11=2,1*0.05,J11*0.05))+(IF(K11=2,1*0.05,K11*0.05))+(IF(L11=2,1*0.05,L11*0.05))+(IF(M11=2,1*0.05,M11*0.05))+(IF(N11=2,1*0.05,N11*0.05))+(IF(O11=2,1*0.05,O11*0.05))+(IF(P11=2,1*0.05,P11*0.05))+(IF(Q11=2,1*0.05,Q11*0.05))+(IF(R11=2,1*0.05,R11*0.05))+(IF(S11=2,1*0.05,S11*0.05))+(IF(T11=2,1*0.05,T11*0.05))+(IF(U11=2,1*0.05,U11*0.05))+(IF(V11=2,1*0.05,V11*0.05)))*W11 -> 0.15 | Y11: п. 54,56 не предусмотрено;
A12: 5 | B12: ='Таблица 1'!B12 -> Администрация ЗАТО город Заозерск | C12: ='Таблица 1'!C12 -> Муниципальное учреждения дополнительного образования детей Детская музыкальная школа г. Заозерск | D12: ='Таблица 1'!D12 -> 44209 | E12: 1 | F12: 1 | G12: 1 | H12: 1 | I12: 1 | J12: 1 | K12: 1 | L12: 1 | M12: 1 | N12: 1 | O12: 1 | P12: 2 | Q12: 1 | R12: 2 | S12: 1 | T12: 1 | U12: 1 | V12: 1 | W12: 0.15 | X12: =((IF(E12=2,1*0.15,E12*0.15))+(IF(F12=2,1*0.05,F12*0.05))+(IF(G12=2,1*0.05,G12*0.05))+(IF(H12=2,1*0.05,H12*0.05))+(IF(I12=2,1*0.05,I12*0.05))+(IF(J12=2,1*0.05,J12*0.05))+(IF(K12=2,1*0.05,K12*0.05))+(IF(L12=2,1*0.05,L12*0.05))+(IF(M12=2,1*0.05,M12*0.05))+(IF(N12=2,1*0.05,N12*0.05))+(IF(O12=2,1*0.05,O12*0.05))+(IF(P12=2,1*0.05,P12*0.05))+(IF(Q12=2,1*0.05,Q12*0.05))+(IF(R12=2,1*0.05,R12*0.05))+(IF(S12=2,1*0.05,S12*0.05))+(IF(T12=2,1*0.05,T12*0.05))+(IF(U12=2,1*0.05,U12*0.05))+(IF(V12=2,1*0.05,V12*0.05)))*W12 -> 0.15 | Y12: п. 54,56 - является бюджетным учреждением
A13: 6 | B13: ='Таблица 1'!B13 -> Администрация ЗАТО город Заозерск | C13: ='Таблица 1'!C13 -> Муниципальное общеобразовательное учреждение "Основная общеобразовательная школа №288 с углубленным изучением отдельных предметов имени Героя Советского Союза Л.Г. Осипенко" | D13: ='Таблица 1'!D13 -> 44148 | E13: 1 | F13: 1 | G13: 1 | H13: 1 | I13: 1 | J13: 1 | K13: 1 | L13: 1 | M13: 1 | N13: 1 | O13: 1 | P13: 2 | Q13: 1 | R13: 2 | S13: 1 | T13: 1 | U13: 1 | V13: 1 | W13: 0.15 | X13: =((IF(E13=2,1*0.15,E13*0.15))+(IF(F13=2,1*0.05,F13*0.05))+(IF(G13=2,1*0.05,G13*0.05))+(IF(H13=2,1*0.05,H13*0.05))+(IF(I13=2,1*0.05,I13*0.05))+(IF(J13=2,1*0.05,J13*0.05))+(IF(K13=2,1*0.05,K13*0.05))+(IF(L13=2,1*0.05,L13*0.05))+(IF(M13=2,1*0.05,M13*0.05))+(IF(N13=2,1*0.05,N13*0.05))+(IF(O13=2,1*0.05,O13*0.05))+(IF(P13=2,1*0.05,P13*0.05))+(IF(Q13=2,1*0.05,Q13*0.05))+(IF(R13=2,1*0.05,R13*0.05))+(IF(S13=2,1*0.05,S13*0.05))+(IF(T13=2,1*0.05,T13*0.05))+(IF(U13=2,1*0.05,U13*0.05))+(IF(V13=2,1*0.05,V13*0.05)))*W13 -> 0.15 | Y13: п. 54,56 - является бюджетным учреждением
A14: 7 | B14: ='Таблица 1'!B14 -> Администрация ЗАТО город Заозерск | C14: ='Таблица 1'!C14 -> Муниципальное учреждение культуры ЗАТО город Заозерск "Центр культуры и библиотечного обслуживания" | D14: ='Таблица 1'!D14 -> 44167 | E14: 1 | F14: 1 | G14: 1 | H14: 1 | I14: 1 | J14: 1 | K14: 1 | L14: 1 | M14: 1 | N14: 1 | O14: 1 | P14: 2 | Q14: 1 | R14: 2 | S14: 1 | T14: 1 | U14: 1 | V14: 1 | W14: 0.15 | X14: =((IF(E14=2,1*0.15,E14*0.15))+(IF(F14=2,1*0.05,F14*0.05))+(IF(G14=2,1*0.05,G14*0.05))+(IF(H14=2,1*0.05,H14*0.05))+(IF(I14=2,1*0.05,I14*0.05))+(IF(J14=2,1*0.05,J14*0.05))+(IF(K14=2,1*0.05,K14*0.05))+(IF(L14=2,1*0.05,L14*0.05))+(IF(M14=2,1*0.05,M14*0.05))+(IF(N14=2,1*0.05,N14*0.05))+(IF(O14=2,1*0.05,O14*0.05))+(IF(P14=2,1*0.05,P14*0.05))+(IF(Q14=2,1*0.05,Q14*0.05))+(IF(R14=2,1*0.05,R14*0.05))+(IF(S14=2,1*0.05,S14*0.05))+(IF(T14=2,1*0.05,T14*0.05))+(IF(U14=2,1*0.05,U14*0.05))+(IF(V14=2,1*0.05,V14*0.05)))*W14 -> 0.15 | Y14: п. 54,56 - является бюджетным учреждением
A15: 8 | B15: ='Таблица 1'!B15 -> Администрация ЗАТО город Заозерск | C15: ='Таблица 1'!C15 -> Муниципальное бюджетное образовательное учреждение дополнительного образования детей "Детско-юношеская спортивная школа" | D15: ='Таблица 1'!D15 -> 44215 | E15: 1 | F15: 1 | G15: 1 | H15: 1 | I15: 1 | J15: 1 | K15: 1 | L15: 1 | M15: 1 | N15: 1 | O15: 1 | P15: 2 | Q15: 1 | R15: 2 | S15: 1 | T15: 1 | U15: 1 | V15: 1 | W15: 0.15 | X15: =((IF(E15=2,1*0.15,E15*0.15))+(IF(F15=2,1*0.05,F15*0.05))+(IF(G15=2,1*0.05,G15*0.05))+(IF(H15=2,1*0.05,H15*0.05))+(IF(I15=2,1*0.05,I15*0.05))+(IF(J15=2,1*0.05,J15*0.05))+(IF(K15=2,1*0.05,K15*0.05))+(IF(L15=2,1*0.05,L15*0.05))+(IF(M15=2,1*0.05,M15*0.05))+(IF(N15=2,1*0.05,N15*0.05))+(IF(O15=2,1*0.05,O15*0.05))+(IF(P15=2,1*0.05,P15*0.05))+(IF(Q15=2,1*0.05,Q15*0.05))+(IF(R15=2,1*0.05,R15*0.05))+(IF(S15=2,1*0.05,S15*0.05))+(IF(T15=2,1*0.05,T15*0.05))+(IF(U15=2,1*0.05,U15*0.05))+(IF(V15=2,1*0.05,V15*0.05)))*W15 -> 0.15 | Y15: п. 54,56 - является бюджетным учреждением
A16: 9 | B16: ='Таблица 1'!B16 -> Администрация ЗАТО город Заозерск | C16: ='Таблица 1'!C16 -> Муниципальное дошкольное образовательное учреждение детский сад комбинированного вида № 2 "Радуга" | D16: ='Таблица 1'!D16 -> 44214 | E16: 1 | F16: 1 | G16: 1 | H16: 1 | I16: 1 | J16: 1 | K16: 1 | L16: 1 | M16: 1 | N16: 1 | O16: 1 | P16: 2 | Q16: 1 | R16: 2 | S16: 1 | T16: 1 | U16: 1 | V16: 1 | W16: 0.15 | X16: =((IF(E16=2,1*0.15,E16*0.15))+(IF(F16=2,1*0.05,F16*0.05))+(IF(G16=2,1*0.05,G16*0.05))+(IF(H16=2,1*0.05,H16*0.05))+(IF(I16=2,1*0.05,I16*0.05))+(IF(J16=2,1*0.05,J16*0.05))+(IF(K16=2,1*0.05,K16*0.05))+(IF(L16=2,1*0.05,L16*0.05))+(IF(M16=2,1*0.05,M16*0.05))+(IF(N16=2,1*0.05,N16*0.05))+(IF(O16=2,1*0.05,O16*0.05))+(IF(P16=2,1*0.05,P16*0.05))+(IF(Q16=2,1*0.05,Q16*0.05))+(IF(R16=2,1*0.05,R16*0.05))+(IF(S16=2,1*0.05,S16*0.05))+(IF(T16=2,1*0.05,T16*0.05))+(IF(U16=2,1*0.05,U16*0.05))+(IF(V16=2,1*0.05,V16*0.05)))*W16 -> 0.15 | Y16: п. 54,56 - является бюджетным учреждением
A17: 10 | B17: ='Таблица 1'!B17 -> Администрация ЗАТО город Заозерск | C17: ='Таблица 1'!C17 -> Муниципальное казенное учреждение "Центр ресурсного и бухгалтерского обслуживания" | D17: ='Таблица 1'!D17 -> 43935 | E17: 1 | F17: 1 | G17: 1 | H17: 1 | I17: 1 | J17: 1 | K17: 1 | L17: 1 | M17: 1 | N17: 1 | O17: 1 | P17: 2 | Q17: 2 | R17: 1 | S17: 1 | T17: 1 | U17: 1 | V17: 1 | W17: 0.15 | X17: =((IF(E17=2,1*0.15,E17*0.15))+(IF(F17=2,1*0.05,F17*0.05))+(IF(G17=2,1*0.05,G17*0.05))+(IF(H17=2,1*0.05,H17*0.05))+(IF(I17=2,1*0.05,I17*0.05))+(IF(J17=2,1*0.05,J17*0.05))+(IF(K17=2,1*0.05,K17*0.05))+(IF(L17=2,1*0.05,L17*0.05))+(IF(M17=2,1*0.05,M17*0.05))+(IF(N17=2,1*0.05,N17*0.05))+(IF(O17=2,1*0.05,O17*0.05))+(IF(P17=2,1*0.05,P17*0.05))+(IF(Q17=2,1*0.05,Q17*0.05))+(IF(R17=2,1*0.05,R17*0.05))+(IF(S17=2,1*0.05,S17*0.05))+(IF(T17=2,1*0.05,T17*0.05))+(IF(U17=2,1*0.05,U17*0.05))+(IF(V17=2,1*0.05,V17*0.05)))*W17 -> 0.15 | Y17: п. 54, 55 - является казенным учреждением
A18: 11 | B18: ='Таблица 1'!B18 -> Администрация ЗАТО город Заозерск | C18: ='Таблица 1'!C18 -> Муниципальное дошкольное образовательное учреждение детский сад комбинированного вида № 4 "Сказка" | D18: ='Таблица 1'!D18 -> 44209 | E18: 1 | F18: 1 | G18: 1 | H18: 1 | I18: 1 | J18: 1 | K18: 1 | L18: 1 | M18: 1 | N18: 1 | O18: 1 | P18: 2 | Q18: 1 | R18: 2 | S18: 1 | T18: 1 | U18: 1 | V18: 1 | W18: 0.15 | X18: =((IF(E18=2,1*0.15,E18*0.15))+(IF(F18=2,1*0.05,F18*0.05))+(IF(G18=2,1*0.05,G18*0.05))+(IF(H18=2,1*0.05,H18*0.05))+(IF(I18=2,1*0.05,I18*0.05))+(IF(J18=2,1*0.05,J18*0.05))+(IF(K18=2,1*0.05,K18*0.05))+(IF(L18=2,1*0.05,L18*0.05))+(IF(M18=2,1*0.05,M18*0.05))+(IF(N18=2,1*0.05,N18*0.05))+(IF(O18=2,1*0.05,O18*0.05))+(IF(P18=2,1*0.05,P18*0.05))+(IF(Q18=2,1*0.05,Q18*0.05))+(IF(R18=2,1*0.05,R18*0.05))+(IF(S18=2,1*0.05,S18*0.05))+(IF(T18=2,1*0.05,T18*0.05))+(IF(U18=2,1*0.05,U18*0.05))+(IF(V18=2,1*0.05,V18*0.05)))*W18 -> 0.15 | Y18: п. 54,56 - является бюджетным учреждением
A19: 12 | B19: ='Таблица 1'!B19 -> Администрация ЗАТО город Заозерск | C19: ='Таблица 1'!C19 -> Муниципальное казенное учреждение "Управление городским хозяйством" | D19: ='Таблица 1'!D19 -> 44113 | E19: 1 | F19: 1 | G19: 1 | H19: 1 | I19: 1 | J19: 1 | K19: 1 | L19: 1 | M19: 1 | N19: 1 | O19: 1 | P19: 2 | Q19: 2 | R19: 1 | S19: 1 | T19: 1 | U19: 1 | V19: 1 | W19: 0.15 | X19: =((IF(E19=2,1*0.15,E19*0.15))+(IF(F19=2,1*0.05,F19*0.05))+(IF(G19=2,1*0.05,G19*0.05))+(IF(H19=2,1*0.05,H19*0.05))+(IF(I19=2,1*0.05,I19*0.05))+(IF(J19=2,1*0.05,J19*0.05))+(IF(K19=2,1*0.05,K19*0.05))+(IF(L19=2,1*0.05,L19*0.05))+(IF(M19=2,1*0.05,M19*0.05))+(IF(N19=2,1*0.05,N19*0.05))+(IF(O19=2,1*0.05,O19*0.05))+(IF(P19=2,1*0.05,P19*0.05))+(IF(Q19=2,1*0.05,Q19*0.05))+(IF(R19=2,1*0.05,R19*0.05))+(IF(S19=2,1*0.05,S19*0.05))+(IF(T19=2,1*0.05,T19*0.05))+(IF(U19=2,1*0.05,U19*0.05))+(IF(V19=2,1*0.05,V19*0.05)))*W19 -> 0.15 | Y19: п. 54, 55 - является казенным учреждением
... A23: 16 | B23: ='Таблица 1'!B23 -> Администрация ЗАТО город Заозерск | C23: ='Таблица 1'!C23 -> Муниципальное казенное учреждение "Управление образования ЗАТО город Заозерск" | D23: ='Таблица 1'!D23 -> 44215 | E23: 1 | F23: 1 | G23: 1 | H23: 1 | I23: 1 | J23: 1 | K23: 1 | L23: 2 | M23: 2 | N23: 2 | O23: 2 | P23: 2 | Q23: 2 | R23: 1 | S23: 1 | T23: 1 | U23: 1 | V23: 1 | W23: 0.15 | X23: =((IF(E23=2,1*0.15,E23*0.15))+(IF(F23=2,1*0.05,F23*0.05))+(IF(G23=2,1*0.05,G23*0.05))+(IF(H23=2,1*0.05,H23*0.05))+(IF(I23=2,1*0.05,I23*0.05))+(IF(J23=2,1*0.05,J23*0.05))+(IF(K23=2,1*0.05,K23*0.05))+(IF(L23=2,1*0.05,L23*0.05))+(IF(M23=2,1*0.05,M23*0.05))+(IF(N23=2,1*0.05,N23*0.05))+(IF(O23=2,1*0.05,O23*0.05))+(IF(P23=2,1*0.05,P23*0.05))+(IF(Q23=2,1*0.05,Q23*0.05))+(IF(R23=2,1*0.05,R23*0.05))+(IF(S23=2,1*0.05,S23*0.05))+(IF(T23=2,1*0.05,T23*0.05))+(IF(U23=2,1*0.05,U23*0.05))+(IF(V23=2,1*0.05,V23*0.05)))*W23 -> 0.15 | Y23: п.50-54, 55 - является казенным учреждением, сведения отсутствуют
A24: 17 | B24: ='Таблица 1'!B24 -> 0 | C24: ='Таблица 1'!C24 -> 0 | W24: 0.15 | X24: =((IF(E24=2,1*0.15,E24*0.15))+(IF(F24=2,1*0.05,F24*0.05))+(IF(G24=2,1*0.05,G24*0.05))+(IF(H24=2,1*0.05,H24*0.05))+(IF(I24=2,1*0.05,I24*0.05))+(IF(J24=2,1*0.05,J24*0.05))+(IF(K24=2,1*0.05,K24*0.05))+(IF(L24=2,1*0.05,L24*0.05))+(IF(M24=2,1*0.05,M24*0.05))+(IF(N24=2,1*0.05,N24*0.05))+(IF(O24=2,1*0.05,O24*0.05))+(IF(P24=2,1*0.05,P24*0.05))+(IF(Q24=2,1*0.05,Q24*0.05))+(IF(R24=2,1*0.05,R24*0.05))+(IF(S24=2,1*0.05,S24*0.05))+(IF(T24=2,1*0.05,T24*0.05))+(IF(U24=2,1*0.05,U24*0.05))+(IF(V24=2,1*0.05,V24*0.05)))*W24 -> 0
A25: 18 | B25: ='Таблица 1'!B25 -> 0 | C25: ='Таблица 1'!C25 -> 0 | W25: 0.15 | X25: =((IF(E25=2,1*0.15,E25*0.15))+(IF(F25=2,1*0.05,F25*0.05))+(IF(G25=2,1*0.05,G25*0.05))+(IF(H25=2,1*0.05,H25*0.05))+(IF(I25=2,1*0.05,I25*0.05))+(IF(J25=2,1*0.05,J25*0.05))+(IF(K25=2,1*0.05,K25*0.05))+(IF(L25=2,1*0.05,L25*0.05))+(IF(M25=2,1*0.05,M25*0.05))+(IF(N25=2,1*0.05,N25*0.05))+(IF(O25=2,1*0.05,O25*0.05))+(IF(P25=2,1*0.05,P25*0.05))+(IF(Q25=2,1*0.05,Q25*0.05))+(IF(R25=2,1*0.05,R25*0.05))+(IF(S25=2,1*0.05,S25*0.05))+(IF(T25=2,1*0.05,T25*0.05))+(IF(U25=2,1*0.05,U25*0.05))+(IF(V25=2,1*0.05,V25*0.05)))*W25 -> 0
A26: 19 | B26: ='Таблица 1'!B26 -> 0 | C26: ='Таблица 1'!C26 -> 0 | W26: 0.15 | X26: =((IF(E26=2,1*0.15,E26*0.15))+(IF(F26=2,1*0.05,F26*0.05))+(IF(G26=2,1*0.05,G26*0.05))+(IF(H26=2,1*0.05,H26*0.05))+(IF(I26=2,1*0.05,I26*0.05))+(IF(J26=2,1*0.05,J26*0.05))+(IF(K26=2,1*0.05,K26*0.05))+(IF(L26=2,1*0.05,L26*0.05))+(IF(M26=2,1*0.05,M26*0.05))+(IF(N26=2,1*0.05,N26*0.05))+(IF(O26=2,1*0.05,O26*0.05))+(IF(P26=2,1*0.05,P26*0.05))+(IF(Q26=2,1*0.05,Q26*0.05))+(IF(R26=2,1*0.05,R26*0.05))+(IF(S26=2,1*0.05,S26*0.05))+(IF(T26=2,1*0.05,T26*0.05))+(IF(U26=2,1*0.05,U26*0.05))+(IF(V26=2,1*0.05,V26*0.05)))*W26 -> 0
A27: 20 | B27: ='Таблица 1'!B27 -> 0 | C27: ='Таблица 1'!C27 -> 0 | W27: 0.15 | X27: =((IF(E27=2,1*0.15,E27*0.15))+(IF(F27=2,1*0.05,F27*0.05))+(IF(G27=2,1*0.05,G27*0.05))+(IF(H27=2,1*0.05,H27*0.05))+(IF(I27=2,1*0.05,I27*0.05))+(IF(J27=2,1*0.05,J27*0.05))+(IF(K27=2,1*0.05,K27*0.05))+(IF(L27=2,1*0.05,L27*0.05))+(IF(M27=2,1*0.05,M27*0.05))+(IF(N27=2,1*0.05,N27*0.05))+(IF(O27=2,1*0.05,O27*0.05))+(IF(P27=2,1*0.05,P27*0.05))+(IF(Q27=2,1*0.05,Q27*0.05))+(IF(R27=2,1*0.05,R27*0.05))+(IF(S27=2,1*0.05,S27*0.05))+(IF(T27=2,1*0.05,T27*0.05))+(IF(U27=2,1*0.05,U27*0.05))+(IF(V27=2,1*0.05,V27*0.05)))*W27 -> 0
A28: 21 | B28: ='Таблица 1'!B28 -> 0 | C28: ='Таблица 1'!C28 -> 0 | W28: 0.15 | X28: =((IF(E28=2,1*0.15,E28*0.15))+(IF(F28=2,1*0.05,F28*0.05))+(IF(G28=2,1*0.05,G28*0.05))+(IF(H28=2,1*0.05,H28*0.05))+(IF(I28=2,1*0.05,I28*0.05))+(IF(J28=2,1*0.05,J28*0.05))+(IF(K28=2,1*0.05,K28*0.05))+(IF(L28=2,1*0.05,L28*0.05))+(IF(M28=2,1*0.05,M28*0.05))+(IF(N28=2,1*0.05,N28*0.05))+(IF(O28=2,1*0.05,O28*0.05))+(IF(P28=2,1*0.05,P28*0.05))+(IF(Q28=2,1*0.05,Q28*0.05))+(IF(R28=2,1*0.05,R28*0.05))+(IF(S28=2,1*0.05,S28*0.05))+(IF(T28=2,1*0.05,T28*0.05))+(IF(U28=2,1*0.05,U28*0.05))+(IF(V28=2,1*0.05,V28*0.05)))*W28 -> 0
A29: 22 | B29: ='Таблица 1'!B29 -> 0 | C29: ='Таблица 1'!C29 -> 0 | W29: 0.15 | X29: =((IF(E29=2,1*0.15,E29*0.15))+(IF(F29=2,1*0.05,F29*0.05))+(IF(G29=2,1*0.05,G29*0.05))+(IF(H29=2,1*0.05,H29*0.05))+(IF(I29=2,1*0.05,I29*0.05))+(IF(J29=2,1*0.05,J29*0.05))+(IF(K29=2,1*0.05,K29*0.05))+(IF(L29=2,1*0.05,L29*0.05))+(IF(M29=2,1*0.05,M29*0.05))+(IF(N29=2,1*0.05,N29*0.05))+(IF(O29=2,1*0.05,O29*0.05))+(IF(P29=2,1*0.05,P29*0.05))+(IF(Q29=2,1*0.05,Q29*0.05))+(IF(R29=2,1*0.05,R29*0.05))+(IF(S29=2,1*0.05,S29*0.05))+(IF(T29=2,1*0.05,T29*0.05))+(IF(U29=2,1*0.05,U29*0.05))+(IF(V29=2,1*0.05,V29*0.05)))*W29 -> 0
A30: 23 | B30: ='Таблица 1'!B30 -> 0 | C30: ='Таблица 1'!C30 -> 0 | W30: 0.15 | X30: =((IF(E30=2,1*0.15,E30*0.15))+(IF(F30=2,1*0.05,F30*0.05))+(IF(G30=2,1*0.05,G30*0.05))+(IF(H30=2,1*0.05,H30*0.05))+(IF(I30=2,1*0.05,I30*0.05))+(IF(J30=2,1*0.05,J30*0.05))+(IF(K30=2,1*0.05,K30*0.05))+(IF(L30=2,1*0.05,L30*0.05))+(IF(M30=2,1*0.05,M30*0.05))+(IF(N30=2,1*0.05,N30*0.05))+(IF(O30=2,1*0.05,O30*0.05))+(IF(P30=2,1*0.05,P30*0.05))+(IF(Q30=2,1*0.05,Q30*0.05))+(IF(R30=2,1*0.05,R30*0.05))+(IF(S30=2,1*0.05,S30*0.05))+(IF(T30=2,1*0.05,T30*0.05))+(IF(U30=2,1*0.05,U30*0.05))+(IF(V30=2,1*0.05,V30*0.05)))*W30 -> 0
A31: 24 | B31: ='Таблица 1'!B31 -> 0 | C31: ='Таблица 1'!C31 -> 0 | W31: 0.15 | X31: =((IF(E31=2,1*0.15,E31*0.15))+(IF(F31=2,1*0.05,F31*0.05))+(IF(G31=2,1*0.05,G31*0.05))+(IF(H31=2,1*0.05,H31*0.05))+(IF(I31=2,1*0.05,I31*0.05))+(IF(J31=2,1*0.05,J31*0.05))+(IF(K31=2,1*0.05,K31*0.05))+(IF(L31=2,1*0.05,L31*0.05))+(IF(M31=2,1*0.05,M31*0.05))+(IF(N31=2,1*0.05,N31*0.05))+(IF(O31=2,1*0.05,O31*0.05))+(IF(P31=2,1*0.05,P31*0.05))+(IF(Q31=2,1*0.05,Q31*0.05))+(IF(R31=2,1*0.05,R31*0.05))+(IF(S31=2,1*0.05,S31*0.05))+(IF(T31=2,1*0.05,T31*0.05))+(IF(U31=2,1*0.05,U31*0.05))+(IF(V31=2,1*0.05,V31*0.05)))*W31 -> 0
A32: 25 | B32: ='Таблица 1'!B32 -> 0 | C32: ='Таблица 1'!C32 -> 0 | W32: 0.15 | X32: =((IF(E32=2,1*0.15,E32*0.15))+(IF(F32=2,1*0.05,F32*0.05))+(IF(G32=2,1*0.05,G32*0.05))+(IF(H32=2,1*0.05,H32*0.05))+(IF(I32=2,1*0.05,I32*0.05))+(IF(J32=2,1*0.05,J32*0.05))+(IF(K32=2,1*0.05,K32*0.05))+(IF(L32=2,1*0.05,L32*0.05))+(IF(M32=2,1*0.05,M32*0.05))+(IF(N32=2,1*0.05,N32*0.05))+(IF(O32=2,1*0.05,O32*0.05))+(IF(P32=2,1*0.05,P32*0.05))+(IF(Q32=2,1*0.05,Q32*0.05))+(IF(R32=2,1*0.05,R32*0.05))+(IF(S32=2,1*0.05,S32*0.05))+(IF(T32=2,1*0.05,T32*0.05))+(IF(U32=2,1*0.05,U32*0.05))+(IF(V32=2,1*0.05,V32*0.05)))*W32 -> 0
A33: 26 | B33: ='Таблица 1'!B33 -> 0 | C33: ='Таблица 1'!C33 -> 0 | W33: 0.15 | X33: =((IF(E33=2,1*0.15,E33*0.15))+(IF(F33=2,1*0.05,F33*0.05))+(IF(G33=2,1*0.05,G33*0.05))+(IF(H33=2,1*0.05,H33*0.05))+(IF(I33=2,1*0.05,I33*0.05))+(IF(J33=2,1*0.05,J33*0.05))+(IF(K33=2,1*0.05,K33*0.05))+(IF(L33=2,1*0.05,L33*0.05))+(IF(M33=2,1*0.05,M33*0.05))+(IF(N33=2,1*0.05,N33*0.05))+(IF(O33=2,1*0.05,O33*0.05))+(IF(P33=2,1*0.05,P33*0.05))+(IF(Q33=2,1*0.05,Q33*0.05))+(IF(R33=2,1*0.05,R33*0.05))+(IF(S33=2,1*0.05,S33*0.05))+(IF(T33=2,1*0.05,T33*0.05))+(IF(U33=2,1*0.05,U33*0.05))+(IF(V33=2,1*0.05,V33*0.05)))*W33 -> 0
A34: 27 | B34: ='Таблица 1'!B34 -> 0 | C34: ='Таблица 1'!C34 -> 0 | W34: 0.15 | X34: =((IF(E34=2,1*0.15,E34*0.15))+(IF(F34=2,1*0.05,F34*0.05))+(IF(G34=2,1*0.05,G34*0.05))+(IF(H34=2,1*0.05,H34*0.05))+(IF(I34=2,1*0.05,I34*0.05))+(IF(J34=2,1*0.05,J34*0.05))+(IF(K34=2,1*0.05,K34*0.05))+(IF(L34=2,1*0.05,L34*0.05))+(IF(M34=2,1*0.05,M34*0.05))+(IF(N34=2,1*0.05,N34*0.05))+(IF(O34=2,1*0.05,O34*0.05))+(IF(P34=2,1*0.05,P34*0.05))+(IF(Q34=2,1*0.05,Q34*0.05))+(IF(R34=2,1*0.05,R34*0.05))+(IF(S34=2,1*0.05,S34*0.05))+(IF(T34=2,1*0.05,T34*0.05))+(IF(U34=2,1*0.05,U34*0.05))+(IF(V34=2,1*0.05,V34*0.05)))*W34 -> 0
A35: 28 | B35: ='Таблица 1'!B35 -> 0 | C35: ='Таблица 1'!C35 -> 0 | W35: 0.15 | X35: =((IF(E35=2,1*0.15,E35*0.15))+(IF(F35=2,1*0.05,F35*0.05))+(IF(G35=2,1*0.05,G35*0.05))+(IF(H35=2,1*0.05,H35*0.05))+(IF(I35=2,1*0.05,I35*0.05))+(IF(J35=2,1*0.05,J35*0.05))+(IF(K35=2,1*0.05,K35*0.05))+(IF(L35=2,1*0.05,L35*0.05))+(IF(M35=2,1*0.05,M35*0.05))+(IF(N35=2,1*0.05,N35*0.05))+(IF(O35=2,1*0.05,O35*0.05))+(IF(P35=2,1*0.05,P35*0.05))+(IF(Q35=2,1*0.05,Q35*0.05))+(IF(R35=2,1*0.05,R35*0.05))+(IF(S35=2,1*0.05,S35*0.05))+(IF(T35=2,1*0.05,T35*0.05))+(IF(U35=2,1*0.05,U35*0.05))+(IF(V35=2,1*0.05,V35*0.05)))*W35 -> 0
... A307: 300 | B307: ='Таблица 1'!B307 -> 0 | C307: ='Таблица 1'!C307 -> 0 | W307: 0.15 | X307: =((IF(E307=2,1*0.15,E307*0.15))+(IF(F307=2,1*0.05,F307*0.05))+(IF(G307=2,1*0.05,G307*0.05))+(IF(H307=2,1*0.05,H307*0.05))+(IF(I307=2,1*0.05,I307*0.05))+(IF(J307=2,1*0.05,J307*0.05))+(IF(K307=2,1*0.05,K307*0.05))+(IF(L307=2,1*0.05,L307*0.05))+(IF(M307=2,1*0.05,M307*0.05))+(IF(N307=2,1*0.05,N307*0.05))+(IF(O307=2,1*0.05,O307*0.05))+(IF(P307=2,1*0.05,P307*0.05))+(IF(Q307=2,1*0.05,Q307*0.05))+(IF(R307=2,1*0.05,R307*0.05))+(IF(S307=2,1*0.05,S307*0.05))+(IF(T307=2,1*0.05,T307*0.05))+(IF(U307=2,1*0.05,U307*0.05))+(IF(V307=2,1*0.05,V307*0.05)))*W307 -> 0

Sheet Таблица 5
L1: Таблица 5
A2: Оценка полноты размещения сведений о проведенных в отношении государственного (муниципального) учреждения контрольных мероприятиях и их результатах
A4: № п/п | B4: Наименование ИОГВ, муниципального образования | C4: Полное наименование учреждения, обособленного структурного подразделения учреждения (далее - учреждение) | D4: Дата последних изменений, внесенных учреждениями на сайт bus.gov.ru | E4: Показатели раздела VII структурированной информации "Сведения о проведенных в отношении государственного (муниципального) учреждения контрольных мероприятиях и их результатах" | J4: Максимальная величина показателя раздела VII - R max | K4: Фактическая величина показателя раздела VII - RV fact | L4: Комментарий (если значение показателя принимает условные значения: 0 или 2)
E5: 61. Наименование органа государственной власти (государственного органа), органа местного самоуправления, осуществляющего проведение контрольного мероприятия | F5: 62. План (тема) контрольного мероприятия | G5: 63. Период проведения контрольного мероприятия | H5: 64. Выявленные нарушения | I5: 65. Мероприятия, проведенные по результатам контрольного мероприятия
E6: вес - 0,2 | F6: вес - 0,2 | G6: вес - 0,2 | H6: вес - 0,2 | I6: вес - 0,2
A7: 1 | B7: 2 | C7: 3 | D7: 4 | E7: 5 | F7: 6 | G7: 7 | H7: 8 | I7: 9 | J7: 10 | K7: 11 | L7: 12
A8: 1 | B8: ='Таблица 1'!B8 -> Администрация ЗАТО город Заозерск | C8: ='Таблица 1'!C8 -> Муниципальное казенное учреждение "Многофункциональный центр предоставления государственных и муниципальных услуг ЗАТО город Заозерск" | D8: ='Таблица 1'!D8 -> 44215 | E8: 1 | F8: 1 | G8: 1 | H8: 1 | I8: 1 | J8: 0.05 | K8: =((IF(E8=2,1*0.2,E8*0.2))+(IF(F8=2,1*0.2,F8*0.2))+(IF(G8=2,1*0.2,G8*0.2))+(IF(H8=2,1*0.2,H8*0.2))+(IF(I8=2,1*0.2,I8*0.2)))*J8 -> 0.05
A9: 2 | B9: ='Таблица 1'!B9 -> Администрация ЗАТО город Заозерск | C9: ='Таблица 1'!C9 -> Муниципальное казенное учреждение "Центр по ГО и ЧС ЗАТО город Зоазерск" | D9: ='Таблица 1'!D9 -> 44215 | E9: 1 | F9: 1 | G9: 1 | H9: 1 | I9: 1 | J9: 0.05 | K9: =((IF(E9=2,1*0.2,E9*0.2))+(IF(F9=2,1*0.2,F9*0.2))+(IF(G9=2,1*0.2,G9*0.2))+(IF(H9=2,1*0.2,H9*0.2))+(IF(I9=2,1*0.2,I9*0.2)))*J9 -> 0.05
A10: 3 | B10: ='Таблица 1'!B10 -> Администрация ЗАТО город Заозерск | C10: ='Таблица 1'!C10 -> Муниципальное общеобразовательное учреждение "Средняя общеобразовательная школа № 289 с углубленным изучением отдельных предметов" | D10: ='Таблица 1'!D10 -> 43934 | E10: 1 | F10: 1 | G10: 1 | H10: 1 | I10: 1 | J10: 0.05 | K10: =((IF(E10=2,1*0.2,E10*0.2))+(IF(F10=2,1*0.2,F10*0.2))+(IF(G10=2,1*0.2,G10*0.2))+(IF(H10=2,1*0.2,H10*0.2))+(IF(I10=2,1*0.2,I10*0.2)))*J10 -> 0.05
A11: 4 | B11: ='Таблица 1'!B11 -> Администрация ЗАТО город Заозерск | C11: ='Таблица 1'!C11 -> Муниципальное учреждение "Заозерский комитет по телерадиовещанию и печати" | D11: ='Таблица 1'!D11 -> 44215 | E11: 1 | F11: 1 | G11: 1 | H11: 1 | I11: 1 | J11: 0.05 | K11: =((IF(E11=2,1*0.2,E11*0.2))+(IF(F11=2,1*0.2,F11*0.2))+(IF(G11=2,1*0.2,G11*0.2))+(IF(H11=2,1*0.2,H11*0.2))+(IF(I11=2,1*0.2,I11*0.2)))*J11 -> 0.05
A12: 5 | B12: ='Таблица 1'!B12 -> Администрация ЗАТО город Заозерск | C12: ='Таблица 1'!C12 -> Муниципальное учреждения дополнительного образования детей Детская музыкальная школа г. Заозерск | D12: ='Таблица 1'!D12 -> 44209 | E12: 1 | F12: 1 | G12: 1 | H12: 1 | I12: 1 | J12: 0.05 | K12: =((IF(E12=2,1*0.2,E12*0.2))+(IF(F12=2,1*0.2,F12*0.2))+(IF(G12=2,1*0.2,G12*0.2))+(IF(H12=2,1*0.2,H12*0.2))+(IF(I12=2,1*0.2,I12*0.2)))*J12 -> 0.05
A13: 6 | B13: ='Таблица 1'!B13 -> Администрация ЗАТО город Заозерск | C13: ='Таблица 1'!C13 -> Муниципальное общеобразовательное учреждение "Основная общеобразовательная школа №288 с углубленным изучением отдельных предметов имени Героя Советского Союза Л.Г. Осипенко" | D13: ='Таблица 1'!D13 -> 44148 | E13: 1 | F13: 1 | G13: 1 | H13: 1 | I13: 1 | J13: 0.05 | K13: =((IF(E13=2,1*0.2,E13*0.2))+(IF(F13=2,1*0.2,F13*0.2))+(IF(G13=2,1*0.2,G13*0.2))+(IF(H13=2,1*0.2,H13*0.2))+(IF(I13=2,1*0.2,I13*0.2)))*J13 -> 0.05
A14: 7 | B14: ='Таблица 1'!B14 -> Администрация ЗАТО город Заозерск | C14: ='Таблица 1'!C14 -> Муниципальное учреждение культуры ЗАТО город Заозерск "Центр культуры и библиотечного обслуживания" | D14: ='Таблица 1'!D14 -> 44167 | E14: 2 | F14: 2 | G14: 2 | H14: 2 | I14: 2 | J14: 0.05 | K14: =((IF(E14=2,1*0.2,E14*0.2))+(IF(F14=2,1*0.2,F14*0.2))+(IF(G14=2,1*0.2,G14*0.2))+(IF(H14=2,1*0.2,H14*0.2))+(IF(I14=2,1*0.2,I14*0.2)))*J14 -> 0.05 | L14: п61-65 проверки не проводились
A15: 8 | B15: ='Таблица 1'!B15 -> Администрация ЗАТО город Заозерск | C15: ='Таблица 1'!C15 -> Муниципальное бюджетное образовательное учреждение дополнительного образования детей "Детско-юношеская спортивная школа" | D15: ='Таблица 1'!D15 -> 44215 | E15: 1 | F15: 1 | G15: 1 | H15: 1 | I15: 1 | J15: 0.05 | K15: =((IF(E15=2,1*0.2,E15*0.2))+(IF(F15=2,1*0.2,F15*0.2))+(IF(G15=2,1*0.2,G15*0.2))+(IF(H15=2,1*0.2,H15*0.2))+(IF(I15=2,1*0.2,I15*0.2)))*J15 -> 0.05
A16: 9 | B16: ='Таблица 1'!B16 -> Администрация ЗАТО город Заозерск | C16: ='Таблица 1'!C16 -> Муниципальное дошкольное образовательное учреждение детский сад комбинированного вида № 2 "Радуга" | D16: ='Таблица 1'!D16 -> 44214 | E16: 1 | F16: 1 | G16: 1 | H16: 1 | I16: 1 | J16: 0.05 | K16: =((IF(E16=2,1*0.2,E16*0.2))+(IF(F16=2,1*0.2,F16*0.2))+(IF(G16=2,1*0.2,G16*0.2))+(IF(H16=2,1*0.2,H16*0.2))+(IF(I16=2,1*0.2,I16*0.2)))*J16 -> 0.05
A17: 10 | B17: ='Таблица 1'!B17 -> Администрация ЗАТО город Заозерск | C17: ='Таблица 1'!C17 -> Муниципальное казенное учреждение "Центр ресурсного и бухгалтерского обслуживания" | D17: ='Таблица 1'!D17 -> 43935 | E17: 2 | F17: 2 | G17: 2 | H17: 2 | I17: 2 | J17: 0.05 | K17: =((IF(E17=2,1*0.2,E17*0.2))+(IF(F17=2,1*0.2,F17*0.2))+(IF(G17=2,1*0.2,G17*0.2))+(IF(H17=2,1*0.2,H17*0.2))+(IF(I17=2,1*0.2,I17*0.2)))*J17 -> 0.05 | L17: п61-65 проверки не проводились
A18: 11 | B18: ='Таблица 1'!B18 -> Администрация ЗАТО город Заозерск | C18: ='Таблица 1'!C18 -> Муниципальное дошкольное образовательное учреждение детский сад комбинированного вида № 4 "Сказка" | D18: ='Таблица 1'!D18 -> 44209 | E18: 1 | F18: 1 | G18: 1 | H18: 1 | I18: 1 | J18: 0.05 | K18: =((IF(E18=2,1*0.2,E18*0.2))+(IF(F18=2,1*0.2,F18*0.2))+(IF(G18=2,1*0.2,G18*0.2))+(IF(H18=2,1*0.2,H18*0.2))+(IF(I18=2,1*0.2,I18*0.2)))*J18 -> 0.05
A19: 12 | B19: ='Таблица 1'!B19 -> Администрация ЗАТО город Заозерск | C19: ='Таблица 1'!C19 -> Муниципальное казенное учреждение "Управление городским хозяйством" | D19: ='Таблица 1'!D19 -> 44113 | E19: 2 | F19: 2 | G19: 2 | H19: 2 | I19: 2 | J19: 0.05 | K19: =((IF(E19=2,1*0.2,E19*0.2))+(IF(F19=2,1*0.2,F19*0.2))+(IF(G19=2,1*0.2,G19*0.2))+(IF(H19=2,1*0.2,H19*0.2))+(IF(I19=2,1*0.2,I19*0.2)))*J19 -> 0.05 | L19: п61-65 проверки не проводились
A20: 13 | B20: ='Таблица 1'!B20 -> Администрация ЗАТО город Заозерск | C20: ='Таблица 1'!C20 -> Муниципальное образовательное учреждение дополнительного образования "Центр дополнительного образования детей" | D20: ='Таблица 1'!D20 -> 44211 | E20: 1 | F20: 1 | G20: 1 | H20: 1 | I20: 1 | J20: 0.05 | K20: =((IF(E20=2,1*0.2,E20*0.2))+(IF(F20=2,1*0.2,F20*0.2))+(IF(G20=2,1*0.2,G20*0.2))+(IF(H20=2,1*0.2,H20*0.2))+(IF(I20=2,1*0.2,I20*0.2)))*J20 -> 0.05
A21: 14 | B21: ='Таблица 1'!B21 -> Администрация ЗАТО город Заозерск | C21: ='Таблица 1'!C21 -> Муниципальное казенное учреждение "Служба заказчика" | D21: ='Таблица 1'!D21 -> 44113 | E21: 1 | F21: 1 | G21: 1 | H21: 1 | I21: 1 | J21: 0.05 | K21: =((IF(E21=2,1*0.2,E21*0.2))+(IF(F21=2,1*0.2,F21*0.2))+(IF(G21=2,1*0.2,G21*0.2))+(IF(H21=2,1*0.2,H21*0.2))+(IF(I21=2,1*0.2,I21*0.2)))*J21 -> 0.05
A22: 15 | B22: ='Таблица 1'!B22 -> Администрация ЗАТО город Заозерск | C22: ='Таблица 1'!C22 -> Муниципальное казенное учреждение "Центр обеспечения функционирования органов местного самоуправления и муниципальных учреждений ЗАТО город Заозерск" | D22: ='Таблица 1'!D22 -> 44208 | E22: 1 | F22: 1 | G22: 1 | H22: 1 | I22: 1 | J22: 0.05 | K22: =((IF(E22=2,1*0.2,E22*0.2))+(IF(F22=2,1*0.2,F22*0.2))+(IF(G22=2,1*0.2,G22*0.2))+(IF(H22=2,1*0.2,H22*0.2))+(IF(I22=2,1*0.2,I22*0.2)))*J22 -> 0.05
A23: 16 | B23: ='Таблица 1'!B23 -> Администрация ЗАТО город Заозерск | C23: ='Таблица 1'!C23 -> Муниципальное казенное учреждение "Управление образования ЗАТО город Заозерск" | D23: ='Таблица 1'!D23 -> 44215 | E23: 2 | F23: 2 | G23: 2 | H23: 2 | I23: 2 | J23: 0.05 | K23: =((IF(E23=2,1*0.2,E23*0.2))+(IF(F23=2,1*0.2,F23*0.2))+(IF(G23=2,1*0.2,G23*0.2))+(IF(H23=2,1*0.2,H23*0.2))+(IF(I23=2,1*0.2,I23*0.2)))*J23 -> 0.05 | L23: п61-65 проверки не проводились
A24: 17 | B24: ='Таблица 1'!B24 -> 0 | C24: ='Таблица 1'!C24 -> 0 | J24: 0.05 | K24: =((IF(E24=2,1*0.2,E24*0.2))+(IF(F24=2,1*0.2,F24*0.2))+(IF(G24=2,1*0.2,G24*0.2))+(IF(H24=2,1*0.2,H24*0.2))+(IF(I24=2,1*0.2,I24*0.2)))*J24 -> 0
A25: 18 | B25: ='Таблица 1'!B25 -> 0 | C25: ='Таблица 1'!C25 -> 0 | J25: 0.05 | K25: =((IF(E25=2,1*0.2,E25*0.2))+(IF(F25=2,1*0.2,F25*0.2))+(IF(G25=2,1*0.2,G25*0.2))+(IF(H25=2,1*0.2,H25*0.2))+(IF(I25=2,1*0.2,I25*0.2)))*J25 -> 0
A26: 19 | B26: ='Таблица 1'!B26 -> 0 | C26: ='Таблица 1'!C26 -> 0 | J26: 0.05 | K26: =((IF(E26=2,1*0.2,E26*0.2))+(IF(F26=2,1*0.2,F26*0.2))+(IF(G26=2,1*0.2,G26*0.2))+(IF(H26=2,1*0.2,H26*0.2))+(IF(I26=2,1*0.2,I26*0.2)))*J26 -> 0
A27: 20 | B27: ='Таблица 1'!B27 -> 0 | C27: ='Таблица 1'!C27 -> 0 | J27: 0.05 | K27: =((IF(E27=2,1*0.2,E27*0.2))+(IF(F27=2,1*0.2,F27*0.2))+(IF(G27=2,1*0.2,G27*0.2))+(IF(H27=2,1*0.2,H27*0.2))+(IF(I27=2,1*0.2,I27*0.2)))*J27 -> 0
A28: 21 | B28: ='Таблица 1'!B28 -> 0 | C28: ='Таблица 1'!C28 -> 0 | J28: 0.05 | K28: =((IF(E28=2,1*0.2,E28*0.2))+(IF(F28=2,1*0.2,F28*0.2))+(IF(G28=2,1*0.2,G28*0.2))+(IF(H28=2,1*0.2,H28*0.2))+(IF(I28=2,1*0.2,I28*0.2)))*J28 -> 0
A29: 22 | B29: ='Таблица 1'!B29 -> 0 | C29: ='Таблица 1'!C29 -> 0 | J29: 0.05 | K29: =((IF(E29=2,1*0.2,E29*0.2))+(IF(F29=2,1*0.2,F29*0.2))+(IF(G29=2,1*0.2,G29*0.2))+(IF(H29=2,1*0.2,H29*0.2))+(IF(I29=2,1*0.2,I29*0.2)))*J29 -> 0
A30: 23 | B30: ='Таблица 1'!B30 -> 0 | C30: ='Таблица 1'!C30 -> 0 | J30: 0.05 | K30: =((IF(E30=2,1*0.2,E30*0.2))+(IF(F30=2,1*0.2,F30*0.2))+(IF(G30=2,1*0.2,G30*0.2))+(IF(H30=2,1*0.2,H30*0.2))+(IF(I30=2,1*0.2,I30*0.2)))*J30 -> 0
A31: 24 | B31: ='Таблица 1'!B31 -> 0 | C31: ='Таблица 1'!C31 -> 0 | J31: 0.05 | K31: =((IF(E31=2,1*0.2,E31*0.2))+(IF(F31=2,1*0.2,F31*0.2))+(IF(G31=2,1*0.2,G31*0.2))+(IF(H31=2,1*0.2,H31*0.2))+(IF(I31=2,1*0.2,I31*0.2)))*J31 -> 0
A32: 25 | B32: ='Таблица 1'!B32 -> 0 | C32: ='Таблица 1'!C32 -> 0 | J32: 0.05 | K32: =((IF(E32=2,1*0.2,E32*0.2))+(IF(F32=2,1*0.2,F32*0.2))+(IF(G32=2,1*0.2,G32*0.2))+(IF(H32=2,1*0.2,H32*0.2))+(IF(I32=2,1*0.2,I32*0.2)))*J32 -> 0
A33: 26 | B33: ='Таблица 1'!B33 -> 0 | C33: ='Таблица 1'!C33 -> 0 | J33: 0.05 | K33: =((IF(E33=2,1*0.2,E33*0.2))+(IF(F33=2,1*0.2,F33*0.2))+(IF(G33=2,1*0.2,G33*0.2))+(IF(H33=2,1*0.2,H33*0.2))+(IF(I33=2,1*0.2,I33*0.2)))*J33 -> 0
A34: 27 | B34: ='Таблица 1'!B34 -> 0 | C34: ='Таблица 1'!C34 -> 0 | J34: 0.05 | K34: =((IF(E34=2,1*0.2,E34*0.2))+(IF(F34=2,1*0.2,F34*0.2))+(IF(G34=2,1*0.2,G34*0.2))+(IF(H34=2,1*0.2,H34*0.2))+(IF(I34=2,1*0.2,I34*0.2)))*J34 -> 0
A35: 28 | B35: ='Таблица 1'!B35 -> 0 | C35: ='Таблица 1'!C35 -> 0 | J35: 0.05 | K35: =((IF(E35=2,1*0.2,E35*0.2))+(IF(F35=2,1*0.2,F35*0.2))+(IF(G35=2,1*0.2,G35*0.2))+(IF(H35=2,1*0.2,H35*0.2))+(IF(I35=2,1*0.2,I35*0.2)))*J35 -> 0
... A307: 300 | B307: ='Таблица 1'!B307 -> 0 | C307: ='Таблица 1'!C307 -> 0 | J307: 0.05 | K307: =((IF(E307=2,1*0.2,E307*0.2))+(IF(F307=2,1*0.2,F307*0.2))+(IF(G307=2,1*0.2,G307*0.2))+(IF(H307=2,1*0.2,H307*0.2))+(IF(I307=2,1*0.2,I307*0.2)))*J307 -> 0

Sheet Таблица 6
I1: Таблица 6
A2: Оценка полноты размещения информации о годовой бухгалтерской отчетности учреждения, сформированной в соответствии с требованиями к форматам предоставления годовой бухгалтерской отчетности в структурированном виде, установленными Федеральным казначейством
A4: № п/п | B4: Наименование ИОГВ, муниципального образования | C4: Полное наименование учреждения, обособленного структурного подразделения учреждения (далее - учреждение) | D4: Дата последних изменений, внесенных учреждениями на сайт bus.gov.ru | E4: Показатели раздела VIII структурированной информации "Информация о годовой бухгалтерской отчетности учреждения, сформированной в соответствии с требованиями к форматам предоставления годовой бухгалтерской отчетности в структурированном виде, установленными Федеральным казначейством" | G4: Максимальная величина показателя раздела VIII - R max | H4: Фактическая величина показателя раздела VIII - RVI fact | I4: Комментарий (если значение показателя принимает условные значения: 0 или 2)
E5: 66. Сведения о показателях годовой бухгалтерской отчетности бюджетного (автономного) учреждения | F5: 67. Сведения о годовой бюджетной отчетности казенных учреждений и бюджетных учреждений, по которым не принято решений о предоставлении им субсидий
E6: вес - 0,5 | F6: вес - 0,5
A7: 1 | B7: 2 | C7: 3 | D7: 4 | E7: 5 | F7: 6 | G7: 7 | H7: 8 | I7: 9
A8: 1 | B8: ='Таблица 1'!B8 -> Администрация ЗАТО город Заозерск | C8: ='Таблица 1'!C8 -> Муниципальное казенное учреждение "Многофункциональный центр предоставления государственных и муниципальных услуг ЗАТО город Заозерск" | D8: ='Таблица 1'!D8 -> 44215 | E8: 2 | F8: 1 | G8: 0.1 | H8: =((IF(E8=2,1*0.5,E8*0.5))+(IF(F8=2,1*0.5,F8*0.5)))*G8 -> 0.1 | I8: п. 66 - является казенным учреждением
A9: 2 | B9: ='Таблица 1'!B9 -> Администрация ЗАТО город Заозерск | C9: ='Таблица 1'!C9 -> Муниципальное казенное учреждение "Центр по ГО и ЧС ЗАТО город Зоазерск" | D9: ='Таблица 1'!D9 -> 44215 | E9: 2 | F9: 1 | G9: 0.1 | H9: =((IF(E9=2,1*0.5,E9*0.5))+(IF(F9=2,1*0.5,F9*0.5)))*G9 -> 0.1 | I9: п. 66 - является казенным учреждением
A10: 3 | B10: ='Таблица 1'!B10 -> Администрация ЗАТО город Заозерск | C10: ='Таблица 1'!C10 -> Муниципальное общеобразовательное учреждение "Средняя общеобразовательная школа № 289 с углубленным изучением отдельных предметов" | D10: ='Таблица 1'!D10 -> 43934 | E10: 1 | F10: 2 | G10: 0.1 | H10: =((IF(E10=2,1*0.5,E10*0.5))+(IF(F10=2,1*0.5,F10*0.5)))*G10 -> 0.1 | I10: п. 67 - является бюджетным учреждением, выделяется субсидия на выполнение муниципального задания
A11: 4 | B11: ='Таблица 1'!B11 -> Администрация ЗАТО город Заозерск | C11: ='Таблица 1'!C11 -> Муниципальное учреждение "Заозерский комитет по телерадиовещанию и печати" | D11: ='Таблица 1'!D11 -> 44215 | E11: 1 | F11: 2 | G11: 0.1 | H11: =((IF(E11=2,1*0.5,E11*0.5))+(IF(F11=2,1*0.5,F11*0.5)))*G11 -> 0.1 | I11: п. 67 - является бюджетным учреждением, выделяется субсидия на выполнение муниципального задания
A12: 5 | B12: ='Таблица 1'!B12 -> Администрация ЗАТО город Заозерск | C12: ='Таблица 1'!C12 -> Муниципальное учреждения дополнительного образования детей Детская музыкальная школа г. Заозерск | D12: ='Таблица 1'!D12 -> 44209 | E12: 1 | F12: 2 | G12: 0.1 | H12: =((IF(E12=2,1*0.5,E12*0.5))+(IF(F12=2,1*0.5,F12*0.5)))*G12 -> 0.1 | I12: п. 67 - является бюджетным учреждением, выделяется субсидия на выполнение муниципального задания
A13: 6 | B13: ='Таблица 1'!B13 -> Администрация ЗАТО город Заозерск | C13: ='Таблица 1'!C13 -> Муниципальное общеобразовательное учреждение "Основная общеобразовательная школа №288 с углубленным изучением отдельных предметов имени Героя Советского Союза Л.Г. Осипенко" | D13: ='Таблица 1'!D13 -> 44148 | E13: 1 | F13: 2 | G13: 0.1 | H13: =((IF(E13=2,1*0.5,E13*0.5))+(IF(F13=2,1*0.5,F13*0.5)))*G13 -> 0.1 | I13: п. 67 - является бюджетным учреждением, выделяется субсидия на выполнение муниципального задания
A14: 7 | B14: ='Таблица 1'!B14 -> Администрация ЗАТО город Заозерск | C14: ='Таблица 1'!C14 -> Муниципальное учреждение культуры ЗАТО город Заозерск "Центр культуры и библиотечного обслуживания" | D14: ='Таблица 1'!D14 -> 44167 | E14: 1 | F14: 2 | G14: 0.1 | H14: =((IF(E14=2,1*0.5,E14*0.5))+(IF(F14=2,1*0.5,F14*0.5)))*G14 -> 0.1 | I14: п. 67 - является бюджетным учреждением, выделяется субсидия на выполнение муниципального задания
A15: 8 | B15: ='Таблица 1'!B15 -> Администрация ЗАТО город Заозерск | C15: ='Таблица 1'!C15 -> Муниципальное бюджетное образовательное учреждение дополнительного образования детей "Детско-юношеская спортивная школа" | D15: ='Таблица 1'!D15 -> 44215 | E15: 1 | F15: 2 | G15: 0.1 | H15: =((IF(E15=2,1*0.5,E15*0.5))+(IF(F15=2,1*0.5,F15*0.5)))*G15 -> 0.1 | I15: п. 67 - является бюджетным учреждением, выделяется субсидия на выполнение муниципального задания
A16: 9 | B16: ='Таблица 1'!B16 -> Администрация ЗАТО город Заозерск | C16: ='Таблица 1'!C16 -> Муниципальное дошкольное образовательное учреждение детский сад комбинированного вида № 2 "Радуга" | D16: ='Таблица 1'!D16 -> 44214 | E16: 1 | F16: 2 | G16: 0.1 | H16: =((IF(E16=2,1*0.5,E16*0.5))+(IF(F16=2,1*0.5,F16*0.5)))*G16 -> 0.1 | I16: п. 67 - является бюджетным учреждением, выделяется субсидия на выполнение муниципального задания
A17: 10 | B17: ='Таблица 1'!B17 -> Администрация ЗАТО город Заозерск | C17: ='Таблица 1'!C17 -> Муниципальное казенное учреждение "Центр ресурсного и бухгалтерского обслуживания" | D17: ='Таблица 1'!D17 -> 43935 | E17: 2 | F17: 1 | G17: 0.1 | H17: =((IF(E17=2,1*0.5,E17*0.5))+(IF(F17=2,1*0.5,F17*0.5)))*G17 -> 0.1 | I17: п. 66 - является казенным учреждением
A18: 11 | B18: ='Таблица 1'!B18 -> Администрация ЗАТО город Заозерск | C18: ='Таблица 1'!C18 -> Муниципальное дошкольное образовательное учреждение детский сад комбинированного вида № 4 "Сказка" | D18: ='Таблица 1'!D18 -> 44209 | E18: 1 | F18: 2 | G18: 0.1 | H18: =((IF(E18=2,1*0.5,E18*0.5))+(IF(F18=2,1*0.5,F18*0.5)))*G18 -> 0.1 | I18: п. 67 - является бюджетным учреждением, выделяется субсидия на выполнение муниципального задания
A19: 12 | B19: ='Таблица 1'!B19 -> Администрация ЗАТО город Заозерск | C19: ='Таблица 1'!C19 -> Муниципальное казенное учреждение "Управление городским хозяйством" | D19: ='Таблица 1'!D19 -> 44113 | E19: 2 | F19: 1 | G19: 0.1 | H19: =((IF(E19=2,1*0.5,E19*0.5))+(IF(F19=2,1*0.5,F19*0.5)))*G19 -> 0.1 | I19: п. 66 - является казенным учреждением
... A23: 16 | B23: ='Таблица 1'!B23 -> Администрация ЗАТО город Заозерск | C23: ='Таблица 1'!C23 -> Муниципальное казенное учреждение "Управление образования ЗАТО город Заозерск" | D23: ='Таблица 1'!D23 -> 44215 | E23: 2 | F23: 1 | G23: 0.1 | H23: =((IF(E23=2,1*0.5,E23*0.5))+(IF(F23=2,1*0.5,F23*0.5)))*G23 -> 0.1 | I23: п. 66 - является казенным учреждением
A24: 17 | B24: ='Таблица 1'!B24 -> 0 | C24: ='Таблица 1'!C24 -> 0 | G24: 0.1 | H24: =((IF(E24=2,1*0.5,E24*0.5))+(IF(F24=2,1*0.5,F24*0.5)))*G24 -> 0
A25: 18 | B25: ='Таблица 1'!B25 -> 0 | C25: ='Таблица 1'!C25 -> 0 | G25: 0.1 | H25: =((IF(E25=2,1*0.5,E25*0.5))+(IF(F25=2,1*0.5,F25*0.5)))*G25 -> 0
A26: 19 | B26: ='Таблица 1'!B26 -> 0 | C26: ='Таблица 1'!C26 -> 0 | G26: 0.1 | H26: =((IF(E26=2,1*0.5,E26*0.5))+(IF(F26=2,1*0.5,F26*0.5)))*G26 -> 0
A27: 20 | B27: ='Таблица 1'!B27 -> 0 | C27: ='Таблица 1'!C27 -> 0 | G27: 0.1 | H27: =((IF(E27=2,1*0.5,E27*0.5))+(IF(F27=2,1*0.5,F27*0.5)))*G27 -> 0
A28: 21 | B28: ='Таблица 1'!B28 -> 0 | C28: ='Таблица 1'!C28 -> 0 | G28: 0.1 | H28: =((IF(E28=2,1*0.5,E28*0.5))+(IF(F28=2,1*0.5,F28*0.5)))*G28 -> 0
A29: 22 | B29: ='Таблица 1'!B29 -> 0 | C29: ='Таблица 1'!C29 -> 0 | G29: 0.1 | H29: =((IF(E29=2,1*0.5,E29*0.5))+(IF(F29=2,1*0.5,F29*0.5)))*G29 -> 0
A30: 23 | B30: ='Таблица 1'!B30 -> 0 | C30: ='Таблица 1'!C30 -> 0 | G30: 0.1 | H30: =((IF(E30=2,1*0.5,E30*0.5))+(IF(F30=2,1*0.5,F30*0.5)))*G30 -> 0
A31: 24 | B31: ='Таблица 1'!B31 -> 0 | C31: ='Таблица 1'!C31 -> 0 | G31: 0.1 | H31: =((IF(E31=2,1*0.5,E31*0.5))+(IF(F31=2,1*0.5,F31*0.5)))*G31 -> 0
A32: 25 | B32: ='Таблица 1'!B32 -> 0 | C32: ='Таблица 1'!C32 -> 0 | G32: 0.1 | H32: =((IF(E32=2,1*0.5,E32*0.5))+(IF(F32=2,1*0.5,F32*0.5)))*G32 -> 0
A33: 26 | B33: ='Таблица 1'!B33 -> 0 | C33: ='Таблица 1'!C33 -> 0 | G33: 0.1 | H33: =((IF(E33=2,1*0.5,E33*0.5))+(IF(F33=2,1*0.5,F33*0.5)))*G33 -> 0
A34: 27 | B34: ='Таблица 1'!B34 -> 0 | C34: ='Таблица 1'!C34 -> 0 | G34: 0.1 | H34: =((IF(E34=2,1*0.5,E34*0.5))+(IF(F34=2,1*0.5,F34*0.5)))*G34 -> 0
A35: 28 | B35: ='Таблица 1'!B35 -> 0 | C35: ='Таблица 1'!C35 -> 0 | G35: 0.1 | H35: =((IF(E35=2,1*0.5,E35*0.5))+(IF(F35=2,1*0.5,F35*0.5)))*G35 -> 0
... A307: 300 | B307: ='Таблица 1'!B307 -> 0 | C307: ='Таблица 1'!C307 -> 0 | G307: 0.1 | H307: =((IF(E307=2,1*0.5,E307*0.5))+(IF(F307=2,1*0.5,F307*0.5)))*G307 -> 0

Sheet Таблица 7
K1: Таблица 7
A2: Оценка полноты размещения иной информации об учреждении
A4: № п/п | B4: Наименование ИОГВ, муниципального образования | C4: Полное наименование учреждения, обособленного структурного подразделения учреждения (далее - учреждение) | D4: Дата последних изменений, внесенных учреждениями на сайт bus.gov.ru | E4: Показатели раздела IX структурированной информации "Иная информация об учреждении" | I4: Максимальная величина показателя раздела IX - R max | J4: Фактическая величина показателя раздела IV - RVII fact | K4: Комментарий (если значение показателя принимает условные значения: 0 или 2)
E5: 68. Сведения об организациях, в которых открыты лицевые счета учреждения | F5: 69. Сведения о лицензируемых видах деятельности (при наличии) | G5: 70. Сведения об аккредитации учреждения (при наличии) | H5: 71. Сведения о реквизитах учреждения для оплаты оказываемых услуг
E6: вес - 0,25 | F6: вес - 0,25 | G6: вес - 0,25 | H6: вес - 0,25
A7: 1 | B7: 2 | C7: 3 | D7: 4 | E7: 5 | F7: 6 | G7: 7 | H7: 8 | I7: 9 | J7: 10 | K7: 11
A8: 1 | B8: ='Таблица 1'!B8 -> Администрация ЗАТО город Заозерск | C8: ='Таблица 1'!C8 -> Муниципальное казенное учреждение "Многофункциональный центр предоставления государственных и муниципальных услуг ЗАТО город Заозерск" | D8: ='Таблица 1'!D8 -> 44215 | E8: 1 | F8: 2 | G8: 2 | H8: 1 | I8: 0.05 | J8: =((IF(E8=2,1*0.25,E8*0.25))+(IF(F8=2,1*0.25,F8*0.25))+(IF(G8=2,1*0.25,G8*0.25))+(IF(H8=2,1*0.25,H8*0.25)))*I8 -> 0.05 | K8: п. 69, 70 не предусмотрены
A9: 2 | B9: ='Таблица 1'!B9 -> Администрация ЗАТО город Заозерск | C9: ='Таблица 1'!C9 -> Муниципальное казенное учреждение "Центр по ГО и ЧС ЗАТО город Зоазерск" | D9: ='Таблица 1'!D9 -> 44215 | E9: 1 | F9: 2 | G9: 2 | H9: 1 | I9: 0.05 | J9: =((IF(E9=2,1*0.25,E9*0.25))+(IF(F9=2,1*0.25,F9*0.25))+(IF(G9=2,1*0.25,G9*0.25))+(IF(H9=2,1*0.25,H9*0.25)))*I9 -> 0.05 | K9: п. 69. 70 - лицензированию и аккредитации учреждение не подлежит
A10: 3 | B10: ='Таблица 1'!B10 -> Администрация ЗАТО город Заозерск | C10: ='Таблица 1'!C10 -> Муниципальное общеобразовательное учреждение "Средняя общеобразовательная школа № 289 с углубленным изучением отдельных предметов" | D10: ='Таблица 1'!D10 -> 43934 | E10: 1 | F10: 1 | G10: 1 | H10: 1 | I10: 0.05 | J10: =((IF(E10=2,1*0.25,E10*0.25))+(IF(F10=2,1*0.25,F10*0.25))+(IF(G10=2,1*0.25,G10*0.25))+(IF(H10=2,1*0.25,H10*0.25)))*I10 -> 0.05
A11: 4 | B11: ='Таблица 1'!B11 -> Администрация ЗАТО город Заозерск | C11: ='Таблица 1'!C11 -> Муниципальное учреждение "Заозерский комитет по телерадиовещанию и печати" | D11: ='Таблица 1'!D11 -> 44215 | E11: 1 | F11: 1 | G11: 2 | H11: 1 | I11: 0.05 | J11: =((IF(E11=2,1*0.25,E11*0.25))+(IF(F11=2,1*0.25,F11*0.25))+(IF(G11=2,1*0.25,G11*0.25))+(IF(H11=2,1*0.25,H11*0.25)))*I11 -> 0.05 | K11: п. 70- аккредитация учреждением получается при необходимости
A12: 5 | B12: ='Таблица 1'!B12 -> Администрация ЗАТО город Заозерск | C12: ='Таблица 1'!C12 -> Муниципальное учреждения дополнительного образования детей Детская музыкальная школа г. Заозерск | D12: ='Таблица 1'!D12 -> 44209 | E12: 1 | F12: 1 | G12: 2 | H12: 1 | I12: 0.05 | J12: =((IF(E12=2,1*0.25,E12*0.25))+(IF(F12=2,1*0.25,F12*0.25))+(IF(G12=2,1*0.25,G12*0.25))+(IF(H12=2,1*0.25,H12*0.25)))*I12 -> 0.05 | K12: п.70 - аккредитации учреждение не подлежит
A13: 6 | B13: ='Таблица 1'!B13 -> Администрация ЗАТО город Заозерск | C13: ='Таблица 1'!C13 -> Муниципальное общеобразовательное учреждение "Основная общеобразовательная школа №288 с углубленным изучением отдельных предметов имени Героя Советского Союза Л.Г. Осипенко" | D13: ='Таблица 1'!D13 -> 44148 | E13: 1 | F13: 1 | G13: 1 | H13: 1 | I13: 0.05 | J13: =((IF(E13=2,1*0.25,E13*0.25))+(IF(F13=2,1*0.25,F13*0.25))+(IF(G13=2,1*0.25,G13*0.25))+(IF(H13=2,1*0.25,H13*0.25)))*I13 -> 0.05
A14: 7 | B14: ='Таблица 1'!B14 -> Администрация ЗАТО город Заозерск | C14: ='Таблица 1'!C14 -> Муниципальное учреждение культуры ЗАТО город Заозерск "Центр культуры и библиотечного обслуживания" | D14: ='Таблица 1'!D14 -> 44167 | E14: 1 | F14: 1 | G14: 2 | H14: 1 | I14: 0.05 | J14: =((IF(E14=2,1*0.25,E14*0.25))+(IF(F14=2,1*0.25,F14*0.25))+(IF(G14=2,1*0.25,G14*0.25))+(IF(H14=2,1*0.25,H14*0.25)))*I14 -> 0.05 | K14: п.70 - аккредитации учреждение не подлежит
A15: 8 | B15: ='Таблица 1'!B15 -> Администрация ЗАТО город Заозерск | C15: ='Таблица 1'!C15 -> Муниципальное бюджетное образовательное учреждение дополнительного образования детей "Детско-юношеская спортивная школа" | D15: ='Таблица 1'!D15 -> 44215 | E15: 1 | F15: 1 | G15: 2 | H15: 1 | I15: 0.05 | J15: =((IF(E15=2,1*0.25,E15*0.25))+(IF(F15=2,1*0.25,F15*0.25))+(IF(G15=2,1*0.25,G15*0.25))+(IF(H15=2,1*0.25,H15*0.25)))*I15 -> 0.05 | K15: п.71 - платные услуги не оказывались
A16: 9 | B16: ='Таблица 1'!B16 -> Администрация ЗАТО город Заозерск | C16: ='Таблица 1'!C16 -> Муниципальное дошкольное образовательное учреждение детский сад комбинированного вида № 2 "Радуга" | D16: ='Таблица 1'!D16 -> 44214 | E16: 1 | F16: 1 | G16: 2 | H16: 1 | I16: 0.05 | J16: =((IF(E16=2,1*0.25,E16*0.25))+(IF(F16=2,1*0.25,F16*0.25))+(IF(G16=2,1*0.25,G16*0.25))+(IF(H16=2,1*0.25,H16*0.25)))*I16 -> 0.05 | K16: п. 70- аккредитации учреждение не подлежит
A17: 10 | B17: ='Таблица 1'!B17 -> Администрация ЗАТО город Заозерск | C17: ='Таблица 1'!C17 -> Муниципальное казенное учреждение "Центр ресурсного и бухгалтерского обслуживания" | D17: ='Таблица 1'!D17 -> 43935 | E17: 1 | F17: 2 | G17: 2 | H17: 2 | I17: 0.05 | J17: =((IF(E17=2,1*0.25,E17*0.25))+(IF(F17=2,1*0.25,F17*0.25))+(IF(G17=2,1*0.25,G17*0.25))+(IF(H17=2,1*0.25,H17*0.25)))*I17 -> 0.05 | K17: п. 69. 70 - лицензированию и аккредитации учреждение не подлежит, п. 71 платных услуг не оказывает
A18: 11 | B18: ='Таблица 1'!B18 -> Администрация ЗАТО город Заозерск | C18: ='Таблица 1'!C18 -> Муниципальное дошкольное образовательное учреждение детский сад комбинированного вида № 4 "Сказка" | D18: 43962 | E18: 1 | F18: 1 | G18: 2 | H18: 1 | I18: 0.05 | J18: =((IF(E18=2,1*0.25,E18*0.25))+(IF(F18=2,1*0.25,F18*0.25))+(IF(G18=2,1*0.25,G18*0.25))+(IF(H18=2,1*0.25,H18*0.25)))*I18 -> 0.05 | K18: п. 70- аккредитации учреждение не подлежит
A19: 12 | B19: ='Таблица 1'!B19 -> Администрация ЗАТО город Заозерск | C19: ='Таблица 1'!C19 -> Муниципальное казенное учреждение "Управление городским хозяйством" | D19: ='Таблица 1'!D19 -> 44113 | E19: 2 | F19: 2 | G19: 2 | H19: 2 | I19: 0.05 | J19: =((IF(E19=2,1*0.25,E19*0.25))+(IF(F19=2,1*0.25,F19*0.25))+(IF(G19=2,1*0.25,G19*0.25))+(IF(H19=2,1*0.25,H19*0.25)))*I19 -> 0.05 | K19: п. 68-71 не предусмотрены
A20: 13 | B20: ='Таблица 1'!B20 -> Администрация ЗАТО город Заозерск | C20: ='Таблица 1'!C20 -> Муниципальное образовательное учреждение дополнительного образования "Центр дополнительного образования детей" | D20: ='Таблица 1'!D20 -> 44211 | E20: 1 | F20: 1 | G20: 2 | H20: 1 | I20: 0.05 | J20: =((IF(E20=2,1*0.25,E20*0.25))+(IF(F20=2,1*0.25,F20*0.25))+(IF(G20=2,1*0.25,G20*0.25))+(IF(H20=2,1*0.25,H20*0.25)))*I20 -> 0.05 | K20: п.70 - аккредитации учреждение не подлежит
A21: 14 | B21: ='Таблица 1'!B21 -> Администрация ЗАТО город Заозерск | C21: ='Таблица 1'!C21 -> Муниципальное казенное учреждение "Служба заказчика" | D21: ='Таблица 1'!D21 -> 44113 | E21: 1 | F21: 2 | G21: 2 | H21: 1 | I21: 0.05 | J21: =((IF(E21=2,1*0.25,E21*0.25))+(IF(F21=2,1*0.25,F21*0.25))+(IF(G21=2,1*0.25,G21*0.25))+(IF(H21=2,1*0.25,H21*0.25)))*I21 -> 0.05 | K21: п. 69. 70 - лицензированию и аккредитации учреждение не подлежит
A22: 15 | B22: ='Таблица 1'!B22 -> Администрация ЗАТО город Заозерск | C22: ='Таблица 1'!C22 -> Муниципальное казенное учреждение "Центр обеспечения функционирования органов местного самоуправления и муниципальных учреждений ЗАТО город Заозерск" | D22: ='Таблица 1'!D22 -> 44208 | E22: 2 | F22: 2 | G22: 2 | H22: 2 | I22: 0.05 | J22: =((IF(E22=2,1*0.25,E22*0.25))+(IF(F22=2,1*0.25,F22*0.25))+(IF(G22=2,1*0.25,G22*0.25))+(IF(H22=2,1*0.25,H22*0.25)))*I22 -> 0.05 | K22: =K8 -> п. 69, 70 не предусмотрены
A23: 16 | B23: ='Таблица 1'!B23 -> Администрация ЗАТО город Заозерск | C23: ='Таблица 1'!C23 -> Муниципальное казенное учреждение "Управление образования ЗАТО город Заозерск" | D23: ='Таблица 1'!D23 -> 44215 | E23: 2 | F23: 2 | G23: 2 | H23: 2 | I23: 0.05 | J23: =((IF(E23=2,1*0.25,E23*0.25))+(IF(F23=2,1*0.25,F23*0.25))+(IF(G23=2,1*0.25,G23*0.25))+(IF(H23=2,1*0.25,H23*0.25)))*I23 -> 0.05 | K23: п. 68-71 не предусмотрены
A24: 17 | B24: ='Таблица 1'!B24 -> 0 | C24: ='Таблица 1'!C24 -> 0 | I24: 0.05 | J24: =((IF(E24=2,1*0.25,E24*0.25))+(IF(F24=2,1*0.25,F24*0.25))+(IF(G24=2,1*0.25,G24*0.25))+(IF(H24=2,1*0.25,H24*0.25)))*I24 -> 0
A25: 18 | B25: ='Таблица 1'!B25 -> 0 | C25: ='Таблица 1'!C25 -> 0 | I25: 0.05 | J25: =((IF(E25=2,1*0.25,E25*0.25))+(IF(F25=2,1*0.25,F25*0.25))+(IF(G25=2,1*0.25,G25*0.25))+(IF(H25=2,1*0.25,H25*0.25)))*I25 -> 0
A26: 19 | B26: ='Таблица 1'!B26 -> 0 | C26: ='Таблица 1'!C26 -> 0 | I26: 0.05 | J26: =((IF(E26=2,1*0.25,E26*0.25))+(IF(F26=2,1*0.25,F26*0.25))+(IF(G26=2,1*0.25,G26*0.25))+(IF(H26=2,1*0.25,H26*0.25)))*I26 -> 0
A27: 20 | B27: ='Таблица 1'!B27 -> 0 | C27: ='Таблица 1'!C27 -> 0 | I27: 0.05 | J27: =((IF(E27=2,1*0.25,E27*0.25))+(IF(F27=2,1*0.25,F27*0.25))+(IF(G27=2,1*0.25,G27*0.25))+(IF(H27=2,1*0.25,H27*0.25)))*I27 -> 0
A28: 21 | B28: ='Таблица 1'!B28 -> 0 | C28: ='Таблица 1'!C28 -> 0 | I28: 0.05 | J28: =((IF(E28=2,1*0.25,E28*0.25))+(IF(F28=2,1*0.25,F28*0.25))+(IF(G28=2,1*0.25,G28*0.25))+(IF(H28=2,1*0.25,H28*0.25)))*I28 -> 0
A29: 22 | B29: ='Таблица 1'!B29 -> 0 | C29: ='Таблица 1'!C29 -> 0 | I29: 0.05 | J29: =((IF(E29=2,1*0.25,E29*0.25))+(IF(F29=2,1*0.25,F29*0.25))+(IF(G29=2,1*0.25,G29*0.25))+(IF(H29=2,1*0.25,H29*0.25)))*I29 -> 0
A30: 23 | B30: ='Таблица 1'!B30 -> 0 | C30: ='Таблица 1'!C30 -> 0 | I30: 0.05 | J30: =((IF(E30=2,1*0.25,E30*0.25))+(IF(F30=2,1*0.25,F30*0.25))+(IF(G30=2,1*0.25,G30*0.25))+(IF(H30=2,1*0.25,H30*0.25)))*I30 -> 0
A31: 24 | B31: ='Таблица 1'!B31 -> 0 | C31: ='Таблица 1'!C31 -> 0 | I31: 0.05 | J31: =((IF(E31=2,1*0.25,E31*0.25))+(IF(F31=2,1*0.25,F31*0.25))+(IF(G31=2,1*0.25,G31*0.25))+(IF(H31=2,1*0.25,H31*0.25)))*I31 -> 0
A32: 25 | B32: ='Таблица 1'!B32 -> 0 | C32: ='Таблица 1'!C32 -> 0 | I32: 0.05 | J32: =((IF(E32=2,1*0.25,E32*0.25))+(IF(F32=2,1*0.25,F32*0.25))+(IF(G32=2,1*0.25,G32*0.25))+(IF(H32=2,1*0.25,H32*0.25)))*I32 -> 0
A33: 26 | B33: ='Таблица 1'!B33 -> 0 | C33: ='Таблица 1'!C33 -> 0 | I33: 0.05 | J33: =((IF(E33=2,1*0.25,E33*0.25))+(IF(F33=2,1*0.25,F33*0.25))+(IF(G33=2,1*0.25,G33*0.25))+(IF(H33=2,1*0.25,H33*0.25)))*I33 -> 0
A34: 27 | B34: ='Таблица 1'!B34 -> 0 | C34: ='Таблица 1'!C34 -> 0 | I34: 0.05 | J34: =((IF(E34=2,1*0.25,E34*0.25))+(IF(F34=2,1*0.25,F34*0.25))+(IF(G34=2,1*0.25,G34*0.25))+(IF(H34=2,1*0.25,H34*0.25)))*I34 -> 0
A35: 28 | B35: ='Таблица 1'!B35 -> 0 | C35: ='Таблица 1'!C35 -> 0 | I35: 0.05 | J35: =((IF(E35=2,1*0.25,E35*0.25))+(IF(F35=2,1*0.25,F35*0.25))+(IF(G35=2,1*0.25,G35*0.25))+(IF(H35=2,1*0.25,H35*0.25)))*I35 -> 0
... A307: 300 | B307: ='Таблица 1'!B307 -> 0 | C307: ='Таблица 1'!C307 -> 0 | I307: 0.05 | J307: =((IF(E307=2,1*0.25,E307*0.25))+(IF(F307=2,1*0.25,F307*0.25))+(IF(G307=2,1*0.25,G307*0.25))+(IF(H307=2,1*0.25,H307*0.25)))*I307 -> 0
